Workbook

Sheet Página Inicial
A6: Caro usuário, | C6: Nome Esposa | E6: e | F6: Nome Esposo
A8: Essa planilha foi feita para ajudar no Controle Financeiro do Casal.
A9: Ficaremos gratos pela sua ajuda com sugestões e comentários
A10: através do Instragram @tomadeconta_
A12: Para um melhor controle e planejamento, a planilha está divida por meses e as despesas
A13: em grupos, visualizando assim o percentual desse custo em relação à despesa total.
A14: Observe também, a planilha com o comparativo entre todos os meses do Ano.
A15: Clique abaixo no mês que quiser alimentar e cuide bem do seu Controle.
B18: Janeiro | D18: Fevereiro | F18: Março | H18: Abril
B20: Maio | D20: Junho | F20: Julho | H20: Agosto
B22: Setembro | D22: Outubro | F22: Novembro | H22: Dezembro
B24: Comparativo Jan. a Dez. | F24: Orçado x Realizado Anual
F26: Gráficos Comparativos

Sheet Jan
B2: Controle - Janeiro 2026 Receitas x Despesas | D2: Orçamento | G2: Realizado | K2: Diferença | M2: Observações
B4: Discriminação dos itens | D4: Casal | E4: Total | G4: ='Página Inicial'!C6 -> Nome Esposa | H4: ='Página Inicial'!F6 -> Nome Esposo | I4: Total | K4: Casal | M4: Obs. Individual
B5: Receitas 1 | K5: =IF(D5=0,"",(D5-G5-H5)) | M5: =IF((G5+H5)=0,"",IF(D5=0,"",IF((G5+H5)<(D5*80%),"Abaixo do Orçado",IF(D5=(G5+H5),"Igual ao Orçado",IF(D5>(G5+H5),"Próximo ao Orçado","Passou do Orçado")))))
B6: Receitas 2 | K6: =IF(D6=0,"",(D6-G6-H6)) | M6: =IF((G6+H6)=0,"",IF(D6=0,"",IF((G6+H6)<(D6*80%),"Abaixo do Orçado",IF(D6=(G6+H6),"Igual ao Orçado",IF(D6>(G6+H6),"Próximo ao Orçado","Passou do Orçado")))))
B7: Receitas 3 | K7: =IF(D7=0,"",(D7-G7-H7)) | M7: =IF((G7+H7)=0,"",IF(D7=0,"",IF((G7+H7)<(D7*80%),"Abaixo do Orçado",IF(D7=(G7+H7),"Igual ao Orçado",IF(D7>(G7+H7),"Próximo ao Orçado","Passou do Orçado")))))
K8: =IF(D8=0,"",(D8-G8-H8)) | M8: =IF((G8+H8)=0,"",IF(D8=0,"",IF((G8+H8)<(D8*80%),"Abaixo do Orçado",IF(D8=(G8+H8),"Igual ao Orçado",IF(D8>(G8+H8),"Próximo ao Orçado","Passou do Orçado")))))
K9: =IF(D9=0,"",(D9-G9-H9)) | M9: =IF((G9+H9)=0,"",IF(D9=0,"",IF((G9+H9)<(D9*80%),"Abaixo do Orçado",IF(D9=(G9+H9),"Igual ao Orçado",IF(D9>(G9+H9),"Próximo ao Orçado","Passou do Orçado")))))
B10: ( - ) Impostos retidos / pagos | K10: =IF(D10=0,"",(D10-G10-H10)) | M10: =IF((G10+H10)=0,"",IF(D10=0,"",IF((G10+H10)<(D10*80%),"Abaixo do Orçado",IF(D10=(G10+H10),"Igual ao Orçado",IF(D10>(G10+H10),"Próximo ao Orçado","Passou do Orçado")))))
B11: Total Salários: | D11: =D5+D6+D7+D8+D9-D10 -> 0 | G11: =G5+G6+G7+G8+G9-G10 -> 0 | H11: =H5+H6+H7+H8+H9-H10 -> 0 | I11: =G11+H11 -> 0 | K11: =IF(D11=0,"",D11-I11)
B12: Despesas por Grupo
B13: 1) Habitação | D13: R$ | E13: Percentual despesa total | G13: =IF(I28=0,"",IF(D28=0,"Preencher coluna Orçamento para melhor funcionamento da Planilha.",IF(I28<(D28*80%),"Sinal Verde - Abaixo do Orçado",IF(D28=I28,"Sinal Amarelo - Igual ao Orçado",IF(D28>I28,"Sinal Amarelo - Próximo ao Orçado","Sinal Vermelho - Passou do Orçado"))))) | I13: Percentual despesa total | K13: R$ | M13: Obs. Individual
B14: Água e Esgoto | E14: =IF(D28=0,"",D28/D130) | I14: =IF(I28=0,"",I28/I130) | K14: =IF(D14=0,"",(D14-G14-H14)) | M14: =IF((G14+H14)=0,"",IF(D14=0,"",IF((G14+H14)<(D14*80%),"Abaixo do Orçado",IF(D14=(G14+H14),"Igual ao Orçado",IF(D14>(G14+H14),"Próximo ao Orçado","Passou do Orçado")))))
B15: Condomínio | K15: =IF(D15=0,"",(D15-G15-H15)) | M15: =IF((G15+H15)=0,"",IF(D15=0,"",IF((G15+H15)<(D15*80%),"Abaixo do Orçado",IF(D15=(G15+H15),"Igual ao Orçado",IF(D15>(G15+H15),"Próximo ao Orçado","Passou do Orçado")))))
B16: Diarista / Empregada | K16: =IF(D16=0,"",(D16-G16-H16)) | M16: =IF((G16+H16)=0,"",IF(D16=0,"",IF((G16+H16)<(D16*80%),"Abaixo do Orçado",IF(D16=(G16+H16),"Igual ao Orçado",IF(D16>(G16+H16),"Próximo ao Orçado","Passou do Orçado")))))
B17: Energia Elétrica | K17: =IF(D17=0,"",(D17-G17-H17)) | M17: =IF((G17+H17)=0,"",IF(D17=0,"",IF((G17+H17)<(D17*80%),"Abaixo do Orçado",IF(D17=(G17+H17),"Igual ao Orçado",IF(D17>(G17+H17),"Próximo ao Orçado","Passou do Orçado")))))
B18: IPTU / Outras taxas | K18: =IF(D18=0,"",(D18-G18-H18)) | M18: =IF((G18+H18)=0,"",IF(D18=0,"",IF((G18+H18)<(D18*80%),"Abaixo do Orçado",IF(D18=(G18+H18),"Igual ao Orçado",IF(D18>(G18+H18),"Próximo ao Orçado","Passou do Orçado")))))
B19: Lavagem de Roupas | K19: =IF(D19=0,"",(D19-G19-H19)) | M19: =IF((G19+H19)=0,"",IF(D19=0,"",IF((G19+H19)<(D19*80%),"Abaixo do Orçado",IF(D19=(G19+H19),"Igual ao Orçado",IF(D19>(G19+H19),"Próximo ao Orçado","Passou do Orçado")))))
B20: Manutenção Geral | K20: =IF(D20=0,"",(D20-G20-H20)) | M20: =IF((G20+H20)=0,"",IF(D20=0,"",IF((G20+H20)<(D20*80%),"Abaixo do Orçado",IF(D20=(G20+H20),"Igual ao Orçado",IF(D20>(G20+H20),"Próximo ao Orçado","Passou do Orçado")))))
B21: Prestação Apartamento / Aluguel | K21: =IF(D21=0,"",(D21-G21-H21)) | M21: =IF((G21+H21)=0,"",IF(D21=0,"",IF((G21+H21)<(D21*80%),"Abaixo do Orçado",IF(D21=(G21+H21),"Igual ao Orçado",IF(D21>(G21+H21),"Próximo ao Orçado","Passou do Orçado")))))
B22: Telefone Fixo / Internet | K22: =IF(D22=0,"",(D22-G22-H22)) | M22: =IF((G22+H22)=0,"",IF(D22=0,"",IF((G22+H22)<(D22*80%),"Abaixo do Orçado",IF(D22=(G22+H22),"Igual ao Orçado",IF(D22>(G22+H22),"Próximo ao Orçado","Passou do Orçado")))))
B23: Outros 1 - | K23: =IF(D23=0,"",(D23-G23-H23)) | M23: =IF((G23+H23)=0,"",IF(D23=0,"",IF((G23+H23)<(D23*80%),"Abaixo do Orçado",IF(D23=(G23+H23),"Igual ao Orçado",IF(D23>(G23+H23),"Próximo ao Orçado","Passou do Orçado")))))
B24: Outros 2 - | K24: =IF(D24=0,"",(D24-G24-H24)) | M24: =IF((G24+H24)=0,"",IF(D24=0,"",IF((G24+H24)<(D24*80%),"Abaixo do Orçado",IF(D24=(G24+H24),"Igual ao Orçado",IF(D24>(G24+H24),"Próximo ao Orçado","Passou do Orçado")))))
K25: =IF(D25=0,"",(D25-G25-H25)) | M25: =IF((G25+H25)=0,"",IF(D25=0,"",IF((G25+H25)<(D25*80%),"Abaixo do Orçado",IF(D25=(G25+H25),"Igual ao Orçado",IF(D25>(G25+H25),"Próximo ao Orçado","Passou do Orçado")))))
K26: =IF(D26=0,"",(D26-G26-H26)) | M26: =IF((G26+H26)=0,"",IF(D26=0,"",IF((G26+H26)<(D26*80%),"Abaixo do Orçado",IF(D26=(G26+H26),"Igual ao Orçado",IF(D26>(G26+H26),"Próximo ao Orçado","Passou do Orçado")))))
K27: =IF(D27=0,"",(D27-G27-H27)) | M27: =IF((G27+H27)=0,"",IF(D27=0,"",IF((G27+H27)<(D27*80%),"Abaixo do Orçado",IF(D27=(G27+H27),"Igual ao Orçado",IF(D27>(G27+H27),"Próximo ao Orçado","Passou do Orçado")))))
B28: Total Grupo 1: | D28: =SUM(D14:D27) -> 0 | G28: =SUM(G14:G27) -> 0 | H28: =SUM(H14:H27) -> 0 | I28: =G28+H28 -> 0 | K28: =IF(D28=0,"",D28-I28)
B30: 2) Alimentação | D30: R$ | E30: Percentual despesa total | G30: =IF(I39=0,"",IF(D39=0,"Preencher coluna Orçamento para melhor funcionamento da Planilha.",IF(I39<(D39*80%),"Sinal Verde - Abaixo do Orçado",IF(D39=I39,"Sinal Amarelo - Igual ao Orçado",IF(D39>I39,"Sinal Amarelo - Próximo ao Orçado","Sinal Vermelho - Passou do Orçado"))))) | I30: Percentual despesa total | K30: R$ | M30: Obs. Individual
B31: Refeições diárias (Almoço / Jantar, Etc) | E31: =IF(D39=0,"",D39/D130) | I31: =IF(I39=0,"",I39/I130) | K31: =IF(D31=0,"",(D31-G31-H31)) | M31: =IF((G31+H31)=0,"",IF(D31=0,"",IF((G31+H31)<(D31*80%),"Abaixo do Orçado",IF(D31=(G31+H31),"Igual ao Orçado",IF(D31>(G31+H31),"Próximo ao Orçado","Passou do Orçado")))))
B32: Supermercado - Mensal | K32: =IF(D32=0,"",(D32-G32-H32)) | M32: =IF((G32+H32)=0,"",IF(D32=0,"",IF((G32+H32)<(D32*80%),"Abaixo do Orçado",IF(D32=(G32+H32),"Igual ao Orçado",IF(D32>(G32+H32),"Próximo ao Orçado","Passou do Orçado")))))
B33: Supermercado / Padaria - Dia a dia | K33: =IF(D33=0,"",(D33-G33-H33)) | M33: =IF((G33+H33)=0,"",IF(D33=0,"",IF((G33+H33)<(D33*80%),"Abaixo do Orçado",IF(D33=(G33+H33),"Igual ao Orçado",IF(D33>(G33+H33),"Próximo ao Orçado","Passou do Orçado")))))
B34: Outros 1 - | K34: =IF(D34=0,"",(D34-G34-H34)) | M34: =IF((G34+H34)=0,"",IF(D34=0,"",IF((G34+H34)<(D34*80%),"Abaixo do Orçado",IF(D34=(G34+H34),"Igual ao Orçado",IF(D34>(G34+H34),"Próximo ao Orçado","Passou do Orçado")))))
B35: Outros 2 - | K35: =IF(D35=0,"",(D35-G35-H35)) | M35: =IF((G35+H35)=0,"",IF(D35=0,"",IF((G35+H35)<(D35*80%),"Abaixo do Orçado",IF(D35=(G35+H35),"Igual ao Orçado",IF(D35>(G35+H35),"Próximo ao Orçado","Passou do Orçado")))))
K36: =IF(D36=0,"",(D36-G36-H36)) | M36: =IF((G36+H36)=0,"",IF(D36=0,"",IF((G36+H36)<(D36*80%),"Abaixo do Orçado",IF(D36=(G36+H36),"Igual ao Orçado",IF(D36>(G36+H36),"Próximo ao Orçado","Passou do Orçado")))))
K37: =IF(D37=0,"",(D37-G37-H37)) | M37: =IF((G37+H37)=0,"",IF(D37=0,"",IF((G37+H37)<(D37*80%),"Abaixo do Orçado",IF(D37=(G37+H37),"Igual ao Orçado",IF(D37>(G37+H37),"Próximo ao Orçado","Passou do Orçado")))))
K38: =IF(D38=0,"",(D38-G38-H38)) | M38: =IF((G38+H38)=0,"",IF(D38=0,"",IF((G38+H38)<(D38*80%),"Abaixo do Orçado",IF(D38=(G38+H38),"Igual ao Orçado",IF(D38>(G38+H38),"Próximo ao Orçado","Passou do Orçado")))))
B39: Total Grupo 2: | D39: =SUM(D31:D38) -> 0 | G39: =SUM(G31:G38) -> 0 | H39: =SUM(H31:H38) -> 0 | I39: =G39+H39 -> 0 | K39: =IF(D39=0,"",D39-I39)
B41: 3) Saúde | D41: R$ | E41: Percentual despesa total | G41: =IF(I50=0,"",IF(D50=0,"Preencher coluna Orçamento para melhor funcionamento da Planilha.",IF(I50<(D50*80%),"Sinal Verde - Abaixo do Orçado",IF(D50=I50,"Sinal Amarelo - Igual ao Orçado",IF(D50>I50,"Sinal Amarelo - Próximo ao Orçado","Sinal Vermelho - Passou do Orçado"))))) | I41: Percentual despesa total | K41: R$ | M41: Obs. Individual
B42: Dentista | E42: =IF(D50=0,"",D50/D130) | I42: =IF(I50=0,"",I50/I130) | K42: =IF(D42=0,"",(D42-G42-H42)) | M42: =IF((G42+H42)=0,"",IF(D42=0,"",IF((G42+H42)<(D42*80%),"Abaixo do Orçado",IF(D42=(G42+H42),"Igual ao Orçado",IF(D42>(G42+H42),"Próximo ao Orçado","Passou do Orçado")))))
B43: Farmácia - Medicamentos | K43: =IF(D43=0,"",(D43-G43-H43)) | M43: =IF((G43+H43)=0,"",IF(D43=0,"",IF((G43+H43)<(D43*80%),"Abaixo do Orçado",IF(D43=(G43+H43),"Igual ao Orçado",IF(D43>(G43+H43),"Próximo ao Orçado","Passou do Orçado")))))
B44: Plano de Saúde | K44: =IF(D44=0,"",(D44-G44-H44)) | M44: =IF((G44+H44)=0,"",IF(D44=0,"",IF((G44+H44)<(D44*80%),"Abaixo do Orçado",IF(D44=(G44+H44),"Igual ao Orçado",IF(D44>(G44+H44),"Próximo ao Orçado","Passou do Orçado")))))
B45: Outros 1 - | K45: =IF(D45=0,"",(D45-G45-H45)) | M45: =IF((G45+H45)=0,"",IF(D45=0,"",IF((G45+H45)<(D45*80%),"Abaixo do Orçado",IF(D45=(G45+H45),"Igual ao Orçado",IF(D45>(G45+H45),"Próximo ao Orçado","Passou do Orçado")))))
B46: Outros 2 - | K46: =IF(D46=0,"",(D46-G46-H46)) | M46: =IF((G46+H46)=0,"",IF(D46=0,"",IF((G46+H46)<(D46*80%),"Abaixo do Orçado",IF(D46=(G46+H46),"Igual ao Orçado",IF(D46>(G46+H46),"Próximo ao Orçado","Passou do Orçado")))))
K47: =IF(D47=0,"",(D47-G47-H47)) | M47: =IF((G47+H47)=0,"",IF(D47=0,"",IF((G47+H47)<(D47*80%),"Abaixo do Orçado",IF(D47=(G47+H47),"Igual ao Orçado",IF(D47>(G47+H47),"Próximo ao Orçado","Passou do Orçado")))))
K48: =IF(D48=0,"",(D48-G48-H48)) | M48: =IF((G48+H48)=0,"",IF(D48=0,"",IF((G48+H48)<(D48*80%),"Abaixo do Orçado",IF(D48=(G48+H48),"Igual ao Orçado",IF(D48>(G48+H48),"Próximo ao Orçado","Passou do Orçado")))))
K49: =IF(D49=0,"",(D49-G49-H49)) | M49: =IF((G49+H49)=0,"",IF(D49=0,"",IF((G49+H49)<(D49*80%),"Abaixo do Orçado",IF(D49=(G49+H49),"Igual ao Orçado",IF(D49>(G49+H49),"Próximo ao Orçado","Passou do Orçado")))))
B50: Total Grupo 3: | D50: =SUM(D42:D49) -> 0 | G50: =SUM(G42:G49) -> 0 | H50: =SUM(H42:H49) -> 0 | I50: =G50+H50 -> 0 | K50: =IF(D50=0,"",D50-I50)
B52: 4) Educação | D52: R$ | E52: Percentual despesa total | G52: =IF(I62=0,"",IF(D62=0,"Preencher coluna Orçamento para melhor funcionamento da Planilha.",IF(I62<(D62*80%),"Sinal Verde - Abaixo do Orçado",IF(D62=I62,"Sinal Amarelo - Igual ao Orçado",IF(D62>I62,"Sinal Amarelo - Próximo ao Orçado","Sinal Vermelho - Passou do Orçado"))))) | I52: Percentual despesa total | K52: R$ | M52: Obs. Individual
B53: Colégio / Creche | E53: =IF(D62=0,"",D62/D130) | I53: =IF(I62=0,"",I62/I130) | K53: =IF(D53=0,"",(D53-G53-H53)) | M53: =IF((G53+H53)=0,"",IF(D53=0,"",IF((G53+H53)<(D53*80%),"Abaixo do Orçado",IF(D53=(G53+H53),"Igual ao Orçado",IF(D53>(G53+H53),"Próximo ao Orçado","Passou do Orçado")))))
B54: Cursos / Treinamentos | K54: =IF(D54=0,"",(D54-G54-H54)) | M54: =IF((G54+H54)=0,"",IF(D54=0,"",IF((G54+H54)<(D54*80%),"Abaixo do Orçado",IF(D54=(G54+H54),"Igual ao Orçado",IF(D54>(G54+H54),"Próximo ao Orçado","Passou do Orçado")))))
B55: Faculdade | K55: =IF(D55=0,"",(D55-G55-H55)) | M55: =IF((G55+H55)=0,"",IF(D55=0,"",IF((G55+H55)<(D55*80%),"Abaixo do Orçado",IF(D55=(G55+H55),"Igual ao Orçado",IF(D55>(G55+H55),"Próximo ao Orçado","Passou do Orçado")))))
B56: Pós-graduação | K56: =IF(D56=0,"",(D56-G56-H56)) | M56: =IF((G56+H56)=0,"",IF(D56=0,"",IF((G56+H56)<(D56*80%),"Abaixo do Orçado",IF(D56=(G56+H56),"Igual ao Orçado",IF(D56>(G56+H56),"Próximo ao Orçado","Passou do Orçado")))))
B57: Outros 1 - | K57: =IF(D57=0,"",(D57-G57-H57)) | M57: =IF((G57+H57)=0,"",IF(D57=0,"",IF((G57+H57)<(D57*80%),"Abaixo do Orçado",IF(D57=(G57+H57),"Igual ao Orçado",IF(D57>(G57+H57),"Próximo ao Orçado","Passou do Orçado")))))
B58: Outros 2 - | K58: =IF(D58=0,"",(D58-G58-H58)) | M58: =IF((G58+H58)=0,"",IF(D58=0,"",IF((G58+H58)<(D58*80%),"Abaixo do Orçado",IF(D58=(G58+H58),"Igual ao Orçado",IF(D58>(G58+H58),"Próximo ao Orçado","Passou do Orçado")))))
K59: =IF(D59=0,"",(D59-G59-H59)) | M59: =IF((G59+H59)=0,"",IF(D59=0,"",IF((G59+H59)<(D59*80%),"Abaixo do Orçado",IF(D59=(G59+H59),"Igual ao Orçado",IF(D59>(G59+H59),"Próximo ao Orçado","Passou do Orçado")))))
K60: =IF(D60=0,"",(D60-G60-H60)) | M60: =IF((G60+H60)=0,"",IF(D60=0,"",IF((G60+H60)<(D60*80%),"Abaixo do Orçado",IF(D60=(G60+H60),"Igual ao Orçado",IF(D60>(G60+H60),"Próximo ao Orçado","Passou do Orçado")))))
K61: =IF(D61=0,"",(D61-G61-H61)) | M61: =IF((G61+H61)=0,"",IF(D61=0,"",IF((G61+H61)<(D61*80%),"Abaixo do Orçado",IF(D61=(G61+H61),"Igual ao Orçado",IF(D61>(G61+H61),"Próximo ao Orçado","Passou do Orçado")))))
B62: Total Grupo 4: | D62: =SUM(D53:D61) -> 0 | G62: =SUM(G53:G61) -> 0 | H62: =SUM(H53:H61) -> 0 | I62: =G62+H62 -> 0 | K62: =IF(D62=0,"",D62-I62)
B64: 5) Despesas Pessoais | D64: R$ | E64: Percentual despesa total | G64: =IF(I74=0,"",IF(D74=0,"Preencher coluna Orçamento para melhor funcionamento da Planilha.",IF(I74<(D74*80%),"Sinal Verde - Abaixo do Orçado",IF(D74=I74,"Sinal Amarelo - Igual ao Orçado",IF(D74>I74,"Sinal Amarelo - Próximo ao Orçado","Sinal Vermelho - Passou do Orçado"))))) | I64: Percentual despesa total | K64: R$ | M64: Obs. Individual
B65: Academia / Esporte | E65: =IF(D74=0,"",D74/D130) | I65: =IF(I74=0,"",I74/I130) | K65: =IF(D65=0,"",(D65-G65-H65)) | M65: =IF((G65+H65)=0,"",IF(D65=0,"",IF((G65+H65)<(D65*80%),"Abaixo do Orçado",IF(D65=(G65+H65),"Igual ao Orçado",IF(D65>(G65+H65),"Próximo ao Orçado","Passou do Orçado")))))
B66: Salão de Beleza + Produtos | K66: =IF(D66=0,"",(D66-G66-H66)) | M66: =IF((G66+H66)=0,"",IF(D66=0,"",IF((G66+H66)<(D66*80%),"Abaixo do Orçado",IF(D66=(G66+H66),"Igual ao Orçado",IF(D66>(G66+H66),"Próximo ao Orçado","Passou do Orçado")))))
B67: Telefone Celular | K67: =IF(D67=0,"",(D67-G67-H67)) | M67: =IF((G67+H67)=0,"",IF(D67=0,"",IF((G67+H67)<(D67*80%),"Abaixo do Orçado",IF(D67=(G67+H67),"Igual ao Orçado",IF(D67>(G67+H67),"Próximo ao Orçado","Passou do Orçado")))))
B68: Vestuário | K68: =IF(D68=0,"",(D68-G68-H68)) | M68: =IF((G68+H68)=0,"",IF(D68=0,"",IF((G68+H68)<(D68*80%),"Abaixo do Orçado",IF(D68=(G68+H68),"Igual ao Orçado",IF(D68>(G68+H68),"Próximo ao Orçado","Passou do Orçado")))))
B69: Outros 1 - | K69: =IF(D69=0,"",(D69-G69-H69)) | M69: =IF((G69+H69)=0,"",IF(D69=0,"",IF((G69+H69)<(D69*80%),"Abaixo do Orçado",IF(D69=(G69+H69),"Igual ao Orçado",IF(D69>(G69+H69),"Próximo ao Orçado","Passou do Orçado")))))
B70: Outros 2 - | K70: =IF(D70=0,"",(D70-G70-H70)) | M70: =IF((G70+H70)=0,"",IF(D70=0,"",IF((G70+H70)<(D70*80%),"Abaixo do Orçado",IF(D70=(G70+H70),"Igual ao Orçado",IF(D70>(G70+H70),"Próximo ao Orçado","Passou do Orçado")))))
K71: =IF(D71=0,"",(D71-G71-H71)) | M71: =IF((G71+H71)=0,"",IF(D71=0,"",IF((G71+H71)<(D71*80%),"Abaixo do Orçado",IF(D71=(G71+H71),"Igual ao Orçado",IF(D71>(G71+H71),"Próximo ao Orçado","Passou do Orçado")))))
K72: =IF(D72=0,"",(D72-G72-H72)) | M72: =IF((G72+H72)=0,"",IF(D72=0,"",IF((G72+H72)<(D72*80%),"Abaixo do Orçado",IF(D72=(G72+H72),"Igual ao Orçado",IF(D72>(G72+H72),"Próximo ao Orçado","Passou do Orçado")))))
K73: =IF(D73=0,"",(D73-G73-H73)) | M73: =IF((G73+H73)=0,"",IF(D73=0,"",IF((G73+H73)<(D73*80%),"Abaixo do Orçado",IF(D73=(G73+H73),"Igual ao Orçado",IF(D73>(G73+H73),"Próximo ao Orçado","Passou do Orçado")))))
B74: Total Grupo 5: | D74: =SUM(D65:D73) -> 0 | G74: =SUM(G65:G73) -> 0 | H74: =SUM(H65:H73) -> 0 | I74: =G74+H74 -> 0 | K74: =IF(D74=0,"",D74-I74)
B76: 6) Transporte | D76: R$ | E76: Percentual despesa total | G76: =IF(I89=0,"",IF(D89=0,"Preencher coluna Orçamento para melhor funcionamento da Planilha.",IF(I89<(D89*80%),"Sinal Verde - Abaixo do Orçado",IF(D89=I89,"Sinal Amarelo - Igual ao Orçado",IF(D89>I89,"Sinal Amarelo - Próximo ao Orçado","Sinal Vermelho - Passou do Orçado"))))) | I76: Percentual despesa total | K76: R$ | M76: Obs. Individual
B77: Combustível | E77: =IF(D89=0,"",D89/D130) | I77: =IF(I89=0,"",I89/I130) | K77: =IF(D77=0,"",(D77-G77-H77)) | M77: =IF((G77+H77)=0,"",IF(D77=0,"",IF((G77+H77)<(D77*80%),"Abaixo do Orçado",IF(D77=(G77+H77),"Igual ao Orçado",IF(D77>(G77+H77),"Próximo ao Orçado","Passou do Orçado")))))
B78: Estacionamentos | K78: =IF(D78=0,"",(D78-G78-H78)) | M78: =IF((G78+H78)=0,"",IF(D78=0,"",IF((G78+H78)<(D78*80%),"Abaixo do Orçado",IF(D78=(G78+H78),"Igual ao Orçado",IF(D78>(G78+H78),"Próximo ao Orçado","Passou do Orçado")))))
B79: IPVA + Seguro Obrigatório | K79: =IF(D79=0,"",(D79-G79-H79)) | M79: =IF((G79+H79)=0,"",IF(D79=0,"",IF((G79+H79)<(D79*80%),"Abaixo do Orçado",IF(D79=(G79+H79),"Igual ao Orçado",IF(D79>(G79+H79),"Próximo ao Orçado","Passou do Orçado")))))
B80: Lavagens | K80: =IF(D80=0,"",(D80-G80-H80)) | M80: =IF((G80+H80)=0,"",IF(D80=0,"",IF((G80+H80)<(D80*80%),"Abaixo do Orçado",IF(D80=(G80+H80),"Igual ao Orçado",IF(D80>(G80+H80),"Próximo ao Orçado","Passou do Orçado")))))
B81: Mecânico (outros consertos) | K81: =IF(D81=0,"",(D81-G81-H81)) | M81: =IF((G81+H81)=0,"",IF(D81=0,"",IF((G81+H81)<(D81*80%),"Abaixo do Orçado",IF(D81=(G81+H81),"Igual ao Orçado",IF(D81>(G81+H81),"Próximo ao Orçado","Passou do Orçado")))))
B82: Seguro Carro | K82: =IF(D82=0,"",(D82-G82-H82)) | M82: =IF((G82+H82)=0,"",IF(D82=0,"",IF((G82+H82)<(D82*80%),"Abaixo do Orçado",IF(D82=(G82+H82),"Igual ao Orçado",IF(D82>(G82+H82),"Próximo ao Orçado","Passou do Orçado")))))
B83: Taxi / Ônibus | K83: =IF(D83=0,"",(D83-G83-H83)) | M83: =IF((G83+H83)=0,"",IF(D83=0,"",IF((G83+H83)<(D83*80%),"Abaixo do Orçado",IF(D83=(G83+H83),"Igual ao Orçado",IF(D83>(G83+H83),"Próximo ao Orçado","Passou do Orçado")))))
B84: Outros 1 - | K84: =IF(D84=0,"",(D84-G84-H84)) | M84: =IF((G84+H84)=0,"",IF(D84=0,"",IF((G84+H84)<(D84*80%),"Abaixo do Orçado",IF(D84=(G84+H84),"Igual ao Orçado",IF(D84>(G84+H84),"Próximo ao Orçado","Passou do Orçado")))))
B85: Outros 2 - | K85: =IF(D85=0,"",(D85-G85-H85)) | M85: =IF((G85+H85)=0,"",IF(D85=0,"",IF((G85+H85)<(D85*80%),"Abaixo do Orçado",IF(D85=(G85+H85),"Igual ao Orçado",IF(D85>(G85+H85),"Próximo ao Orçado","Passou do Orçado")))))
K86: =IF(D86=0,"",(D86-G86-H86)) | M86: =IF((G86+H86)=0,"",IF(D86=0,"",IF((G86+H86)<(D86*80%),"Abaixo do Orçado",IF(D86=(G86+H86),"Igual ao Orçado",IF(D86>(G86+H86),"Próximo ao Orçado","Passou do Orçado")))))
K87: =IF(D87=0,"",(D87-G87-H87)) | M87: =IF((G87+H87)=0,"",IF(D87=0,"",IF((G87+H87)<(D87*80%),"Abaixo do Orçado",IF(D87=(G87+H87),"Igual ao Orçado",IF(D87>(G87+H87),"Próximo ao Orçado","Passou do Orçado")))))
K88: =IF(D88=0,"",(D88-G88-H88)) | M88: =IF((G88+H88)=0,"",IF(D88=0,"",IF((G88+H88)<(D88*80%),"Abaixo do Orçado",IF(D88=(G88+H88),"Igual ao Orçado",IF(D88>(G88+H88),"Próximo ao Orçado","Passou do Orçado")))))
B89: Total Grupo 6: | D89: =SUM(D77:D88) -> 0 | G89: =SUM(G77:G88) -> 0 | H89: =SUM(H77:H88) -> 0 | I89: =G89+H89 -> 0 | K89: =IF(D89=0,"",D89-I89)
B91: 7) Lazer | D91: R$ | E91: Percentual despesa total | G91: =IF(I100=0,"",IF(D100=0,"Preencher coluna Orçamento para melhor funcionamento da Planilha.",IF(I100<(D100*80%),"Sinal Verde - Abaixo do Orçado",IF(D100=I100,"Sinal Amarelo - Igual ao Orçado",IF(D100>I100,"Sinal Amarelo - Próximo ao Orçado","Sinal Vermelho - Passou do Orçado"))))) | I91: Percentual despesa total | K91: R$ | M91: Obs. Individual
B92: Festas | E92: =IF(D100=0,"",D100/D130) | I92: =IF(I100=0,"",I100/I130) | K92: =IF(D92=0,"",(D92-G92-H92)) | M92: =IF((G92+H92)=0,"",IF(D92=0,"",IF((G92+H92)<(D92*80%),"Abaixo do Orçado",IF(D92=(G92+H92),"Igual ao Orçado",IF(D92>(G92+H92),"Próximo ao Orçado","Passou do Orçado")))))
B93: Restaurantes / Bares | K93: =IF(D93=0,"",(D93-G93-H93)) | M93: =IF((G93+H93)=0,"",IF(D93=0,"",IF((G93+H93)<(D93*80%),"Abaixo do Orçado",IF(D93=(G93+H93),"Igual ao Orçado",IF(D93>(G93+H93),"Próximo ao Orçado","Passou do Orçado")))))
B94: Viagens (Hospedagem, passagem, etc) | K94: =IF(D94=0,"",(D94-G94-H94)) | M94: =IF((G94+H94)=0,"",IF(D94=0,"",IF((G94+H94)<(D94*80%),"Abaixo do Orçado",IF(D94=(G94+H94),"Igual ao Orçado",IF(D94>(G94+H94),"Próximo ao Orçado","Passou do Orçado")))))
B95: Outros 1 - | K95: =IF(D95=0,"",(D95-G95-H95)) | M95: =IF((G95+H95)=0,"",IF(D95=0,"",IF((G95+H95)<(D95*80%),"Abaixo do Orçado",IF(D95=(G95+H95),"Igual ao Orçado",IF(D95>(G95+H95),"Próximo ao Orçado","Passou do Orçado")))))
B96: Outros 2 - | K96: =IF(D96=0,"",(D96-G96-H96)) | M96: =IF((G96+H96)=0,"",IF(D96=0,"",IF((G96+H96)<(D96*80%),"Abaixo do Orçado",IF(D96=(G96+H96),"Igual ao Orçado",IF(D96>(G96+H96),"Próximo ao Orçado","Passou do Orçado")))))
K97: =IF(D97=0,"",(D97-G97-H97)) | M97: =IF((G97+H97)=0,"",IF(D97=0,"",IF((G97+H97)<(D97*80%),"Abaixo do Orçado",IF(D97=(G97+H97),"Igual ao Orçado",IF(D97>(G97+H97),"Próximo ao Orçado","Passou do Orçado")))))
K98: =IF(D98=0,"",(D98-G98-H98)) | M98: =IF((G98+H98)=0,"",IF(D98=0,"",IF((G98+H98)<(D98*80%),"Abaixo do Orçado",IF(D98=(G98+H98),"Igual ao Orçado",IF(D98>(G98+H98),"Próximo ao Orçado","Passou do Orçado")))))
K99: =IF(D99=0,"",(D99-G99-H99)) | M99: =IF((G99+H99)=0,"",IF(D99=0,"",IF((G99+H99)<(D99*80%),"Abaixo do Orçado",IF(D99=(G99+H99),"Igual ao Orçado",IF(D99>(G99+H99),"Próximo ao Orçado","Passou do Orçado")))))
B100: Total Grupo 7: | D100: =SUM(D92:D99) -> 0 | G100: =SUM(G92:G99) -> 0 | H100: =SUM(H92:H99) -> 0 | I100: =G100+H100 -> 0 | K100: =IF(D100=0,"",D100-I100)
B102: 8) Outras Despesas / Variáveis | D102: R$ | E102: Percentual despesa total | G102: =IF(I114=0,"",IF(D114=0,"Preencher coluna Orçamento para melhor funcionamento da Planilha.",IF(I114<(D114*80%),"Sinal Verde - Abaixo do Orçado",IF(D114=I114,"Sinal Amarelo - Igual ao Orçado",IF(D114>I114,"Sinal Amarelo - Próximo ao Orçado","Sinal Vermelho - Passou do Orçado"))))) | I102: Percentual despesa total | K102: R$ | M102: Obs. Individual
B103: Presentes | E103: =IF(D114=0,"",D114/D130) | I103: =IF(I114=0,"",I114/I130) | K103: =IF(D103=0,"",(D103-G103-H103)) | M103: =IF((G103+H103)=0,"",IF(D103=0,"",IF((G103+H103)<(D103*80%),"Abaixo do Orçado",IF(D103=(G103+H103),"Igual ao Orçado",IF(D103>(G103+H103),"Próximo ao Orçado","Passou do Orçado")))))
K104: =IF(D104=0,"",(D104-G104-H104)) | M104: =IF((G104+H104)=0,"",IF(D104=0,"",IF((G104+H104)<(D104*80%),"Abaixo do Orçado",IF(D104=(G104+H104),"Igual ao Orçado",IF(D104>(G104+H104),"Próximo ao Orçado","Passou do Orçado")))))
K105: =IF(D105=0,"",(D105-G105-H105)) | M105: =IF((G105+H105)=0,"",IF(D105=0,"",IF((G105+H105)<(D105*80%),"Abaixo do Orçado",IF(D105=(G105+H105),"Igual ao Orçado",IF(D105>(G105+H105),"Próximo ao Orçado","Passou do Orçado")))))
K106: =IF(D106=0,"",(D106-G106-H106)) | M106: =IF((G106+H106)=0,"",IF(D106=0,"",IF((G106+H106)<(D106*80%),"Abaixo do Orçado",IF(D106=(G106+H106),"Igual ao Orçado",IF(D106>(G106+H106),"Próximo ao Orçado","Passou do Orçado")))))
K107: =IF(D107=0,"",(D107-G107-H107)) | M107: =IF((G107+H107)=0,"",IF(D107=0,"",IF((G107+H107)<(D107*80%),"Abaixo do Orçado",IF(D107=(G107+H107),"Igual ao Orçado",IF(D107>(G107+H107),"Próximo ao Orçado","Passou do Orçado")))))
K108: =IF(D108=0,"",(D108-G108-H108)) | M108: =IF((G108+H108)=0,"",IF(D108=0,"",IF((G108+H108)<(D108*80%),"Abaixo do Orçado",IF(D108=(G108+H108),"Igual ao Orçado",IF(D108>(G108+H108),"Próximo ao Orçado","Passou do Orçado")))))
K109: =IF(D109=0,"",(D109-G109-H109)) | M109: =IF((G109+H109)=0,"",IF(D109=0,"",IF((G109+H109)<(D109*80%),"Abaixo do Orçado",IF(D109=(G109+H109),"Igual ao Orçado",IF(D109>(G109+H109),"Próximo ao Orçado","Passou do Orçado")))))
...

Sheet Fev
B2: Controle - Fevereiro 2026 Receitas x Despesas | D2: Orçamento | G2: Realizado | K2: Diferença | M2: Observações
B4: Discriminação dos itens | D4: Casal | E4: Total | G4: ='Página Inicial'!C6 -> Nome Esposa | H4: ='Página Inicial'!F6 -> Nome Esposo | I4: Total | K4: Casal | M4: Obs. Individual
B5: Receitas 1 | K5: =IF(D5=0,"",(D5-G5-H5)) | M5: =IF((G5+H5)=0,"",IF(D5=0,"",IF((G5+H5)<(D5*80%),"Abaixo do Orçado",IF(D5=(G5+H5),"Igual ao Orçado",IF(D5>(G5+H5),"Próximo ao Orçado","Passou do Orçado")))))
B6: Receitas 2 | K6: =IF(D6=0,"",(D6-G6-H6)) | M6: =IF((G6+H6)=0,"",IF(D6=0,"",IF((G6+H6)<(D6*80%),"Abaixo do Orçado",IF(D6=(G6+H6),"Igual ao Orçado",IF(D6>(G6+H6),"Próximo ao Orçado","Passou do Orçado")))))
B7: Receitas 3 | K7: =IF(D7=0,"",(D7-G7-H7)) | M7: =IF((G7+H7)=0,"",IF(D7=0,"",IF((G7+H7)<(D7*80%),"Abaixo do Orçado",IF(D7=(G7+H7),"Igual ao Orçado",IF(D7>(G7+H7),"Próximo ao Orçado","Passou do Orçado")))))
K8: =IF(D8=0,"",(D8-G8-H8)) | M8: =IF((G8+H8)=0,"",IF(D8=0,"",IF((G8+H8)<(D8*80%),"Abaixo do Orçado",IF(D8=(G8+H8),"Igual ao Orçado",IF(D8>(G8+H8),"Próximo ao Orçado","Passou do Orçado")))))
K9: =IF(D9=0,"",(D9-G9-H9)) | M9: =IF((G9+H9)=0,"",IF(D9=0,"",IF((G9+H9)<(D9*80%),"Abaixo do Orçado",IF(D9=(G9+H9),"Igual ao Orçado",IF(D9>(G9+H9),"Próximo ao Orçado","Passou do Orçado")))))
B10: ( - ) Impostos retidos / pagos | K10: =IF(D10=0,"",(D10-G10-H10)) | M10: =IF((G10+H10)=0,"",IF(D10=0,"",IF((G10+H10)<(D10*80%),"Abaixo do Orçado",IF(D10=(G10+H10),"Igual ao Orçado",IF(D10>(G10+H10),"Próximo ao Orçado","Passou do Orçado")))))
B11: Total Salários: | D11: =D5+D6+D7+D8+D9-D10 -> 0 | G11: =G5+G6+G7+G8+G9-G10 -> 0 | H11: =H5+H6+H7+H8+H9-H10 -> 0 | I11: =G11+H11 -> 0 | K11: =IF(D11=0,"",D11-I11)
B12: Despesas por Grupo
B13: 1) Habitação | D13: R$ | E13: Percentual despesa total | G13: =IF(I28=0,"",IF(D28=0,"Preencher coluna Orçamento para melhor funcionamento da Planilha.",IF(I28<(D28*80%),"Sinal Verde - Abaixo do Orçado",IF(D28=I28,"Sinal Amarelo - Igual ao Orçado",IF(D28>I28,"Sinal Amarelo - Próximo ao Orçado","Sinal Vermelho - Passou do Orçado"))))) | I13: Percentual despesa total | K13: R$ | M13: Obs. Individual
B14: Água e Esgoto | E14: =IF(D28=0,"",D28/D130) | I14: =IF(I28=0,"",I28/I130) | K14: =IF(D14=0,"",(D14-G14-H14)) | M14: =IF((G14+H14)=0,"",IF(D14=0,"",IF((G14+H14)<(D14*80%),"Abaixo do Orçado",IF(D14=(G14+H14),"Igual ao Orçado",IF(D14>(G14+H14),"Próximo ao Orçado","Passou do Orçado")))))
B15: Condomínio | K15: =IF(D15=0,"",(D15-G15-H15)) | M15: =IF((G15+H15)=0,"",IF(D15=0,"",IF((G15+H15)<(D15*80%),"Abaixo do Orçado",IF(D15=(G15+H15),"Igual ao Orçado",IF(D15>(G15+H15),"Próximo ao Orçado","Passou do Orçado")))))
B16: Diarista / Empregada | K16: =IF(D16=0,"",(D16-G16-H16)) | M16: =IF((G16+H16)=0,"",IF(D16=0,"",IF((G16+H16)<(D16*80%),"Abaixo do Orçado",IF(D16=(G16+H16),"Igual ao Orçado",IF(D16>(G16+H16),"Próximo ao Orçado","Passou do Orçado")))))
B17: Energia Elétrica | K17: =IF(D17=0,"",(D17-G17-H17)) | M17: =IF((G17+H17)=0,"",IF(D17=0,"",IF((G17+H17)<(D17*80%),"Abaixo do Orçado",IF(D17=(G17+H17),"Igual ao Orçado",IF(D17>(G17+H17),"Próximo ao Orçado","Passou do Orçado")))))
B18: IPTU / Outras taxas | K18: =IF(D18=0,"",(D18-G18-H18)) | M18: =IF((G18+H18)=0,"",IF(D18=0,"",IF((G18+H18)<(D18*80%),"Abaixo do Orçado",IF(D18=(G18+H18),"Igual ao Orçado",IF(D18>(G18+H18),"Próximo ao Orçado","Passou do Orçado")))))
B19: Lavagem de Roupas | K19: =IF(D19=0,"",(D19-G19-H19)) | M19: =IF((G19+H19)=0,"",IF(D19=0,"",IF((G19+H19)<(D19*80%),"Abaixo do Orçado",IF(D19=(G19+H19),"Igual ao Orçado",IF(D19>(G19+H19),"Próximo ao Orçado","Passou do Orçado")))))
B20: Manutenção Geral | K20: =IF(D20=0,"",(D20-G20-H20)) | M20: =IF((G20+H20)=0,"",IF(D20=0,"",IF((G20+H20)<(D20*80%),"Abaixo do Orçado",IF(D20=(G20+H20),"Igual ao Orçado",IF(D20>(G20+H20),"Próximo ao Orçado","Passou do Orçado")))))
B21: Prestação Apartamento / Aluguel | K21: =IF(D21=0,"",(D21-G21-H21)) | M21: =IF((G21+H21)=0,"",IF(D21=0,"",IF((G21+H21)<(D21*80%),"Abaixo do Orçado",IF(D21=(G21+H21),"Igual ao Orçado",IF(D21>(G21+H21),"Próximo ao Orçado","Passou do Orçado")))))
B22: Telefone Fixo / Internet | K22: =IF(D22=0,"",(D22-G22-H22)) | M22: =IF((G22+H22)=0,"",IF(D22=0,"",IF((G22+H22)<(D22*80%),"Abaixo do Orçado",IF(D22=(G22+H22),"Igual ao Orçado",IF(D22>(G22+H22),"Próximo ao Orçado","Passou do Orçado")))))
B23: Outros 1 - | K23: =IF(D23=0,"",(D23-G23-H23)) | M23: =IF((G23+H23)=0,"",IF(D23=0,"",IF((G23+H23)<(D23*80%),"Abaixo do Orçado",IF(D23=(G23+H23),"Igual ao Orçado",IF(D23>(G23+H23),"Próximo ao Orçado","Passou do Orçado")))))
B24: Outros 2 - | K24: =IF(D24=0,"",(D24-G24-H24)) | M24: =IF((G24+H24)=0,"",IF(D24=0,"",IF((G24+H24)<(D24*80%),"Abaixo do Orçado",IF(D24=(G24+H24),"Igual ao Orçado",IF(D24>(G24+H24),"Próximo ao Orçado","Passou do Orçado")))))
K25: =IF(D25=0,"",(D25-G25-H25)) | M25: =IF((G25+H25)=0,"",IF(D25=0,"",IF((G25+H25)<(D25*80%),"Abaixo do Orçado",IF(D25=(G25+H25),"Igual ao Orçado",IF(D25>(G25+H25),"Próximo ao Orçado","Passou do Orçado")))))
K26: =IF(D26=0,"",(D26-G26-H26)) | M26: =IF((G26+H26)=0,"",IF(D26=0,"",IF((G26+H26)<(D26*80%),"Abaixo do Orçado",IF(D26=(G26+H26),"Igual ao Orçado",IF(D26>(G26+H26),"Próximo ao Orçado","Passou do Orçado")))))
K27: =IF(D27=0,"",(D27-G27-H27)) | M27: =IF((G27+H27)=0,"",IF(D27=0,"",IF((G27+H27)<(D27*80%),"Abaixo do Orçado",IF(D27=(G27+H27),"Igual ao Orçado",IF(D27>(G27+H27),"Próximo ao Orçado","Passou do Orçado")))))
B28: Total Grupo 1: | D28: =SUM(D14:D27) -> 0 | G28: =SUM(G14:G27) -> 0 | H28: =SUM(H14:H27) -> 0 | I28: =G28+H28 -> 0 | K28: =IF(D28=0,"",D28-I28)
B30: 2) Alimentação | D30: R$ | E30: Percentual despesa total | G30: =IF(I39=0,"",IF(D39=0,"Preencher coluna Orçamento para melhor funcionamento da Planilha.",IF(I39<(D39*80%),"Sinal Verde - Abaixo do Orçado",IF(D39=I39,"Sinal Amarelo - Igual ao Orçado",IF(D39>I39,"Sinal Amarelo - Próximo ao Orçado","Sinal Vermelho - Passou do Orçado"))))) | I30: Percentual despesa total | K30: R$ | M30: Obs. Individual
B31: Refeições diárias (Almoço / Jantar, Etc) | E31: =IF(D39=0,"",D39/D130) | I31: =IF(I39=0,"",I39/I130) | K31: =IF(D31=0,"",(D31-G31-H31)) | M31: =IF((G31+H31)=0,"",IF(D31=0,"",IF((G31+H31)<(D31*80%),"Abaixo do Orçado",IF(D31=(G31+H31),"Igual ao Orçado",IF(D31>(G31+H31),"Próximo ao Orçado","Passou do Orçado")))))
B32: Supermercado - Mensal | K32: =IF(D32=0,"",(D32-G32-H32)) | M32: =IF((G32+H32)=0,"",IF(D32=0,"",IF((G32+H32)<(D32*80%),"Abaixo do Orçado",IF(D32=(G32+H32),"Igual ao Orçado",IF(D32>(G32+H32),"Próximo ao Orçado","Passou do Orçado")))))
B33: Supermercado / Padaria - Dia a dia | K33: =IF(D33=0,"",(D33-G33-H33)) | M33: =IF((G33+H33)=0,"",IF(D33=0,"",IF((G33+H33)<(D33*80%),"Abaixo do Orçado",IF(D33=(G33+H33),"Igual ao Orçado",IF(D33>(G33+H33),"Próximo ao Orçado","Passou do Orçado")))))
B34: Outros 1 - | K34: =IF(D34=0,"",(D34-G34-H34)) | M34: =IF((G34+H34)=0,"",IF(D34=0,"",IF((G34+H34)<(D34*80%),"Abaixo do Orçado",IF(D34=(G34+H34),"Igual ao Orçado",IF(D34>(G34+H34),"Próximo ao Orçado","Passou do Orçado")))))
B35: Outros 2 - | K35: =IF(D35=0,"",(D35-G35-H35)) | M35: =IF((G35+H35)=0,"",IF(D35=0,"",IF((G35+H35)<(D35*80%),"Abaixo do Orçado",IF(D35=(G35+H35),"Igual ao Orçado",IF(D35>(G35+H35),"Próximo ao Orçado","Passou do Orçado")))))
K36: =IF(D36=0,"",(D36-G36-H36)) | M36: =IF((G36+H36)=0,"",IF(D36=0,"",IF((G36+H36)<(D36*80%),"Abaixo do Orçado",IF(D36=(G36+H36),"Igual ao Orçado",IF(D36>(G36+H36),"Próximo ao Orçado","Passou do Orçado")))))
K37: =IF(D37=0,"",(D37-G37-H37)) | M37: =IF((G37+H37)=0,"",IF(D37=0,"",IF((G37+H37)<(D37*80%),"Abaixo do Orçado",IF(D37=(G37+H37),"Igual ao Orçado",IF(D37>(G37+H37),"Próximo ao Orçado","Passou do Orçado")))))
K38: =IF(D38=0,"",(D38-G38-H38)) | M38: =IF((G38+H38)=0,"",IF(D38=0,"",IF((G38+H38)<(D38*80%),"Abaixo do Orçado",IF(D38=(G38+H38),"Igual ao Orçado",IF(D38>(G38+H38),"Próximo ao Orçado","Passou do Orçado")))))
B39: Total Grupo 2: | D39: =SUM(D31:D38) -> 0 | G39: =SUM(G31:G38) -> 0 | H39: =SUM(H31:H38) -> 0 | I39: =G39+H39 -> 0 | K39: =IF(D39=0,"",D39-I39)
B41: 3) Saúde | D41: R$ | E41: Percentual despesa total | G41: =IF(I50=0,"",IF(D50=0,"Preencher coluna Orçamento para melhor funcionamento da Planilha.",IF(I50<(D50*80%),"Sinal Verde - Abaixo do Orçado",IF(D50=I50,"Sinal Amarelo - Igual ao Orçado",IF(D50>I50,"Sinal Amarelo - Próximo ao Orçado","Sinal Vermelho - Passou do Orçado"))))) | I41: Percentual despesa total | K41: R$ | M41: Obs. Individual
B42: Dentista | E42: =IF(D50=0,"",D50/D130) | I42: =IF(I50=0,"",I50/I130) | K42: =IF(D42=0,"",(D42-G42-H42)) | M42: =IF((G42+H42)=0,"",IF(D42=0,"",IF((G42+H42)<(D42*80%),"Abaixo do Orçado",IF(D42=(G42+H42),"Igual ao Orçado",IF(D42>(G42+H42),"Próximo ao Orçado","Passou do Orçado")))))
B43: Farmácia - Medicamentos | K43: =IF(D43=0,"",(D43-G43-H43)) | M43: =IF((G43+H43)=0,"",IF(D43=0,"",IF((G43+H43)<(D43*80%),"Abaixo do Orçado",IF(D43=(G43+H43),"Igual ao Orçado",IF(D43>(G43+H43),"Próximo ao Orçado","Passou do Orçado")))))
B44: Plano de Saúde | K44: =IF(D44=0,"",(D44-G44-H44)) | M44: =IF((G44+H44)=0,"",IF(D44=0,"",IF((G44+H44)<(D44*80%),"Abaixo do Orçado",IF(D44=(G44+H44),"Igual ao Orçado",IF(D44>(G44+H44),"Próximo ao Orçado","Passou do Orçado")))))
B45: Outros 1 - | K45: =IF(D45=0,"",(D45-G45-H45)) | M45: =IF((G45+H45)=0,"",IF(D45=0,"",IF((G45+H45)<(D45*80%),"Abaixo do Orçado",IF(D45=(G45+H45),"Igual ao Orçado",IF(D45>(G45+H45),"Próximo ao Orçado","Passou do Orçado")))))
B46: Outros 2 - | K46: =IF(D46=0,"",(D46-G46-H46)) | M46: =IF((G46+H46)=0,"",IF(D46=0,"",IF((G46+H46)<(D46*80%),"Abaixo do Orçado",IF(D46=(G46+H46),"Igual ao Orçado",IF(D46>(G46+H46),"Próximo ao Orçado","Passou do Orçado")))))
K47: =IF(D47=0,"",(D47-G47-H47)) | M47: =IF((G47+H47)=0,"",IF(D47=0,"",IF((G47+H47)<(D47*80%),"Abaixo do Orçado",IF(D47=(G47+H47),"Igual ao Orçado",IF(D47>(G47+H47),"Próximo ao Orçado","Passou do Orçado")))))
K48: =IF(D48=0,"",(D48-G48-H48)) | M48: =IF((G48+H48)=0,"",IF(D48=0,"",IF((G48+H48)<(D48*80%),"Abaixo do Orçado",IF(D48=(G48+H48),"Igual ao Orçado",IF(D48>(G48+H48),"Próximo ao Orçado","Passou do Orçado")))))
K49: =IF(D49=0,"",(D49-G49-H49)) | M49: =IF((G49+H49)=0,"",IF(D49=0,"",IF((G49+H49)<(D49*80%),"Abaixo do Orçado",IF(D49=(G49+H49),"Igual ao Orçado",IF(D49>(G49+H49),"Próximo ao Orçado","Passou do Orçado")))))
B50: Total Grupo 3: | D50: =SUM(D42:D49) -> 0 | G50: =SUM(G42:G49) -> 0 | H50: =SUM(H42:H49) -> 0 | I50: =G50+H50 -> 0 | K50: =IF(D50=0,"",D50-I50)
B52: 4) Educação | D52: R$ | E52: Percentual despesa total | G52: =IF(I62=0,"",IF(D62=0,"Preencher coluna Orçamento para melhor funcionamento da Planilha.",IF(I62<(D62*80%),"Sinal Verde - Abaixo do Orçado",IF(D62=I62,"Sinal Amarelo - Igual ao Orçado",IF(D62>I62,"Sinal Amarelo - Próximo ao Orçado","Sinal Vermelho - Passou do Orçado"))))) | I52: Percentual despesa total | K52: R$ | M52: Obs. Individual
B53: Colégio / Creche | E53: =IF(D62=0,"",D62/D130) | I53: =IF(I62=0,"",I62/I130) | K53: =IF(D53=0,"",(D53-G53-H53)) | M53: =IF((G53+H53)=0,"",IF(D53=0,"",IF((G53+H53)<(D53*80%),"Abaixo do Orçado",IF(D53=(G53+H53),"Igual ao Orçado",IF(D53>(G53+H53),"Próximo ao Orçado","Passou do Orçado")))))
B54: Cursos / Treinamentos | K54: =IF(D54=0,"",(D54-G54-H54)) | M54: =IF((G54+H54)=0,"",IF(D54=0,"",IF((G54+H54)<(D54*80%),"Abaixo do Orçado",IF(D54=(G54+H54),"Igual ao Orçado",IF(D54>(G54+H54),"Próximo ao Orçado","Passou do Orçado")))))
B55: Faculdade | K55: =IF(D55=0,"",(D55-G55-H55)) | M55: =IF((G55+H55)=0,"",IF(D55=0,"",IF((G55+H55)<(D55*80%),"Abaixo do Orçado",IF(D55=(G55+H55),"Igual ao Orçado",IF(D55>(G55+H55),"Próximo ao Orçado","Passou do Orçado")))))
B56: Pós-graduação | K56: =IF(D56=0,"",(D56-G56-H56)) | M56: =IF((G56+H56)=0,"",IF(D56=0,"",IF((G56+H56)<(D56*80%),"Abaixo do Orçado",IF(D56=(G56+H56),"Igual ao Orçado",IF(D56>(G56+H56),"Próximo ao Orçado","Passou do Orçado")))))
B57: Outros 1 - | K57: =IF(D57=0,"",(D57-G57-H57)) | M57: =IF((G57+H57)=0,"",IF(D57=0,"",IF((G57+H57)<(D57*80%),"Abaixo do Orçado",IF(D57=(G57+H57),"Igual ao Orçado",IF(D57>(G57+H57),"Próximo ao Orçado","Passou do Orçado")))))
B58: Outros 2 - | K58: =IF(D58=0,"",(D58-G58-H58)) | M58: =IF((G58+H58)=0,"",IF(D58=0,"",IF((G58+H58)<(D58*80%),"Abaixo do Orçado",IF(D58=(G58+H58),"Igual ao Orçado",IF(D58>(G58+H58),"Próximo ao Orçado","Passou do Orçado")))))
K59: =IF(D59=0,"",(D59-G59-H59)) | M59: =IF((G59+H59)=0,"",IF(D59=0,"",IF((G59+H59)<(D59*80%),"Abaixo do Orçado",IF(D59=(G59+H59),"Igual ao Orçado",IF(D59>(G59+H59),"Próximo ao Orçado","Passou do Orçado")))))
K60: =IF(D60=0,"",(D60-G60-H60)) | M60: =IF((G60+H60)=0,"",IF(D60=0,"",IF((G60+H60)<(D60*80%),"Abaixo do Orçado",IF(D60=(G60+H60),"Igual ao Orçado",IF(D60>(G60+H60),"Próximo ao Orçado","Passou do Orçado")))))
K61: =IF(D61=0,"",(D61-G61-H61)) | M61: =IF((G61+H61)=0,"",IF(D61=0,"",IF((G61+H61)<(D61*80%),"Abaixo do Orçado",IF(D61=(G61+H61),"Igual ao Orçado",IF(D61>(G61+H61),"Próximo ao Orçado","Passou do Orçado")))))
B62: Total Grupo 4: | D62: =SUM(D53:D61) -> 0 | G62: =SUM(G53:G61) -> 0 | H62: =SUM(H53:H61) -> 0 | I62: =G62+H62 -> 0 | K62: =IF(D62=0,"",D62-I62)
B64: 5) Despesas Pessoais | D64: R$ | E64: Percentual despesa total | G64: =IF(I74=0,"",IF(D74=0,"Preencher coluna Orçamento para melhor funcionamento da Planilha.",IF(I74<(D74*80%),"Sinal Verde - Abaixo do Orçado",IF(D74=I74,"Sinal Amarelo - Igual ao Orçado",IF(D74>I74,"Sinal Amarelo - Próximo ao Orçado","Sinal Vermelho - Passou do Orçado"))))) | I64: Percentual despesa total | K64: R$ | M64: Obs. Individual
B65: Academia / Esporte | E65: =IF(D74=0,"",D74/D130) | I65: =IF(I74=0,"",I74/I130) | K65: =IF(D65=0,"",(D65-G65-H65)) | M65: =IF((G65+H65)=0,"",IF(D65=0,"",IF((G65+H65)<(D65*80%),"Abaixo do Orçado",IF(D65=(G65+H65),"Igual ao Orçado",IF(D65>(G65+H65),"Próximo ao Orçado","Passou do Orçado")))))
B66: Salão de Beleza + Produtos | K66: =IF(D66=0,"",(D66-G66-H66)) | M66: =IF((G66+H66)=0,"",IF(D66=0,"",IF((G66+H66)<(D66*80%),"Abaixo do Orçado",IF(D66=(G66+H66),"Igual ao Orçado",IF(D66>(G66+H66),"Próximo ao Orçado","Passou do Orçado")))))
B67: Telefone Celular | K67: =IF(D67=0,"",(D67-G67-H67)) | M67: =IF((G67+H67)=0,"",IF(D67=0,"",IF((G67+H67)<(D67*80%),"Abaixo do Orçado",IF(D67=(G67+H67),"Igual ao Orçado",IF(D67>(G67+H67),"Próximo ao Orçado","Passou do Orçado")))))
B68: Vestuário | K68: =IF(D68=0,"",(D68-G68-H68)) | M68: =IF((G68+H68)=0,"",IF(D68=0,"",IF((G68+H68)<(D68*80%),"Abaixo do Orçado",IF(D68=(G68+H68),"Igual ao Orçado",IF(D68>(G68+H68),"Próximo ao Orçado","Passou do Orçado")))))
B69: Outros 1 - | K69: =IF(D69=0,"",(D69-G69-H69)) | M69: =IF((G69+H69)=0,"",IF(D69=0,"",IF((G69+H69)<(D69*80%),"Abaixo do Orçado",IF(D69=(G69+H69),"Igual ao Orçado",IF(D69>(G69+H69),"Próximo ao Orçado","Passou do Orçado")))))
B70: Outros 2 - | K70: =IF(D70=0,"",(D70-G70-H70)) | M70: =IF((G70+H70)=0,"",IF(D70=0,"",IF((G70+H70)<(D70*80%),"Abaixo do Orçado",IF(D70=(G70+H70),"Igual ao Orçado",IF(D70>(G70+H70),"Próximo ao Orçado","Passou do Orçado")))))
K71: =IF(D71=0,"",(D71-G71-H71)) | M71: =IF((G71+H71)=0,"",IF(D71=0,"",IF((G71+H71)<(D71*80%),"Abaixo do Orçado",IF(D71=(G71+H71),"Igual ao Orçado",IF(D71>(G71+H71),"Próximo ao Orçado","Passou do Orçado")))))
K72: =IF(D72=0,"",(D72-G72-H72)) | M72: =IF((G72+H72)=0,"",IF(D72=0,"",IF((G72+H72)<(D72*80%),"Abaixo do Orçado",IF(D72=(G72+H72),"Igual ao Orçado",IF(D72>(G72+H72),"Próximo ao Orçado","Passou do Orçado")))))
K73: =IF(D73=0,"",(D73-G73-H73)) | M73: =IF((G73+H73)=0,"",IF(D73=0,"",IF((G73+H73)<(D73*80%),"Abaixo do Orçado",IF(D73=(G73+H73),"Igual ao Orçado",IF(D73>(G73+H73),"Próximo ao Orçado","Passou do Orçado")))))
B74: Total Grupo 5: | D74: =SUM(D65:D73) -> 0 | G74: =SUM(G65:G73) -> 0 | H74: =SUM(H65:H73) -> 0 | I74: =G74+H74 -> 0 | K74: =IF(D74=0,"",D74-I74)
B76: 6) Transporte | D76: R$ | E76: Percentual despesa total | G76: =IF(I89=0,"",IF(D89=0,"Preencher coluna Orçamento para melhor funcionamento da Planilha.",IF(I89<(D89*80%),"Sinal Verde - Abaixo do Orçado",IF(D89=I89,"Sinal Amarelo - Igual ao Orçado",IF(D89>I89,"Sinal Amarelo - Próximo ao Orçado","Sinal Vermelho - Passou do Orçado"))))) | I76: Percentual despesa total | K76: R$ | M76: Obs. Individual
B77: Combustível | E77: =IF(D89=0,"",D89/D130) | I77: =IF(I89=0,"",I89/I130) | K77: =IF(D77=0,"",(D77-G77-H77)) | M77: =IF((G77+H77)=0,"",IF(D77=0,"",IF((G77+H77)<(D77*80%),"Abaixo do Orçado",IF(D77=(G77+H77),"Igual ao Orçado",IF(D77>(G77+H77),"Próximo ao Orçado","Passou do Orçado")))))
B78: Estacionamentos | K78: =IF(D78=0,"",(D78-G78-H78)) | M78: =IF((G78+H78)=0,"",IF(D78=0,"",IF((G78+H78)<(D78*80%),"Abaixo do Orçado",IF(D78=(G78+H78),"Igual ao Orçado",IF(D78>(G78+H78),"Próximo ao Orçado","Passou do Orçado")))))
B79: IPVA + Seguro Obrigatório | K79: =IF(D79=0,"",(D79-G79-H79)) | M79: =IF((G79+H79)=0,"",IF(D79=0,"",IF((G79+H79)<(D79*80%),"Abaixo do Orçado",IF(D79=(G79+H79),"Igual ao Orçado",IF(D79>(G79+H79),"Próximo ao Orçado","Passou do Orçado")))))
B80: Lavagens | K80: =IF(D80=0,"",(D80-G80-H80)) | M80: =IF((G80+H80)=0,"",IF(D80=0,"",IF((G80+H80)<(D80*80%),"Abaixo do Orçado",IF(D80=(G80+H80),"Igual ao Orçado",IF(D80>(G80+H80),"Próximo ao Orçado","Passou do Orçado")))))
B81: Mecânico (outros consertos) | K81: =IF(D81=0,"",(D81-G81-H81)) | M81: =IF((G81+H81)=0,"",IF(D81=0,"",IF((G81+H81)<(D81*80%),"Abaixo do Orçado",IF(D81=(G81+H81),"Igual ao Orçado",IF(D81>(G81+H81),"Próximo ao Orçado","Passou do Orçado")))))
B82: Seguro Carro | K82: =IF(D82=0,"",(D82-G82-H82)) | M82: =IF((G82+H82)=0,"",IF(D82=0,"",IF((G82+H82)<(D82*80%),"Abaixo do Orçado",IF(D82=(G82+H82),"Igual ao Orçado",IF(D82>(G82+H82),"Próximo ao Orçado","Passou do Orçado")))))
B83: Taxi / Ônibus | K83: =IF(D83=0,"",(D83-G83-H83)) | M83: =IF((G83+H83)=0,"",IF(D83=0,"",IF((G83+H83)<(D83*80%),"Abaixo do Orçado",IF(D83=(G83+H83),"Igual ao Orçado",IF(D83>(G83+H83),"Próximo ao Orçado","Passou do Orçado")))))
B84: Outros 1 - | K84: =IF(D84=0,"",(D84-G84-H84)) | M84: =IF((G84+H84)=0,"",IF(D84=0,"",IF((G84+H84)<(D84*80%),"Abaixo do Orçado",IF(D84=(G84+H84),"Igual ao Orçado",IF(D84>(G84+H84),"Próximo ao Orçado","Passou do Orçado")))))
B85: Outros 2 - | K85: =IF(D85=0,"",(D85-G85-H85)) | M85: =IF((G85+H85)=0,"",IF(D85=0,"",IF((G85+H85)<(D85*80%),"Abaixo do Orçado",IF(D85=(G85+H85),"Igual ao Orçado",IF(D85>(G85+H85),"Próximo ao Orçado","Passou do Orçado")))))
K86: =IF(D86=0,"",(D86-G86-H86)) | M86: =IF((G86+H86)=0,"",IF(D86=0,"",IF((G86+H86)<(D86*80%),"Abaixo do Orçado",IF(D86=(G86+H86),"Igual ao Orçado",IF(D86>(G86+H86),"Próximo ao Orçado","Passou do Orçado")))))
K87: =IF(D87=0,"",(D87-G87-H87)) | M87: =IF((G87+H87)=0,"",IF(D87=0,"",IF((G87+H87)<(D87*80%),"Abaixo do Orçado",IF(D87=(G87+H87),"Igual ao Orçado",IF(D87>(G87+H87),"Próximo ao Orçado","Passou do Orçado")))))
K88: =IF(D88=0,"",(D88-G88-H88)) | M88: =IF((G88+H88)=0,"",IF(D88=0,"",IF((G88+H88)<(D88*80%),"Abaixo do Orçado",IF(D88=(G88+H88),"Igual ao Orçado",IF(D88>(G88+H88),"Próximo ao Orçado","Passou do Orçado")))))
B89: Total Grupo 6: | D89: =SUM(D77:D88) -> 0 | G89: =SUM(G77:G88) -> 0 | H89: =SUM(H77:H88) -> 0 | I89: =G89+H89 -> 0 | K89: =IF(D89=0,"",D89-I89)
B91: 7) Lazer | D91: R$ | E91: Percentual despesa total | G91: =IF(I100=0,"",IF(D100=0,"Preencher coluna Orçamento para melhor funcionamento da Planilha.",IF(I100<(D100*80%),"Sinal Verde - Abaixo do Orçado",IF(D100=I100,"Sinal Amarelo - Igual ao Orçado",IF(D100>I100,"Sinal Amarelo - Próximo ao Orçado","Sinal Vermelho - Passou do Orçado"))))) | I91: Percentual despesa total | K91: R$ | M91: Obs. Individual
B92: Festas | E92: =IF(D100=0,"",D100/D130) | I92: =IF(I100=0,"",I100/I130) | K92: =IF(D92=0,"",(D92-G92-H92)) | M92: =IF((G92+H92)=0,"",IF(D92=0,"",IF((G92+H92)<(D92*80%),"Abaixo do Orçado",IF(D92=(G92+H92),"Igual ao Orçado",IF(D92>(G92+H92),"Próximo ao Orçado","Passou do Orçado")))))
B93: Restaurantes / Bares | K93: =IF(D93=0,"",(D93-G93-H93)) | M93: =IF((G93+H93)=0,"",IF(D93=0,"",IF((G93+H93)<(D93*80%),"Abaixo do Orçado",IF(D93=(G93+H93),"Igual ao Orçado",IF(D93>(G93+H93),"Próximo ao Orçado","Passou do Orçado")))))
B94: Viagens (Hospedagem, passagem, etc) | K94: =IF(D94=0,"",(D94-G94-H94)) | M94: =IF((G94+H94)=0,"",IF(D94=0,"",IF((G94+H94)<(D94*80%),"Abaixo do Orçado",IF(D94=(G94+H94),"Igual ao Orçado",IF(D94>(G94+H94),"Próximo ao Orçado","Passou do Orçado")))))
B95: Outros 1 - | K95: =IF(D95=0,"",(D95-G95-H95)) | M95: =IF((G95+H95)=0,"",IF(D95=0,"",IF((G95+H95)<(D95*80%),"Abaixo do Orçado",IF(D95=(G95+H95),"Igual ao Orçado",IF(D95>(G95+H95),"Próximo ao Orçado","Passou do Orçado")))))
B96: Outros 2 - | K96: =IF(D96=0,"",(D96-G96-H96)) | M96: =IF((G96+H96)=0,"",IF(D96=0,"",IF((G96+H96)<(D96*80%),"Abaixo do Orçado",IF(D96=(G96+H96),"Igual ao Orçado",IF(D96>(G96+H96),"Próximo ao Orçado","Passou do Orçado")))))
K97: =IF(D97=0,"",(D97-G97-H97)) | M97: =IF((G97+H97)=0,"",IF(D97=0,"",IF((G97+H97)<(D97*80%),"Abaixo do Orçado",IF(D97=(G97+H97),"Igual ao Orçado",IF(D97>(G97+H97),"Próximo ao Orçado","Passou do Orçado")))))
K98: =IF(D98=0,"",(D98-G98-H98)) | M98: =IF((G98+H98)=0,"",IF(D98=0,"",IF((G98+H98)<(D98*80%),"Abaixo do Orçado",IF(D98=(G98+H98),"Igual ao Orçado",IF(D98>(G98+H98),"Próximo ao Orçado","Passou do Orçado")))))
K99: =IF(D99=0,"",(D99-G99-H99)) | M99: =IF((G99+H99)=0,"",IF(D99=0,"",IF((G99+H99)<(D99*80%),"Abaixo do Orçado",IF(D99=(G99+H99),"Igual ao Orçado",IF(D99>(G99+H99),"Próximo ao Orçado","Passou do Orçado")))))
B100: Total Grupo 7: | D100: =SUM(D92:D99) -> 0 | G100: =SUM(G92:G99) -> 0 | H100: =SUM(H92:H99) -> 0 | I100: =G100+H100 -> 0 | K100: =IF(D100=0,"",D100-I100)
B102: 8) Outras Despesas / Variáveis | D102: R$ | E102: Percentual despesa total | G102: =IF(I114=0,"",IF(D114=0,"Preencher coluna Orçamento para melhor funcionamento da Planilha.",IF(I114<(D114*80%),"Sinal Verde - Abaixo do Orçado",IF(D114=I114,"Sinal Amarelo - Igual ao Orçado",IF(D114>I114,"Sinal Amarelo - Próximo ao Orçado","Sinal Vermelho - Passou do Orçado"))))) | I102: Percentual despesa total | K102: R$ | M102: Obs. Individual
B103: Presentes | E103: =IF(D114=0,"",D114/D130) | I103: =IF(I114=0,"",I114/I130) | K103: =IF(D103=0,"",(D103-G103-H103)) | M103: =IF((G103+H103)=0,"",IF(D103=0,"",IF((G103+H103)<(D103*80%),"Abaixo do Orçado",IF(D103=(G103+H103),"Igual ao Orçado",IF(D103>(G103+H103),"Próximo ao Orçado","Passou do Orçado")))))
K104: =IF(D104=0,"",(D104-G104-H104)) | M104: =IF((G104+H104)=0,"",IF(D104=0,"",IF((G104+H104)<(D104*80%),"Abaixo do Orçado",IF(D104=(G104+H104),"Igual ao Orçado",IF(D104>(G104+H104),"Próximo ao Orçado","Passou do Orçado")))))
K105: =IF(D105=0,"",(D105-G105-H105)) | M105: =IF((G105+H105)=0,"",IF(D105=0,"",IF((G105+H105)<(D105*80%),"Abaixo do Orçado",IF(D105=(G105+H105),"Igual ao Orçado",IF(D105>(G105+H105),"Próximo ao Orçado","Passou do Orçado")))))
K106: =IF(D106=0,"",(D106-G106-H106)) | M106: =IF((G106+H106)=0,"",IF(D106=0,"",IF((G106+H106)<(D106*80%),"Abaixo do Orçado",IF(D106=(G106+H106),"Igual ao Orçado",IF(D106>(G106+H106),"Próximo ao Orçado","Passou do Orçado")))))
K107: =IF(D107=0,"",(D107-G107-H107)) | M107: =IF((G107+H107)=0,"",IF(D107=0,"",IF((G107+H107)<(D107*80%),"Abaixo do Orçado",IF(D107=(G107+H107),"Igual ao Orçado",IF(D107>(G107+H107),"Próximo ao Orçado","Passou do Orçado")))))
K108: =IF(D108=0,"",(D108-G108-H108)) | M108: =IF((G108+H108)=0,"",IF(D108=0,"",IF((G108+H108)<(D108*80%),"Abaixo do Orçado",IF(D108=(G108+H108),"Igual ao Orçado",IF(D108>(G108+H108),"Próximo ao Orçado","Passou do Orçado")))))
K109: =IF(D109=0,"",(D109-G109-H109)) | M109: =IF((G109+H109)=0,"",IF(D109=0,"",IF((G109+H109)<(D109*80%),"Abaixo do Orçado",IF(D109=(G109+H109),"Igual ao Orçado",IF(D109>(G109+H109),"Próximo ao Orçado","Passou do Orçado")))))
...

Sheet Mar
B2: Controle - Março 2026 Receitas x Despesas | D2: Orçamento | G2: Realizado | K2: Diferença | M2: Observações
B4: Discriminação dos itens | D4: Casal | E4: Total | G4: ='Página Inicial'!C6 -> Nome Esposa | H4: ='Página Inicial'!F6 -> Nome Esposo | I4: Total | K4: Casal | M4: Obs. Individual
B5: Receitas 1 | K5: =IF(D5=0,"",(D5-G5-H5)) | M5: =IF((G5+H5)=0,"",IF(D5=0,"",IF((G5+H5)<(D5*80%),"Abaixo do Orçado",IF(D5=(G5+H5),"Igual ao Orçado",IF(D5>(G5+H5),"Próximo ao Orçado","Passou do Orçado")))))
B6: Receitas 2 | K6: =IF(D6=0,"",(D6-G6-H6)) | M6: =IF((G6+H6)=0,"",IF(D6=0,"",IF((G6+H6)<(D6*80%),"Abaixo do Orçado",IF(D6=(G6+H6),"Igual ao Orçado",IF(D6>(G6+H6),"Próximo ao Orçado","Passou do Orçado")))))
B7: Receitas 3 | K7: =IF(D7=0,"",(D7-G7-H7)) | M7: =IF((G7+H7)=0,"",IF(D7=0,"",IF((G7+H7)<(D7*80%),"Abaixo do Orçado",IF(D7=(G7+H7),"Igual ao Orçado",IF(D7>(G7+H7),"Próximo ao Orçado","Passou do Orçado")))))
K8: =IF(D8=0,"",(D8-G8-H8)) | M8: =IF((G8+H8)=0,"",IF(D8=0,"",IF((G8+H8)<(D8*80%),"Abaixo do Orçado",IF(D8=(G8+H8),"Igual ao Orçado",IF(D8>(G8+H8),"Próximo ao Orçado","Passou do Orçado")))))
K9: =IF(D9=0,"",(D9-G9-H9)) | M9: =IF((G9+H9)=0,"",IF(D9=0,"",IF((G9+H9)<(D9*80%),"Abaixo do Orçado",IF(D9=(G9+H9),"Igual ao Orçado",IF(D9>(G9+H9),"Próximo ao Orçado","Passou do Orçado")))))
B10: ( - ) Impostos retidos / pagos | K10: =IF(D10=0,"",(D10-G10-H10)) | M10: =IF((G10+H10)=0,"",IF(D10=0,"",IF((G10+H10)<(D10*80%),"Abaixo do Orçado",IF(D10=(G10+H10),"Igual ao Orçado",IF(D10>(G10+H10),"Próximo ao Orçado","Passou do Orçado")))))
B11: Total Salários: | D11: =D5+D6+D7+D8+D9-D10 -> 0 | G11: =G5+G6+G7+G8+G9-G10 -> 0 | H11: =H5+H6+H7+H8+H9-H10 -> 0 | I11: =G11+H11 -> 0 | K11: =IF(D11=0,"",D11-I11)
B12: Despesas por Grupo
B13: 1) Habitação | D13: R$ | E13: Percentual despesa total | G13: =IF(I28=0,"",IF(D28=0,"Preencher coluna Orçamento para melhor funcionamento da Planilha.",IF(I28<(D28*80%),"Sinal Verde - Abaixo do Orçado",IF(D28=I28,"Sinal Amarelo - Igual ao Orçado",IF(D28>I28,"Sinal Amarelo - Próximo ao Orçado","Sinal Vermelho - Passou do Orçado"))))) | I13: Percentual despesa total | K13: R$ | M13: Obs. Individual
B14: Água e Esgoto | E14: =IF(D28=0,"",D28/D130) | I14: =IF(I28=0,"",I28/I130) | K14: =IF(D14=0,"",(D14-G14-H14)) | M14: =IF((G14+H14)=0,"",IF(D14=0,"",IF((G14+H14)<(D14*80%),"Abaixo do Orçado",IF(D14=(G14+H14),"Igual ao Orçado",IF(D14>(G14+H14),"Próximo ao Orçado","Passou do Orçado")))))
B15: Condomínio | K15: =IF(D15=0,"",(D15-G15-H15)) | M15: =IF((G15+H15)=0,"",IF(D15=0,"",IF((G15+H15)<(D15*80%),"Abaixo do Orçado",IF(D15=(G15+H15),"Igual ao Orçado",IF(D15>(G15+H15),"Próximo ao Orçado","Passou do Orçado")))))
B16: Diarista / Empregada | K16: =IF(D16=0,"",(D16-G16-H16)) | M16: =IF((G16+H16)=0,"",IF(D16=0,"",IF((G16+H16)<(D16*80%),"Abaixo do Orçado",IF(D16=(G16+H16),"Igual ao Orçado",IF(D16>(G16+H16),"Próximo ao Orçado","Passou do Orçado")))))
B17: Energia Elétrica | K17: =IF(D17=0,"",(D17-G17-H17)) | M17: =IF((G17+H17)=0,"",IF(D17=0,"",IF((G17+H17)<(D17*80%),"Abaixo do Orçado",IF(D17=(G17+H17),"Igual ao Orçado",IF(D17>(G17+H17),"Próximo ao Orçado","Passou do Orçado")))))
B18: IPTU / Outras taxas | K18: =IF(D18=0,"",(D18-G18-H18)) | M18: =IF((G18+H18)=0,"",IF(D18=0,"",IF((G18+H18)<(D18*80%),"Abaixo do Orçado",IF(D18=(G18+H18),"Igual ao Orçado",IF(D18>(G18+H18),"Próximo ao Orçado","Passou do Orçado")))))
B19: Lavagem de Roupas | K19: =IF(D19=0,"",(D19-G19-H19)) | M19: =IF((G19+H19)=0,"",IF(D19=0,"",IF((G19+H19)<(D19*80%),"Abaixo do Orçado",IF(D19=(G19+H19),"Igual ao Orçado",IF(D19>(G19+H19),"Próximo ao Orçado","Passou do Orçado")))))
B20: Manutenção Geral | K20: =IF(D20=0,"",(D20-G20-H20)) | M20: =IF((G20+H20)=0,"",IF(D20=0,"",IF((G20+H20)<(D20*80%),"Abaixo do Orçado",IF(D20=(G20+H20),"Igual ao Orçado",IF(D20>(G20+H20),"Próximo ao Orçado","Passou do Orçado")))))
B21: Prestação Apartamento / Aluguel | K21: =IF(D21=0,"",(D21-G21-H21)) | M21: =IF((G21+H21)=0,"",IF(D21=0,"",IF((G21+H21)<(D21*80%),"Abaixo do Orçado",IF(D21=(G21+H21),"Igual ao Orçado",IF(D21>(G21+H21),"Próximo ao Orçado","Passou do Orçado")))))
B22: Telefone Fixo / Internet | K22: =IF(D22=0,"",(D22-G22-H22)) | M22: =IF((G22+H22)=0,"",IF(D22=0,"",IF((G22+H22)<(D22*80%),"Abaixo do Orçado",IF(D22=(G22+H22),"Igual ao Orçado",IF(D22>(G22+H22),"Próximo ao Orçado","Passou do Orçado")))))
B23: Outros 1 - | K23: =IF(D23=0,"",(D23-G23-H23)) | M23: =IF((G23+H23)=0,"",IF(D23=0,"",IF((G23+H23)<(D23*80%),"Abaixo do Orçado",IF(D23=(G23+H23),"Igual ao Orçado",IF(D23>(G23+H23),"Próximo ao Orçado","Passou do Orçado")))))
B24: Outros 2 - | K24: =IF(D24=0,"",(D24-G24-H24)) | M24: =IF((G24+H24)=0,"",IF(D24=0,"",IF((G24+H24)<(D24*80%),"Abaixo do Orçado",IF(D24=(G24+H24),"Igual ao Orçado",IF(D24>(G24+H24),"Próximo ao Orçado","Passou do Orçado")))))
K25: =IF(D25=0,"",(D25-G25-H25)) | M25: =IF((G25+H25)=0,"",IF(D25=0,"",IF((G25+H25)<(D25*80%),"Abaixo do Orçado",IF(D25=(G25+H25),"Igual ao Orçado",IF(D25>(G25+H25),"Próximo ao Orçado","Passou do Orçado")))))
K26: =IF(D26=0,"",(D26-G26-H26)) | M26: =IF((G26+H26)=0,"",IF(D26=0,"",IF((G26+H26)<(D26*80%),"Abaixo do Orçado",IF(D26=(G26+H26),"Igual ao Orçado",IF(D26>(G26+H26),"Próximo ao Orçado","Passou do Orçado")))))
K27: =IF(D27=0,"",(D27-G27-H27)) | M27: =IF((G27+H27)=0,"",IF(D27=0,"",IF((G27+H27)<(D27*80%),"Abaixo do Orçado",IF(D27=(G27+H27),"Igual ao Orçado",IF(D27>(G27+H27),"Próximo ao Orçado","Passou do Orçado")))))
B28: Total Grupo 1: | D28: =SUM(D14:D27) -> 0 | G28: =SUM(G14:G27) -> 0 | H28: =SUM(H14:H27) -> 0 | I28: =G28+H28 -> 0 | K28: =IF(D28=0,"",D28-I28)
B30: 2) Alimentação | D30: R$ | E30: Percentual despesa total | G30: =IF(I39=0,"",IF(D39=0,"Preencher coluna Orçamento para melhor funcionamento da Planilha.",IF(I39<(D39*80%),"Sinal Verde - Abaixo do Orçado",IF(D39=I39,"Sinal Amarelo - Igual ao Orçado",IF(D39>I39,"Sinal Amarelo - Próximo ao Orçado","Sinal Vermelho - Passou do Orçado"))))) | I30: Percentual despesa total | K30: R$ | M30: Obs. Individual
B31: Refeições diárias (Almoço / Jantar, Etc) | E31: =IF(D39=0,"",D39/D130) | I31: =IF(I39=0,"",I39/I130) | K31: =IF(D31=0,"",(D31-G31-H31)) | M31: =IF((G31+H31)=0,"",IF(D31=0,"",IF((G31+H31)<(D31*80%),"Abaixo do Orçado",IF(D31=(G31+H31),"Igual ao Orçado",IF(D31>(G31+H31),"Próximo ao Orçado","Passou do Orçado")))))
B32: Supermercado - Mensal | K32: =IF(D32=0,"",(D32-G32-H32)) | M32: =IF((G32+H32)=0,"",IF(D32=0,"",IF((G32+H32)<(D32*80%),"Abaixo do Orçado",IF(D32=(G32+H32),"Igual ao Orçado",IF(D32>(G32+H32),"Próximo ao Orçado","Passou do Orçado")))))
B33: Supermercado / Padaria - Dia a dia | K33: =IF(D33=0,"",(D33-G33-H33)) | M33: =IF((G33+H33)=0,"",IF(D33=0,"",IF((G33+H33)<(D33*80%),"Abaixo do Orçado",IF(D33=(G33+H33),"Igual ao Orçado",IF(D33>(G33+H33),"Próximo ao Orçado","Passou do Orçado")))))
B34: Outros 1 - | K34: =IF(D34=0,"",(D34-G34-H34)) | M34: =IF((G34+H34)=0,"",IF(D34=0,"",IF((G34+H34)<(D34*80%),"Abaixo do Orçado",IF(D34=(G34+H34),"Igual ao Orçado",IF(D34>(G34+H34),"Próximo ao Orçado","Passou do Orçado")))))
B35: Outros 2 - | K35: =IF(D35=0,"",(D35-G35-H35)) | M35: =IF((G35+H35)=0,"",IF(D35=0,"",IF((G35+H35)<(D35*80%),"Abaixo do Orçado",IF(D35=(G35+H35),"Igual ao Orçado",IF(D35>(G35+H35),"Próximo ao Orçado","Passou do Orçado")))))
K36: =IF(D36=0,"",(D36-G36-H36)) | M36: =IF((G36+H36)=0,"",IF(D36=0,"",IF((G36+H36)<(D36*80%),"Abaixo do Orçado",IF(D36=(G36+H36),"Igual ao Orçado",IF(D36>(G36+H36),"Próximo ao Orçado","Passou do Orçado")))))
K37: =IF(D37=0,"",(D37-G37-H37)) | M37: =IF((G37+H37)=0,"",IF(D37=0,"",IF((G37+H37)<(D37*80%),"Abaixo do Orçado",IF(D37=(G37+H37),"Igual ao Orçado",IF(D37>(G37+H37),"Próximo ao Orçado","Passou do Orçado")))))
K38: =IF(D38=0,"",(D38-G38-H38)) | M38: =IF((G38+H38)=0,"",IF(D38=0,"",IF((G38+H38)<(D38*80%),"Abaixo do Orçado",IF(D38=(G38+H38),"Igual ao Orçado",IF(D38>(G38+H38),"Próximo ao Orçado","Passou do Orçado")))))
B39: Total Grupo 2: | D39: =SUM(D31:D38) -> 0 | G39: =SUM(G31:G38) -> 0 | H39: =SUM(H31:H38) -> 0 | I39: =G39+H39 -> 0 | K39: =IF(D39=0,"",D39-I39)
B41: 3) Saúde | D41: R$ | E41: Percentual despesa total | G41: =IF(I50=0,"",IF(D50=0,"Preencher coluna Orçamento para melhor funcionamento da Planilha.",IF(I50<(D50*80%),"Sinal Verde - Abaixo do Orçado",IF(D50=I50,"Sinal Amarelo - Igual ao Orçado",IF(D50>I50,"Sinal Amarelo - Próximo ao Orçado","Sinal Vermelho - Passou do Orçado"))))) | I41: Percentual despesa total | K41: R$ | M41: Obs. Individual
B42: Dentista | E42: =IF(D50=0,"",D50/D130) | I42: =IF(I50=0,"",I50/I130) | K42: =IF(D42=0,"",(D42-G42-H42)) | M42: =IF((G42+H42)=0,"",IF(D42=0,"",IF((G42+H42)<(D42*80%),"Abaixo do Orçado",IF(D42=(G42+H42),"Igual ao Orçado",IF(D42>(G42+H42),"Próximo ao Orçado","Passou do Orçado")))))
B43: Farmácia - Medicamentos | K43: =IF(D43=0,"",(D43-G43-H43)) | M43: =IF((G43+H43)=0,"",IF(D43=0,"",IF((G43+H43)<(D43*80%),"Abaixo do Orçado",IF(D43=(G43+H43),"Igual ao Orçado",IF(D43>(G43+H43),"Próximo ao Orçado","Passou do Orçado")))))
B44: Plano de Saúde | K44: =IF(D44=0,"",(D44-G44-H44)) | M44: =IF((G44+H44)=0,"",IF(D44=0,"",IF((G44+H44)<(D44*80%),"Abaixo do Orçado",IF(D44=(G44+H44),"Igual ao Orçado",IF(D44>(G44+H44),"Próximo ao Orçado","Passou do Orçado")))))
B45: Outros 1 - | K45: =IF(D45=0,"",(D45-G45-H45)) | M45: =IF((G45+H45)=0,"",IF(D45=0,"",IF((G45+H45)<(D45*80%),"Abaixo do Orçado",IF(D45=(G45+H45),"Igual ao Orçado",IF(D45>(G45+H45),"Próximo ao Orçado","Passou do Orçado")))))
B46: Outros 2 - | K46: =IF(D46=0,"",(D46-G46-H46)) | M46: =IF((G46+H46)=0,"",IF(D46=0,"",IF((G46+H46)<(D46*80%),"Abaixo do Orçado",IF(D46=(G46+H46),"Igual ao Orçado",IF(D46>(G46+H46),"Próximo ao Orçado","Passou do Orçado")))))
K47: =IF(D47=0,"",(D47-G47-H47)) | M47: =IF((G47+H47)=0,"",IF(D47=0,"",IF((G47+H47)<(D47*80%),"Abaixo do Orçado",IF(D47=(G47+H47),"Igual ao Orçado",IF(D47>(G47+H47),"Próximo ao Orçado","Passou do Orçado")))))
K48: =IF(D48=0,"",(D48-G48-H48)) | M48: =IF((G48+H48)=0,"",IF(D48=0,"",IF((G48+H48)<(D48*80%),"Abaixo do Orçado",IF(D48=(G48+H48),"Igual ao Orçado",IF(D48>(G48+H48),"Próximo ao Orçado","Passou do Orçado")))))
K49: =IF(D49=0,"",(D49-G49-H49)) | M49: =IF((G49+H49)=0,"",IF(D49=0,"",IF((G49+H49)<(D49*80%),"Abaixo do Orçado",IF(D49=(G49+H49),"Igual ao Orçado",IF(D49>(G49+H49),"Próximo ao Orçado","Passou do Orçado")))))
B50: Total Grupo 3: | D50: =SUM(D42:D49) -> 0 | G50: =SUM(G42:G49) -> 0 | H50: =SUM(H42:H49) -> 0 | I50: =G50+H50 -> 0 | K50: =IF(D50=0,"",D50-I50)
B52: 4) Educação | D52: R$ | E52: Percentual despesa total | G52: =IF(I62=0,"",IF(D62=0,"Preencher coluna Orçamento para melhor funcionamento da Planilha.",IF(I62<(D62*80%),"Sinal Verde - Abaixo do Orçado",IF(D62=I62,"Sinal Amarelo - Igual ao Orçado",IF(D62>I62,"Sinal Amarelo - Próximo ao Orçado","Sinal Vermelho - Passou do Orçado"))))) | I52: Percentual despesa total | K52: R$ | M52: Obs. Individual
B53: Colégio / Creche | E53: =IF(D62=0,"",D62/D130) | I53: =IF(I62=0,"",I62/I130) | K53: =IF(D53=0,"",(D53-G53-H53)) | M53: =IF((G53+H53)=0,"",IF(D53=0,"",IF((G53+H53)<(D53*80%),"Abaixo do Orçado",IF(D53=(G53+H53),"Igual ao Orçado",IF(D53>(G53+H53),"Próximo ao Orçado","Passou do Orçado")))))
B54: Cursos / Treinamentos | K54: =IF(D54=0,"",(D54-G54-H54)) | M54: =IF((G54+H54)=0,"",IF(D54=0,"",IF((G54+H54)<(D54*80%),"Abaixo do Orçado",IF(D54=(G54+H54),"Igual ao Orçado",IF(D54>(G54+H54),"Próximo ao Orçado","Passou do Orçado")))))
B55: Faculdade | K55: =IF(D55=0,"",(D55-G55-H55)) | M55: =IF((G55+H55)=0,"",IF(D55=0,"",IF((G55+H55)<(D55*80%),"Abaixo do Orçado",IF(D55=(G55+H55),"Igual ao Orçado",IF(D55>(G55+H55),"Próximo ao Orçado","Passou do Orçado")))))
B56: Pós-graduação | K56: =IF(D56=0,"",(D56-G56-H56)) | M56: =IF((G56+H56)=0,"",IF(D56=0,"",IF((G56+H56)<(D56*80%),"Abaixo do Orçado",IF(D56=(G56+H56),"Igual ao Orçado",IF(D56>(G56+H56),"Próximo ao Orçado","Passou do Orçado")))))
B57: Outros 1 - | K57: =IF(D57=0,"",(D57-G57-H57)) | M57: =IF((G57+H57)=0,"",IF(D57=0,"",IF((G57+H57)<(D57*80%),"Abaixo do Orçado",IF(D57=(G57+H57),"Igual ao Orçado",IF(D57>(G57+H57),"Próximo ao Orçado","Passou do Orçado")))))
B58: Outros 2 - | K58: =IF(D58=0,"",(D58-G58-H58)) | M58: =IF((G58+H58)=0,"",IF(D58=0,"",IF((G58+H58)<(D58*80%),"Abaixo do Orçado",IF(D58=(G58+H58),"Igual ao Orçado",IF(D58>(G58+H58),"Próximo ao Orçado","Passou do Orçado")))))
K59: =IF(D59=0,"",(D59-G59-H59)) | M59: =IF((G59+H59)=0,"",IF(D59=0,"",IF((G59+H59)<(D59*80%),"Abaixo do Orçado",IF(D59=(G59+H59),"Igual ao Orçado",IF(D59>(G59+H59),"Próximo ao Orçado","Passou do Orçado")))))
K60: =IF(D60=0,"",(D60-G60-H60)) | M60: =IF((G60+H60)=0,"",IF(D60=0,"",IF((G60+H60)<(D60*80%),"Abaixo do Orçado",IF(D60=(G60+H60),"Igual ao Orçado",IF(D60>(G60+H60),"Próximo ao Orçado","Passou do Orçado")))))
K61: =IF(D61=0,"",(D61-G61-H61)) | M61: =IF((G61+H61)=0,"",IF(D61=0,"",IF((G61+H61)<(D61*80%),"Abaixo do Orçado",IF(D61=(G61+H61),"Igual ao Orçado",IF(D61>(G61+H61),"Próximo ao Orçado","Passou do Orçado")))))
B62: Total Grupo 4: | D62: =SUM(D53:D61) -> 0 | G62: =SUM(G53:G61) -> 0 | H62: =SUM(H53:H61) -> 0 | I62: =G62+H62 -> 0 | K62: =IF(D62=0,"",D62-I62)
B64: 5) Despesas Pessoais | D64: R$ | E64: Percentual despesa total | G64: =IF(I74=0,"",IF(D74=0,"Preencher coluna Orçamento para melhor funcionamento da Planilha.",IF(I74<(D74*80%),"Sinal Verde - Abaixo do Orçado",IF(D74=I74,"Sinal Amarelo - Igual ao Orçado",IF(D74>I74,"Sinal Amarelo - Próximo ao Orçado","Sinal Vermelho - Passou do Orçado"))))) | I64: Percentual despesa total | K64: R$ | M64: Obs. Individual
B65: Academia / Esporte | E65: =IF(D74=0,"",D74/D130) | I65: =IF(I74=0,"",I74/I130) | K65: =IF(D65=0,"",(D65-G65-H65)) | M65: =IF((G65+H65)=0,"",IF(D65=0,"",IF((G65+H65)<(D65*80%),"Abaixo do Orçado",IF(D65=(G65+H65),"Igual ao Orçado",IF(D65>(G65+H65),"Próximo ao Orçado","Passou do Orçado")))))
B66: Salão de Beleza + Produtos | K66: =IF(D66=0,"",(D66-G66-H66)) | M66: =IF((G66+H66)=0,"",IF(D66=0,"",IF((G66+H66)<(D66*80%),"Abaixo do Orçado",IF(D66=(G66+H66),"Igual ao Orçado",IF(D66>(G66+H66),"Próximo ao Orçado","Passou do Orçado")))))
B67: Telefone Celular | K67: =IF(D67=0,"",(D67-G67-H67)) | M67: =IF((G67+H67)=0,"",IF(D67=0,"",IF((G67+H67)<(D67*80%),"Abaixo do Orçado",IF(D67=(G67+H67),"Igual ao Orçado",IF(D67>(G67+H67),"Próximo ao Orçado","Passou do Orçado")))))
B68: Vestuário | K68: =IF(D68=0,"",(D68-G68-H68)) | M68: =IF((G68+H68)=0,"",IF(D68=0,"",IF((G68+H68)<(D68*80%),"Abaixo do Orçado",IF(D68=(G68+H68),"Igual ao Orçado",IF(D68>(G68+H68),"Próximo ao Orçado","Passou do Orçado")))))
B69: Outros 1 - | K69: =IF(D69=0,"",(D69-G69-H69)) | M69: =IF((G69+H69)=0,"",IF(D69=0,"",IF((G69+H69)<(D69*80%),"Abaixo do Orçado",IF(D69=(G69+H69),"Igual ao Orçado",IF(D69>(G69+H69),"Próximo ao Orçado","Passou do Orçado")))))
B70: Outros 2 - | K70: =IF(D70=0,"",(D70-G70-H70)) | M70: =IF((G70+H70)=0,"",IF(D70=0,"",IF((G70+H70)<(D70*80%),"Abaixo do Orçado",IF(D70=(G70+H70),"Igual ao Orçado",IF(D70>(G70+H70),"Próximo ao Orçado","Passou do Orçado")))))
K71: =IF(D71=0,"",(D71-G71-H71)) | M71: =IF((G71+H71)=0,"",IF(D71=0,"",IF((G71+H71)<(D71*80%),"Abaixo do Orçado",IF(D71=(G71+H71),"Igual ao Orçado",IF(D71>(G71+H71),"Próximo ao Orçado","Passou do Orçado")))))
K72: =IF(D72=0,"",(D72-G72-H72)) | M72: =IF((G72+H72)=0,"",IF(D72=0,"",IF((G72+H72)<(D72*80%),"Abaixo do Orçado",IF(D72=(G72+H72),"Igual ao Orçado",IF(D72>(G72+H72),"Próximo ao Orçado","Passou do Orçado")))))
K73: =IF(D73=0,"",(D73-G73-H73)) | M73: =IF((G73+H73)=0,"",IF(D73=0,"",IF((G73+H73)<(D73*80%),"Abaixo do Orçado",IF(D73=(G73+H73),"Igual ao Orçado",IF(D73>(G73+H73),"Próximo ao Orçado","Passou do Orçado")))))
B74: Total Grupo 5: | D74: =SUM(D65:D73) -> 0 | G74: =SUM(G65:G73) -> 0 | H74: =SUM(H65:H73) -> 0 | I74: =G74+H74 -> 0 | K74: =IF(D74=0,"",D74-I74)
B76: 6) Transporte | D76: R$ | E76: Percentual despesa total | G76: =IF(I89=0,"",IF(D89=0,"Preencher coluna Orçamento para melhor funcionamento da Planilha.",IF(I89<(D89*80%),"Sinal Verde - Abaixo do Orçado",IF(D89=I89,"Sinal Amarelo - Igual ao Orçado",IF(D89>I89,"Sinal Amarelo - Próximo ao Orçado","Sinal Vermelho - Passou do Orçado"))))) | I76: Percentual despesa total | K76: R$ | M76: Obs. Individual
B77: Combustível | E77: =IF(D89=0,"",D89/D130) | I77: =IF(I89=0,"",I89/I130) | K77: =IF(D77=0,"",(D77-G77-H77)) | M77: =IF((G77+H77)=0,"",IF(D77=0,"",IF((G77+H77)<(D77*80%),"Abaixo do Orçado",IF(D77=(G77+H77),"Igual ao Orçado",IF(D77>(G77+H77),"Próximo ao Orçado","Passou do Orçado")))))
B78: Estacionamentos | K78: =IF(D78=0,"",(D78-G78-H78)) | M78: =IF((G78+H78)=0,"",IF(D78=0,"",IF((G78+H78)<(D78*80%),"Abaixo do Orçado",IF(D78=(G78+H78),"Igual ao Orçado",IF(D78>(G78+H78),"Próximo ao Orçado","Passou do Orçado")))))
B79: IPVA + Seguro Obrigatório | K79: =IF(D79=0,"",(D79-G79-H79)) | M79: =IF((G79+H79)=0,"",IF(D79=0,"",IF((G79+H79)<(D79*80%),"Abaixo do Orçado",IF(D79=(G79+H79),"Igual ao Orçado",IF(D79>(G79+H79),"Próximo ao Orçado","Passou do Orçado")))))
B80: Lavagens | K80: =IF(D80=0,"",(D80-G80-H80)) | M80: =IF((G80+H80)=0,"",IF(D80=0,"",IF((G80+H80)<(D80*80%),"Abaixo do Orçado",IF(D80=(G80+H80),"Igual ao Orçado",IF(D80>(G80+H80),"Próximo ao Orçado","Passou do Orçado")))))
B81: Mecânico (outros consertos) | K81: =IF(D81=0,"",(D81-G81-H81)) | M81: =IF((G81+H81)=0,"",IF(D81=0,"",IF((G81+H81)<(D81*80%),"Abaixo do Orçado",IF(D81=(G81+H81),"Igual ao Orçado",IF(D81>(G81+H81),"Próximo ao Orçado","Passou do Orçado")))))
B82: Seguro Carro | K82: =IF(D82=0,"",(D82-G82-H82)) | M82: =IF((G82+H82)=0,"",IF(D82=0,"",IF((G82+H82)<(D82*80%),"Abaixo do Orçado",IF(D82=(G82+H82),"Igual ao Orçado",IF(D82>(G82+H82),"Próximo ao Orçado","Passou do Orçado")))))
B83: Taxi / Ônibus | K83: =IF(D83=0,"",(D83-G83-H83)) | M83: =IF((G83+H83)=0,"",IF(D83=0,"",IF((G83+H83)<(D83*80%),"Abaixo do Orçado",IF(D83=(G83+H83),"Igual ao Orçado",IF(D83>(G83+H83),"Próximo ao Orçado","Passou do Orçado")))))
B84: Outros 1 - | K84: =IF(D84=0,"",(D84-G84-H84)) | M84: =IF((G84+H84)=0,"",IF(D84=0,"",IF((G84+H84)<(D84*80%),"Abaixo do Orçado",IF(D84=(G84+H84),"Igual ao Orçado",IF(D84>(G84+H84),"Próximo ao Orçado","Passou do Orçado")))))
B85: Outros 2 - | K85: =IF(D85=0,"",(D85-G85-H85)) | M85: =IF((G85+H85)=0,"",IF(D85=0,"",IF((G85+H85)<(D85*80%),"Abaixo do Orçado",IF(D85=(G85+H85),"Igual ao Orçado",IF(D85>(G85+H85),"Próximo ao Orçado","Passou do Orçado")))))
K86: =IF(D86=0,"",(D86-G86-H86)) | M86: =IF((G86+H86)=0,"",IF(D86=0,"",IF((G86+H86)<(D86*80%),"Abaixo do Orçado",IF(D86=(G86+H86),"Igual ao Orçado",IF(D86>(G86+H86),"Próximo ao Orçado","Passou do Orçado")))))
K87: =IF(D87=0,"",(D87-G87-H87)) | M87: =IF((G87+H87)=0,"",IF(D87=0,"",IF((G87+H87)<(D87*80%),"Abaixo do Orçado",IF(D87=(G87+H87),"Igual ao Orçado",IF(D87>(G87+H87),"Próximo ao Orçado","Passou do Orçado")))))
K88: =IF(D88=0,"",(D88-G88-H88)) | M88: =IF((G88+H88)=0,"",IF(D88=0,"",IF((G88+H88)<(D88*80%),"Abaixo do Orçado",IF(D88=(G88+H88),"Igual ao Orçado",IF(D88>(G88+H88),"Próximo ao Orçado","Passou do Orçado")))))
B89: Total Grupo 6: | D89: =SUM(D77:D88) -> 0 | G89: =SUM(G77:G88) -> 0 | H89: =SUM(H77:H88) -> 0 | I89: =G89+H89 -> 0 | K89: =IF(D89=0,"",D89-I89)
B91: 7) Lazer | D91: R$ | E91: Percentual despesa total | G91: =IF(I100=0,"",IF(D100=0,"Preencher coluna Orçamento para melhor funcionamento da Planilha.",IF(I100<(D100*80%),"Sinal Verde - Abaixo do Orçado",IF(D100=I100,"Sinal Amarelo - Igual ao Orçado",IF(D100>I100,"Sinal Amarelo - Próximo ao Orçado","Sinal Vermelho - Passou do Orçado"))))) | I91: Percentual despesa total | K91: R$ | M91: Obs. Individual
B92: Festas | E92: =IF(D100=0,"",D100/D130) | I92: =IF(I100=0,"",I100/I130) | K92: =IF(D92=0,"",(D92-G92-H92)) | M92: =IF((G92+H92)=0,"",IF(D92=0,"",IF((G92+H92)<(D92*80%),"Abaixo do Orçado",IF(D92=(G92+H92),"Igual ao Orçado",IF(D92>(G92+H92),"Próximo ao Orçado","Passou do Orçado")))))
B93: Restaurantes / Bares | K93: =IF(D93=0,"",(D93-G93-H93)) | M93: =IF((G93+H93)=0,"",IF(D93=0,"",IF((G93+H93)<(D93*80%),"Abaixo do Orçado",IF(D93=(G93+H93),"Igual ao Orçado",IF(D93>(G93+H93),"Próximo ao Orçado","Passou do Orçado")))))
B94: Viagens (Hospedagem, passagem, etc) | K94: =IF(D94=0,"",(D94-G94-H94)) | M94: =IF((G94+H94)=0,"",IF(D94=0,"",IF((G94+H94)<(D94*80%),"Abaixo do Orçado",IF(D94=(G94+H94),"Igual ao Orçado",IF(D94>(G94+H94),"Próximo ao Orçado","Passou do Orçado")))))
B95: Outros 1 - | K95: =IF(D95=0,"",(D95-G95-H95)) | M95: =IF((G95+H95)=0,"",IF(D95=0,"",IF((G95+H95)<(D95*80%),"Abaixo do Orçado",IF(D95=(G95+H95),"Igual ao Orçado",IF(D95>(G95+H95),"Próximo ao Orçado","Passou do Orçado")))))
B96: Outros 2 - | K96: =IF(D96=0,"",(D96-G96-H96)) | M96: =IF((G96+H96)=0,"",IF(D96=0,"",IF((G96+H96)<(D96*80%),"Abaixo do Orçado",IF(D96=(G96+H96),"Igual ao Orçado",IF(D96>(G96+H96),"Próximo ao Orçado","Passou do Orçado")))))
K97: =IF(D97=0,"",(D97-G97-H97)) | M97: =IF((G97+H97)=0,"",IF(D97=0,"",IF((G97+H97)<(D97*80%),"Abaixo do Orçado",IF(D97=(G97+H97),"Igual ao Orçado",IF(D97>(G97+H97),"Próximo ao Orçado","Passou do Orçado")))))
K98: =IF(D98=0,"",(D98-G98-H98)) | M98: =IF((G98+H98)=0,"",IF(D98=0,"",IF((G98+H98)<(D98*80%),"Abaixo do Orçado",IF(D98=(G98+H98),"Igual ao Orçado",IF(D98>(G98+H98),"Próximo ao Orçado","Passou do Orçado")))))
K99: =IF(D99=0,"",(D99-G99-H99)) | M99: =IF((G99+H99)=0,"",IF(D99=0,"",IF((G99+H99)<(D99*80%),"Abaixo do Orçado",IF(D99=(G99+H99),"Igual ao Orçado",IF(D99>(G99+H99),"Próximo ao Orçado","Passou do Orçado")))))
B100: Total Grupo 7: | D100: =SUM(D92:D99) -> 0 | G100: =SUM(G92:G99) -> 0 | H100: =SUM(H92:H99) -> 0 | I100: =G100+H100 -> 0 | K100: =IF(D100=0,"",D100-I100)
B102: 8) Outras Despesas / Variáveis | D102: R$ | E102: Percentual despesa total | G102: =IF(I114=0,"",IF(D114=0,"Preencher coluna Orçamento para melhor funcionamento da Planilha.",IF(I114<(D114*80%),"Sinal Verde - Abaixo do Orçado",IF(D114=I114,"Sinal Amarelo - Igual ao Orçado",IF(D114>I114,"Sinal Amarelo - Próximo ao Orçado","Sinal Vermelho - Passou do Orçado"))))) | I102: Percentual despesa total | K102: R$ | M102: Obs. Individual
B103: Presentes | E103: =IF(D114=0,"",D114/D130) | I103: =IF(I114=0,"",I114/I130) | K103: =IF(D103=0,"",(D103-G103-H103)) | M103: =IF((G103+H103)=0,"",IF(D103=0,"",IF((G103+H103)<(D103*80%),"Abaixo do Orçado",IF(D103=(G103+H103),"Igual ao Orçado",IF(D103>(G103+H103),"Próximo ao Orçado","Passou do Orçado")))))
K104: =IF(D104=0,"",(D104-G104-H104)) | M104: =IF((G104+H104)=0,"",IF(D104=0,"",IF((G104+H104)<(D104*80%),"Abaixo do Orçado",IF(D104=(G104+H104),"Igual ao Orçado",IF(D104>(G104+H104),"Próximo ao Orçado","Passou do Orçado")))))
K105: =IF(D105=0,"",(D105-G105-H105)) | M105: =IF((G105+H105)=0,"",IF(D105=0,"",IF((G105+H105)<(D105*80%),"Abaixo do Orçado",IF(D105=(G105+H105),"Igual ao Orçado",IF(D105>(G105+H105),"Próximo ao Orçado","Passou do Orçado")))))
K106: =IF(D106=0,"",(D106-G106-H106)) | M106: =IF((G106+H106)=0,"",IF(D106=0,"",IF((G106+H106)<(D106*80%),"Abaixo do Orçado",IF(D106=(G106+H106),"Igual ao Orçado",IF(D106>(G106+H106),"Próximo ao Orçado","Passou do Orçado")))))
K107: =IF(D107=0,"",(D107-G107-H107)) | M107: =IF((G107+H107)=0,"",IF(D107=0,"",IF((G107+H107)<(D107*80%),"Abaixo do Orçado",IF(D107=(G107+H107),"Igual ao Orçado",IF(D107>(G107+H107),"Próximo ao Orçado","Passou do Orçado")))))
K108: =IF(D108=0,"",(D108-G108-H108)) | M108: =IF((G108+H108)=0,"",IF(D108=0,"",IF((G108+H108)<(D108*80%),"Abaixo do Orçado",IF(D108=(G108+H108),"Igual ao Orçado",IF(D108>(G108+H108),"Próximo ao Orçado","Passou do Orçado")))))
K109: =IF(D109=0,"",(D109-G109-H109)) | M109: =IF((G109+H109)=0,"",IF(D109=0,"",IF((G109+H109)<(D109*80%),"Abaixo do Orçado",IF(D109=(G109+H109),"Igual ao Orçado",IF(D109>(G109+H109),"Próximo ao Orçado","Passou do Orçado")))))
...

Sheet Abr
B2: Controle - Abril 2026 Receitas x Despesas | D2: Orçamento | G2: Realizado | K2: Diferença | M2: Observações
B4: Discriminação dos itens | D4: Casal | E4: Total | G4: ='Página Inicial'!C6 -> Nome Esposa | H4: ='Página Inicial'!F6 -> Nome Esposo | I4: Total | K4: Casal | M4: Obs. Individual
B5: Receitas 1 | K5: =IF(D5=0,"",(D5-G5-H5)) | M5: =IF((G5+H5)=0,"",IF(D5=0,"",IF((G5+H5)<(D5*80%),"Abaixo do Orçado",IF(D5=(G5+H5),"Igual ao Orçado",IF(D5>(G5+H5),"Próximo ao Orçado","Passou do Orçado")))))
B6: Receitas 2 | K6: =IF(D6=0,"",(D6-G6-H6)) | M6: =IF((G6+H6)=0,"",IF(D6=0,"",IF((G6+H6)<(D6*80%),"Abaixo do Orçado",IF(D6=(G6+H6),"Igual ao Orçado",IF(D6>(G6+H6),"Próximo ao Orçado","Passou do Orçado")))))
B7: Receitas 3 | K7: =IF(D7=0,"",(D7-G7-H7)) | M7: =IF((G7+H7)=0,"",IF(D7=0,"",IF((G7+H7)<(D7*80%),"Abaixo do Orçado",IF(D7=(G7+H7),"Igual ao Orçado",IF(D7>(G7+H7),"Próximo ao Orçado","Passou do Orçado")))))
K8: =IF(D8=0,"",(D8-G8-H8)) | M8: =IF((G8+H8)=0,"",IF(D8=0,"",IF((G8+H8)<(D8*80%),"Abaixo do Orçado",IF(D8=(G8+H8),"Igual ao Orçado",IF(D8>(G8+H8),"Próximo ao Orçado","Passou do Orçado")))))
K9: =IF(D9=0,"",(D9-G9-H9)) | M9: =IF((G9+H9)=0,"",IF(D9=0,"",IF((G9+H9)<(D9*80%),"Abaixo do Orçado",IF(D9=(G9+H9),"Igual ao Orçado",IF(D9>(G9+H9),"Próximo ao Orçado","Passou do Orçado")))))
B10: ( - ) Impostos retidos / pagos | K10: =IF(D10=0,"",(D10-G10-H10)) | M10: =IF((G10+H10)=0,"",IF(D10=0,"",IF((G10+H10)<(D10*80%),"Abaixo do Orçado",IF(D10=(G10+H10),"Igual ao Orçado",IF(D10>(G10+H10),"Próximo ao Orçado","Passou do Orçado")))))
B11: Total Salários: | D11: =D5+D6+D7+D8+D9-D10 -> 0 | G11: =G5+G6+G7+G8+G9-G10 -> 0 | H11: =H5+H6+H7+H8+H9-H10 -> 0 | I11: =G11+H11 -> 0 | K11: =IF(D11=0,"",D11-I11)
B12: Despesas por Grupo
B13: 1) Habitação | D13: R$ | E13: Percentual despesa total | G13: =IF(I28=0,"",IF(D28=0,"Preencher coluna Orçamento para melhor funcionamento da Planilha.",IF(I28<(D28*80%),"Sinal Verde - Abaixo do Orçado",IF(D28=I28,"Sinal Amarelo - Igual ao Orçado",IF(D28>I28,"Sinal Amarelo - Próximo ao Orçado","Sinal Vermelho - Passou do Orçado"))))) | I13: Percentual despesa total | K13: R$ | M13: Obs. Individual
B14: Água e Esgoto | E14: =IF(D28=0,"",D28/D130) | I14: =IF(I28=0,"",I28/I130) | K14: =IF(D14=0,"",(D14-G14-H14)) | M14: =IF((G14+H14)=0,"",IF(D14=0,"",IF((G14+H14)<(D14*80%),"Abaixo do Orçado",IF(D14=(G14+H14),"Igual ao Orçado",IF(D14>(G14+H14),"Próximo ao Orçado","Passou do Orçado")))))
B15: Condomínio | K15: =IF(D15=0,"",(D15-G15-H15)) | M15: =IF((G15+H15)=0,"",IF(D15=0,"",IF((G15+H15)<(D15*80%),"Abaixo do Orçado",IF(D15=(G15+H15),"Igual ao Orçado",IF(D15>(G15+H15),"Próximo ao Orçado","Passou do Orçado")))))
B16: Diarista / Empregada | K16: =IF(D16=0,"",(D16-G16-H16)) | M16: =IF((G16+H16)=0,"",IF(D16=0,"",IF((G16+H16)<(D16*80%),"Abaixo do Orçado",IF(D16=(G16+H16),"Igual ao Orçado",IF(D16>(G16+H16),"Próximo ao Orçado","Passou do Orçado")))))
B17: Energia Elétrica | K17: =IF(D17=0,"",(D17-G17-H17)) | M17: =IF((G17+H17)=0,"",IF(D17=0,"",IF((G17+H17)<(D17*80%),"Abaixo do Orçado",IF(D17=(G17+H17),"Igual ao Orçado",IF(D17>(G17+H17),"Próximo ao Orçado","Passou do Orçado")))))
B18: IPTU / Outras taxas | K18: =IF(D18=0,"",(D18-G18-H18)) | M18: =IF((G18+H18)=0,"",IF(D18=0,"",IF((G18+H18)<(D18*80%),"Abaixo do Orçado",IF(D18=(G18+H18),"Igual ao Orçado",IF(D18>(G18+H18),"Próximo ao Orçado","Passou do Orçado")))))
B19: Lavagem de Roupas | K19: =IF(D19=0,"",(D19-G19-H19)) | M19: =IF((G19+H19)=0,"",IF(D19=0,"",IF((G19+H19)<(D19*80%),"Abaixo do Orçado",IF(D19=(G19+H19),"Igual ao Orçado",IF(D19>(G19+H19),"Próximo ao Orçado","Passou do Orçado")))))
B20: Manutenção Geral | K20: =IF(D20=0,"",(D20-G20-H20)) | M20: =IF((G20+H20)=0,"",IF(D20=0,"",IF((G20+H20)<(D20*80%),"Abaixo do Orçado",IF(D20=(G20+H20),"Igual ao Orçado",IF(D20>(G20+H20),"Próximo ao Orçado","Passou do Orçado")))))
B21: Prestação Apartamento / Aluguel | K21: =IF(D21=0,"",(D21-G21-H21)) | M21: =IF((G21+H21)=0,"",IF(D21=0,"",IF((G21+H21)<(D21*80%),"Abaixo do Orçado",IF(D21=(G21+H21),"Igual ao Orçado",IF(D21>(G21+H21),"Próximo ao Orçado","Passou do Orçado")))))
B22: Telefone Fixo / Internet | K22: =IF(D22=0,"",(D22-G22-H22)) | M22: =IF((G22+H22)=0,"",IF(D22=0,"",IF((G22+H22)<(D22*80%),"Abaixo do Orçado",IF(D22=(G22+H22),"Igual ao Orçado",IF(D22>(G22+H22),"Próximo ao Orçado","Passou do Orçado")))))
B23: Outros 1 - | K23: =IF(D23=0,"",(D23-G23-H23)) | M23: =IF((G23+H23)=0,"",IF(D23=0,"",IF((G23+H23)<(D23*80%),"Abaixo do Orçado",IF(D23=(G23+H23),"Igual ao Orçado",IF(D23>(G23+H23),"Próximo ao Orçado","Passou do Orçado")))))
B24: Outros 2 - | K24: =IF(D24=0,"",(D24-G24-H24)) | M24: =IF((G24+H24)=0,"",IF(D24=0,"",IF((G24+H24)<(D24*80%),"Abaixo do Orçado",IF(D24=(G24+H24),"Igual ao Orçado",IF(D24>(G24+H24),"Próximo ao Orçado","Passou do Orçado")))))
K25: =IF(D25=0,"",(D25-G25-H25)) | M25: =IF((G25+H25)=0,"",IF(D25=0,"",IF((G25+H25)<(D25*80%),"Abaixo do Orçado",IF(D25=(G25+H25),"Igual ao Orçado",IF(D25>(G25+H25),"Próximo ao Orçado","Passou do Orçado")))))
K26: =IF(D26=0,"",(D26-G26-H26)) | M26: =IF((G26+H26)=0,"",IF(D26=0,"",IF((G26+H26)<(D26*80%),"Abaixo do Orçado",IF(D26=(G26+H26),"Igual ao Orçado",IF(D26>(G26+H26),"Próximo ao Orçado","Passou do Orçado")))))
K27: =IF(D27=0,"",(D27-G27-H27)) | M27: =IF((G27+H27)=0,"",IF(D27=0,"",IF((G27+H27)<(D27*80%),"Abaixo do Orçado",IF(D27=(G27+H27),"Igual ao Orçado",IF(D27>(G27+H27),"Próximo ao Orçado","Passou do Orçado")))))
B28: Total Grupo 1: | D28: =SUM(D14:D27) -> 0 | G28: =SUM(G14:G27) -> 0 | H28: =SUM(H14:H27) -> 0 | I28: =G28+H28 -> 0 | K28: =IF(D28=0,"",D28-I28)
B30: 2) Alimentação | D30: R$ | E30: Percentual despesa total | G30: =IF(I39=0,"",IF(D39=0,"Preencher coluna Orçamento para melhor funcionamento da Planilha.",IF(I39<(D39*80%),"Sinal Verde - Abaixo do Orçado",IF(D39=I39,"Sinal Amarelo - Igual ao Orçado",IF(D39>I39,"Sinal Amarelo - Próximo ao Orçado","Sinal Vermelho - Passou do Orçado"))))) | I30: Percentual despesa total | K30: R$ | M30: Obs. Individual
B31: Refeições diárias (Almoço / Jantar, Etc) | E31: =IF(D39=0,"",D39/D130) | I31: =IF(I39=0,"",I39/I130) | K31: =IF(D31=0,"",(D31-G31-H31)) | M31: =IF((G31+H31)=0,"",IF(D31=0,"",IF((G31+H31)<(D31*80%),"Abaixo do Orçado",IF(D31=(G31+H31),"Igual ao Orçado",IF(D31>(G31+H31),"Próximo ao Orçado","Passou do Orçado")))))
B32: Supermercado - Mensal | K32: =IF(D32=0,"",(D32-G32-H32)) | M32: =IF((G32+H32)=0,"",IF(D32=0,"",IF((G32+H32)<(D32*80%),"Abaixo do Orçado",IF(D32=(G32+H32),"Igual ao Orçado",IF(D32>(G32+H32),"Próximo ao Orçado","Passou do Orçado")))))
B33: Supermercado / Padaria - Dia a dia | K33: =IF(D33=0,"",(D33-G33-H33)) | M33: =IF((G33+H33)=0,"",IF(D33=0,"",IF((G33+H33)<(D33*80%),"Abaixo do Orçado",IF(D33=(G33+H33),"Igual ao Orçado",IF(D33>(G33+H33),"Próximo ao Orçado","Passou do Orçado")))))
B34: Outros 1 - | K34: =IF(D34=0,"",(D34-G34-H34)) | M34: =IF((G34+H34)=0,"",IF(D34=0,"",IF((G34+H34)<(D34*80%),"Abaixo do Orçado",IF(D34=(G34+H34),"Igual ao Orçado",IF(D34>(G34+H34),"Próximo ao Orçado","Passou do Orçado")))))
B35: Outros 2 - | K35: =IF(D35=0,"",(D35-G35-H35)) | M35: =IF((G35+H35)=0,"",IF(D35=0,"",IF((G35+H35)<(D35*80%),"Abaixo do Orçado",IF(D35=(G35+H35),"Igual ao Orçado",IF(D35>(G35+H35),"Próximo ao Orçado","Passou do Orçado")))))
K36: =IF(D36=0,"",(D36-G36-H36)) | M36: =IF((G36+H36)=0,"",IF(D36=0,"",IF((G36+H36)<(D36*80%),"Abaixo do Orçado",IF(D36=(G36+H36),"Igual ao Orçado",IF(D36>(G36+H36),"Próximo ao Orçado","Passou do Orçado")))))
K37: =IF(D37=0,"",(D37-G37-H37)) | M37: =IF((G37+H37)=0,"",IF(D37=0,"",IF((G37+H37)<(D37*80%),"Abaixo do Orçado",IF(D37=(G37+H37),"Igual ao Orçado",IF(D37>(G37+H37),"Próximo ao Orçado","Passou do Orçado")))))
K38: =IF(D38=0,"",(D38-G38-H38)) | M38: =IF((G38+H38)=0,"",IF(D38=0,"",IF((G38+H38)<(D38*80%),"Abaixo do Orçado",IF(D38=(G38+H38),"Igual ao Orçado",IF(D38>(G38+H38),"Próximo ao Orçado","Passou do Orçado")))))
B39: Total Grupo 2: | D39: =SUM(D31:D38) -> 0 | G39: =SUM(G31:G38) -> 0 | H39: =SUM(H31:H38) -> 0 | I39: =G39+H39 -> 0 | K39: =IF(D39=0,"",D39-I39)
B41: 3) Saúde | D41: R$ | E41: Percentual despesa total | G41: =IF(I50=0,"",IF(D50=0,"Preencher coluna Orçamento para melhor funcionamento da Planilha.",IF(I50<(D50*80%),"Sinal Verde - Abaixo do Orçado",IF(D50=I50,"Sinal Amarelo - Igual ao Orçado",IF(D50>I50,"Sinal Amarelo - Próximo ao Orçado","Sinal Vermelho - Passou do Orçado"))))) | I41: Percentual despesa total | K41: R$ | M41: Obs. Individual
B42: Dentista | E42: =IF(D50=0,"",D50/D130) | I42: =IF(I50=0,"",I50/I130) | K42: =IF(D42=0,"",(D42-G42-H42)) | M42: =IF((G42+H42)=0,"",IF(D42=0,"",IF((G42+H42)<(D42*80%),"Abaixo do Orçado",IF(D42=(G42+H42),"Igual ao Orçado",IF(D42>(G42+H42),"Próximo ao Orçado","Passou do Orçado")))))
B43: Farmácia - Medicamentos | K43: =IF(D43=0,"",(D43-G43-H43)) | M43: =IF((G43+H43)=0,"",IF(D43=0,"",IF((G43+H43)<(D43*80%),"Abaixo do Orçado",IF(D43=(G43+H43),"Igual ao Orçado",IF(D43>(G43+H43),"Próximo ao Orçado","Passou do Orçado")))))
B44: Plano de Saúde | K44: =IF(D44=0,"",(D44-G44-H44)) | M44: =IF((G44+H44)=0,"",IF(D44=0,"",IF((G44+H44)<(D44*80%),"Abaixo do Orçado",IF(D44=(G44+H44),"Igual ao Orçado",IF(D44>(G44+H44),"Próximo ao Orçado","Passou do Orçado")))))
B45: Outros 1 - | K45: =IF(D45=0,"",(D45-G45-H45)) | M45: =IF((G45+H45)=0,"",IF(D45=0,"",IF((G45+H45)<(D45*80%),"Abaixo do Orçado",IF(D45=(G45+H45),"Igual ao Orçado",IF(D45>(G45+H45),"Próximo ao Orçado","Passou do Orçado")))))
B46: Outros 2 - | K46: =IF(D46=0,"",(D46-G46-H46)) | M46: =IF((G46+H46)=0,"",IF(D46=0,"",IF((G46+H46)<(D46*80%),"Abaixo do Orçado",IF(D46=(G46+H46),"Igual ao Orçado",IF(D46>(G46+H46),"Próximo ao Orçado","Passou do Orçado")))))
K47: =IF(D47=0,"",(D47-G47-H47)) | M47: =IF((G47+H47)=0,"",IF(D47=0,"",IF((G47+H47)<(D47*80%),"Abaixo do Orçado",IF(D47=(G47+H47),"Igual ao Orçado",IF(D47>(G47+H47),"Próximo ao Orçado","Passou do Orçado")))))
K48: =IF(D48=0,"",(D48-G48-H48)) | M48: =IF((G48+H48)=0,"",IF(D48=0,"",IF((G48+H48)<(D48*80%),"Abaixo do Orçado",IF(D48=(G48+H48),"Igual ao Orçado",IF(D48>(G48+H48),"Próximo ao Orçado","Passou do Orçado")))))
K49: =IF(D49=0,"",(D49-G49-H49)) | M49: =IF((G49+H49)=0,"",IF(D49=0,"",IF((G49+H49)<(D49*80%),"Abaixo do Orçado",IF(D49=(G49+H49),"Igual ao Orçado",IF(D49>(G49+H49),"Próximo ao Orçado","Passou do Orçado")))))
B50: Total Grupo 3: | D50: =SUM(D42:D49) -> 0 | G50: =SUM(G42:G49) -> 0 | H50: =SUM(H42:H49) -> 0 | I50: =G50+H50 -> 0 | K50: =IF(D50=0,"",D50-I50)
B52: 4) Educação | D52: R$ | E52: Percentual despesa total | G52: =IF(I62=0,"",IF(D62=0,"Preencher coluna Orçamento para melhor funcionamento da Planilha.",IF(I62<(D62*80%),"Sinal Verde - Abaixo do Orçado",IF(D62=I62,"Sinal Amarelo - Igual ao Orçado",IF(D62>I62,"Sinal Amarelo - Próximo ao Orçado","Sinal Vermelho - Passou do Orçado"))))) | I52: Percentual despesa total | K52: R$ | M52: Obs. Individual
B53: Colégio / Creche | E53: =IF(D62=0,"",D62/D130) | I53: =IF(I62=0,"",I62/I130) | K53: =IF(D53=0,"",(D53-G53-H53)) | M53: =IF((G53+H53)=0,"",IF(D53=0,"",IF((G53+H53)<(D53*80%),"Abaixo do Orçado",IF(D53=(G53+H53),"Igual ao Orçado",IF(D53>(G53+H53),"Próximo ao Orçado","Passou do Orçado")))))
B54: Cursos / Treinamentos | K54: =IF(D54=0,"",(D54-G54-H54)) | M54: =IF((G54+H54)=0,"",IF(D54=0,"",IF((G54+H54)<(D54*80%),"Abaixo do Orçado",IF(D54=(G54+H54),"Igual ao Orçado",IF(D54>(G54+H54),"Próximo ao Orçado","Passou do Orçado")))))
B55: Faculdade | K55: =IF(D55=0,"",(D55-G55-H55)) | M55: =IF((G55+H55)=0,"",IF(D55=0,"",IF((G55+H55)<(D55*80%),"Abaixo do Orçado",IF(D55=(G55+H55),"Igual ao Orçado",IF(D55>(G55+H55),"Próximo ao Orçado","Passou do Orçado")))))
B56: Pós-graduação | K56: =IF(D56=0,"",(D56-G56-H56)) | M56: =IF((G56+H56)=0,"",IF(D56=0,"",IF((G56+H56)<(D56*80%),"Abaixo do Orçado",IF(D56=(G56+H56),"Igual ao Orçado",IF(D56>(G56+H56),"Próximo ao Orçado","Passou do Orçado")))))
B57: Outros 1 - | K57: =IF(D57=0,"",(D57-G57-H57)) | M57: =IF((G57+H57)=0,"",IF(D57=0,"",IF((G57+H57)<(D57*80%),"Abaixo do Orçado",IF(D57=(G57+H57),"Igual ao Orçado",IF(D57>(G57+H57),"Próximo ao Orçado","Passou do Orçado")))))
B58: Outros 2 - | K58: =IF(D58=0,"",(D58-G58-H58)) | M58: =IF((G58+H58)=0,"",IF(D58=0,"",IF((G58+H58)<(D58*80%),"Abaixo do Orçado",IF(D58=(G58+H58),"Igual ao Orçado",IF(D58>(G58+H58),"Próximo ao Orçado","Passou do Orçado")))))
K59: =IF(D59=0,"",(D59-G59-H59)) | M59: =IF((G59+H59)=0,"",IF(D59=0,"",IF((G59+H59)<(D59*80%),"Abaixo do Orçado",IF(D59=(G59+H59),"Igual ao Orçado",IF(D59>(G59+H59),"Próximo ao Orçado","Passou do Orçado")))))
K60: =IF(D60=0,"",(D60-G60-H60)) | M60: =IF((G60+H60)=0,"",IF(D60=0,"",IF((G60+H60)<(D60*80%),"Abaixo do Orçado",IF(D60=(G60+H60),"Igual ao Orçado",IF(D60>(G60+H60),"Próximo ao Orçado","Passou do Orçado")))))
K61: =IF(D61=0,"",(D61-G61-H61)) | M61: =IF((G61+H61)=0,"",IF(D61=0,"",IF((G61+H61)<(D61*80%),"Abaixo do Orçado",IF(D61=(G61+H61),"Igual ao Orçado",IF(D61>(G61+H61),"Próximo ao Orçado","Passou do Orçado")))))
B62: Total Grupo 4: | D62: =SUM(D53:D61) -> 0 | G62: =SUM(G53:G61) -> 0 | H62: =SUM(H53:H61) -> 0 | I62: =G62+H62 -> 0 | K62: =IF(D62=0,"",D62-I62)
B64: 5) Despesas Pessoais | D64: R$ | E64: Percentual despesa total | G64: =IF(I74=0,"",IF(D74=0,"Preencher coluna Orçamento para melhor funcionamento da Planilha.",IF(I74<(D74*80%),"Sinal Verde - Abaixo do Orçado",IF(D74=I74,"Sinal Amarelo - Igual ao Orçado",IF(D74>I74,"Sinal Amarelo - Próximo ao Orçado","Sinal Vermelho - Passou do Orçado"))))) | I64: Percentual despesa total | K64: R$ | M64: Obs. Individual
B65: Academia / Esporte | E65: =IF(D74=0,"",D74/D130) | I65: =IF(I74=0,"",I74/I130) | K65: =IF(D65=0,"",(D65-G65-H65)) | M65: =IF((G65+H65)=0,"",IF(D65=0,"",IF((G65+H65)<(D65*80%),"Abaixo do Orçado",IF(D65=(G65+H65),"Igual ao Orçado",IF(D65>(G65+H65),"Próximo ao Orçado","Passou do Orçado")))))
B66: Salão de Beleza + Produtos | K66: =IF(D66=0,"",(D66-G66-H66)) | M66: =IF((G66+H66)=0,"",IF(D66=0,"",IF((G66+H66)<(D66*80%),"Abaixo do Orçado",IF(D66=(G66+H66),"Igual ao Orçado",IF(D66>(G66+H66),"Próximo ao Orçado","Passou do Orçado")))))
B67: Telefone Celular | K67: =IF(D67=0,"",(D67-G67-H67)) | M67: =IF((G67+H67)=0,"",IF(D67=0,"",IF((G67+H67)<(D67*80%),"Abaixo do Orçado",IF(D67=(G67+H67),"Igual ao Orçado",IF(D67>(G67+H67),"Próximo ao Orçado","Passou do Orçado")))))
B68: Vestuário | K68: =IF(D68=0,"",(D68-G68-H68)) | M68: =IF((G68+H68)=0,"",IF(D68=0,"",IF((G68+H68)<(D68*80%),"Abaixo do Orçado",IF(D68=(G68+H68),"Igual ao Orçado",IF(D68>(G68+H68),"Próximo ao Orçado","Passou do Orçado")))))
B69: Outros 1 - | K69: =IF(D69=0,"",(D69-G69-H69)) | M69: =IF((G69+H69)=0,"",IF(D69=0,"",IF((G69+H69)<(D69*80%),"Abaixo do Orçado",IF(D69=(G69+H69),"Igual ao Orçado",IF(D69>(G69+H69),"Próximo ao Orçado","Passou do Orçado")))))
B70: Outros 2 - | K70: =IF(D70=0,"",(D70-G70-H70)) | M70: =IF((G70+H70)=0,"",IF(D70=0,"",IF((G70+H70)<(D70*80%),"Abaixo do Orçado",IF(D70=(G70+H70),"Igual ao Orçado",IF(D70>(G70+H70),"Próximo ao Orçado","Passou do Orçado")))))
K71: =IF(D71=0,"",(D71-G71-H71)) | M71: =IF((G71+H71)=0,"",IF(D71=0,"",IF((G71+H71)<(D71*80%),"Abaixo do Orçado",IF(D71=(G71+H71),"Igual ao Orçado",IF(D71>(G71+H71),"Próximo ao Orçado","Passou do Orçado")))))
K72: =IF(D72=0,"",(D72-G72-H72)) | M72: =IF((G72+H72)=0,"",IF(D72=0,"",IF((G72+H72)<(D72*80%),"Abaixo do Orçado",IF(D72=(G72+H72),"Igual ao Orçado",IF(D72>(G72+H72),"Próximo ao Orçado","Passou do Orçado")))))
K73: =IF(D73=0,"",(D73-G73-H73)) | M73: =IF((G73+H73)=0,"",IF(D73=0,"",IF((G73+H73)<(D73*80%),"Abaixo do Orçado",IF(D73=(G73+H73),"Igual ao Orçado",IF(D73>(G73+H73),"Próximo ao Orçado","Passou do Orçado")))))
B74: Total Grupo 5: | D74: =SUM(D65:D73) -> 0 | G74: =SUM(G65:G73) -> 0 | H74: =SUM(H65:H73) -> 0 | I74: =G74+H74 -> 0 | K74: =IF(D74=0,"",D74-I74)
B76: 6) Transporte | D76: R$ | E76: Percentual despesa total | G76: =IF(I89=0,"",IF(D89=0,"Preencher coluna Orçamento para melhor funcionamento da Planilha.",IF(I89<(D89*80%),"Sinal Verde - Abaixo do Orçado",IF(D89=I89,"Sinal Amarelo - Igual ao Orçado",IF(D89>I89,"Sinal Amarelo - Próximo ao Orçado","Sinal Vermelho - Passou do Orçado"))))) | I76: Percentual despesa total | K76: R$ | M76: Obs. Individual
B77: Combustível | E77: =IF(D89=0,"",D89/D130) | I77: =IF(I89=0,"",I89/I130) | K77: =IF(D77=0,"",(D77-G77-H77)) | M77: =IF((G77+H77)=0,"",IF(D77=0,"",IF((G77+H77)<(D77*80%),"Abaixo do Orçado",IF(D77=(G77+H77),"Igual ao Orçado",IF(D77>(G77+H77),"Próximo ao Orçado","Passou do Orçado")))))
B78: Estacionamentos | K78: =IF(D78=0,"",(D78-G78-H78)) | M78: =IF((G78+H78)=0,"",IF(D78=0,"",IF((G78+H78)<(D78*80%),"Abaixo do Orçado",IF(D78=(G78+H78),"Igual ao Orçado",IF(D78>(G78+H78),"Próximo ao Orçado","Passou do Orçado")))))
B79: IPVA + Seguro Obrigatório | K79: =IF(D79=0,"",(D79-G79-H79)) | M79: =IF((G79+H79)=0,"",IF(D79=0,"",IF((G79+H79)<(D79*80%),"Abaixo do Orçado",IF(D79=(G79+H79),"Igual ao Orçado",IF(D79>(G79+H79),"Próximo ao Orçado","Passou do Orçado")))))
B80: Lavagens | K80: =IF(D80=0,"",(D80-G80-H80)) | M80: =IF((G80+H80)=0,"",IF(D80=0,"",IF((G80+H80)<(D80*80%),"Abaixo do Orçado",IF(D80=(G80+H80),"Igual ao Orçado",IF(D80>(G80+H80),"Próximo ao Orçado","Passou do Orçado")))))
B81: Mecânico (outros consertos) | K81: =IF(D81=0,"",(D81-G81-H81)) | M81: =IF((G81+H81)=0,"",IF(D81=0,"",IF((G81+H81)<(D81*80%),"Abaixo do Orçado",IF(D81=(G81+H81),"Igual ao Orçado",IF(D81>(G81+H81),"Próximo ao Orçado","Passou do Orçado")))))
B82: Seguro Carro | K82: =IF(D82=0,"",(D82-G82-H82)) | M82: =IF((G82+H82)=0,"",IF(D82=0,"",IF((G82+H82)<(D82*80%),"Abaixo do Orçado",IF(D82=(G82+H82),"Igual ao Orçado",IF(D82>(G82+H82),"Próximo ao Orçado","Passou do Orçado")))))
B83: Taxi / Ônibus | K83: =IF(D83=0,"",(D83-G83-H83)) | M83: =IF((G83+H83)=0,"",IF(D83=0,"",IF((G83+H83)<(D83*80%),"Abaixo do Orçado",IF(D83=(G83+H83),"Igual ao Orçado",IF(D83>(G83+H83),"Próximo ao Orçado","Passou do Orçado")))))
B84: Outros 1 - | K84: =IF(D84=0,"",(D84-G84-H84)) | M84: =IF((G84+H84)=0,"",IF(D84=0,"",IF((G84+H84)<(D84*80%),"Abaixo do Orçado",IF(D84=(G84+H84),"Igual ao Orçado",IF(D84>(G84+H84),"Próximo ao Orçado","Passou do Orçado")))))
B85: Outros 2 - | K85: =IF(D85=0,"",(D85-G85-H85)) | M85: =IF((G85+H85)=0,"",IF(D85=0,"",IF((G85+H85)<(D85*80%),"Abaixo do Orçado",IF(D85=(G85+H85),"Igual ao Orçado",IF(D85>(G85+H85),"Próximo ao Orçado","Passou do Orçado")))))
K86: =IF(D86=0,"",(D86-G86-H86)) | M86: =IF((G86+H86)=0,"",IF(D86=0,"",IF((G86+H86)<(D86*80%),"Abaixo do Orçado",IF(D86=(G86+H86),"Igual ao Orçado",IF(D86>(G86+H86),"Próximo ao Orçado","Passou do Orçado")))))
K87: =IF(D87=0,"",(D87-G87-H87)) | M87: =IF((G87+H87)=0,"",IF(D87=0,"",IF((G87+H87)<(D87*80%),"Abaixo do Orçado",IF(D87=(G87+H87),"Igual ao Orçado",IF(D87>(G87+H87),"Próximo ao Orçado","Passou do Orçado")))))
K88: =IF(D88=0,"",(D88-G88-H88)) | M88: =IF((G88+H88)=0,"",IF(D88=0,"",IF((G88+H88)<(D88*80%),"Abaixo do Orçado",IF(D88=(G88+H88),"Igual ao Orçado",IF(D88>(G88+H88),"Próximo ao Orçado","Passou do Orçado")))))
B89: Total Grupo 6: | D89: =SUM(D77:D88) -> 0 | G89: =SUM(G77:G88) -> 0 | H89: =SUM(H77:H88) -> 0 | I89: =G89+H89 -> 0 | K89: =IF(D89=0,"",D89-I89)
B91: 7) Lazer | D91: R$ | E91: Percentual despesa total | G91: =IF(I100=0,"",IF(D100=0,"Preencher coluna Orçamento para melhor funcionamento da Planilha.",IF(I100<(D100*80%),"Sinal Verde - Abaixo do Orçado",IF(D100=I100,"Sinal Amarelo - Igual ao Orçado",IF(D100>I100,"Sinal Amarelo - Próximo ao Orçado","Sinal Vermelho - Passou do Orçado"))))) | I91: Percentual despesa total | K91: R$ | M91: Obs. Individual
B92: Festas | E92: =IF(D100=0,"",D100/D130) | I92: =IF(I100=0,"",I100/I130) | K92: =IF(D92=0,"",(D92-G92-H92)) | M92: =IF((G92+H92)=0,"",IF(D92=0,"",IF((G92+H92)<(D92*80%),"Abaixo do Orçado",IF(D92=(G92+H92),"Igual ao Orçado",IF(D92>(G92+H92),"Próximo ao Orçado","Passou do Orçado")))))
B93: Restaurantes / Bares | K93: =IF(D93=0,"",(D93-G93-H93)) | M93: =IF((G93+H93)=0,"",IF(D93=0,"",IF((G93+H93)<(D93*80%),"Abaixo do Orçado",IF(D93=(G93+H93),"Igual ao Orçado",IF(D93>(G93+H93),"Próximo ao Orçado","Passou do Orçado")))))
B94: Viagens (Hospedagem, passagem, etc) | K94: =IF(D94=0,"",(D94-G94-H94)) | M94: =IF((G94+H94)=0,"",IF(D94=0,"",IF((G94+H94)<(D94*80%),"Abaixo do Orçado",IF(D94=(G94+H94),"Igual ao Orçado",IF(D94>(G94+H94),"Próximo ao Orçado","Passou do Orçado")))))
B95: Outros 1 - | K95: =IF(D95=0,"",(D95-G95-H95)) | M95: =IF((G95+H95)=0,"",IF(D95=0,"",IF((G95+H95)<(D95*80%),"Abaixo do Orçado",IF(D95=(G95+H95),"Igual ao Orçado",IF(D95>(G95+H95),"Próximo ao Orçado","Passou do Orçado")))))
B96: Outros 2 - | K96: =IF(D96=0,"",(D96-G96-H96)) | M96: =IF((G96+H96)=0,"",IF(D96=0,"",IF((G96+H96)<(D96*80%),"Abaixo do Orçado",IF(D96=(G96+H96),"Igual ao Orçado",IF(D96>(G96+H96),"Próximo ao Orçado","Passou do Orçado")))))
K97: =IF(D97=0,"",(D97-G97-H97)) | M97: =IF((G97+H97)=0,"",IF(D97=0,"",IF((G97+H97)<(D97*80%),"Abaixo do Orçado",IF(D97=(G97+H97),"Igual ao Orçado",IF(D97>(G97+H97),"Próximo ao Orçado","Passou do Orçado")))))
K98: =IF(D98=0,"",(D98-G98-H98)) | M98: =IF((G98+H98)=0,"",IF(D98=0,"",IF((G98+H98)<(D98*80%),"Abaixo do Orçado",IF(D98=(G98+H98),"Igual ao Orçado",IF(D98>(G98+H98),"Próximo ao Orçado","Passou do Orçado")))))
K99: =IF(D99=0,"",(D99-G99-H99)) | M99: =IF((G99+H99)=0,"",IF(D99=0,"",IF((G99+H99)<(D99*80%),"Abaixo do Orçado",IF(D99=(G99+H99),"Igual ao Orçado",IF(D99>(G99+H99),"Próximo ao Orçado","Passou do Orçado")))))
B100: Total Grupo 7: | D100: =SUM(D92:D99) -> 0 | G100: =SUM(G92:G99) -> 0 | H100: =SUM(H92:H99) -> 0 | I100: =G100+H100 -> 0 | K100: =IF(D100=0,"",D100-I100)
B102: 8) Outras Despesas / Variáveis | D102: R$ | E102: Percentual despesa total | G102: =IF(I114=0,"",IF(D114=0,"Preencher coluna Orçamento para melhor funcionamento da Planilha.",IF(I114<(D114*80%),"Sinal Verde - Abaixo do Orçado",IF(D114=I114,"Sinal Amarelo - Igual ao Orçado",IF(D114>I114,"Sinal Amarelo - Próximo ao Orçado","Sinal Vermelho - Passou do Orçado"))))) | I102: Percentual despesa total | K102: R$ | M102: Obs. Individual
B103: Presentes | E103: =IF(D114=0,"",D114/D130) | I103: =IF(I114=0,"",I114/I130) | K103: =IF(D103=0,"",(D103-G103-H103)) | M103: =IF((G103+H103)=0,"",IF(D103=0,"",IF((G103+H103)<(D103*80%),"Abaixo do Orçado",IF(D103=(G103+H103),"Igual ao Orçado",IF(D103>(G103+H103),"Próximo ao Orçado","Passou do Orçado")))))
K104: =IF(D104=0,"",(D104-G104-H104)) | M104: =IF((G104+H104)=0,"",IF(D104=0,"",IF((G104+H104)<(D104*80%),"Abaixo do Orçado",IF(D104=(G104+H104),"Igual ao Orçado",IF(D104>(G104+H104),"Próximo ao Orçado","Passou do Orçado")))))
K105: =IF(D105=0,"",(D105-G105-H105)) | M105: =IF((G105+H105)=0,"",IF(D105=0,"",IF((G105+H105)<(D105*80%),"Abaixo do Orçado",IF(D105=(G105+H105),"Igual ao Orçado",IF(D105>(G105+H105),"Próximo ao Orçado","Passou do Orçado")))))
K106: =IF(D106=0,"",(D106-G106-H106)) | M106: =IF((G106+H106)=0,"",IF(D106=0,"",IF((G106+H106)<(D106*80%),"Abaixo do Orçado",IF(D106=(G106+H106),"Igual ao Orçado",IF(D106>(G106+H106),"Próximo ao Orçado","Passou do Orçado")))))
K107: =IF(D107=0,"",(D107-G107-H107)) | M107: =IF((G107+H107)=0,"",IF(D107=0,"",IF((G107+H107)<(D107*80%),"Abaixo do Orçado",IF(D107=(G107+H107),"Igual ao Orçado",IF(D107>(G107+H107),"Próximo ao Orçado","Passou do Orçado")))))
K108: =IF(D108=0,"",(D108-G108-H108)) | M108: =IF((G108+H108)=0,"",IF(D108=0,"",IF((G108+H108)<(D108*80%),"Abaixo do Orçado",IF(D108=(G108+H108),"Igual ao Orçado",IF(D108>(G108+H108),"Próximo ao Orçado","Passou do Orçado")))))
K109: =IF(D109=0,"",(D109-G109-H109)) | M109: =IF((G109+H109)=0,"",IF(D109=0,"",IF((G109+H109)<(D109*80%),"Abaixo do Orçado",IF(D109=(G109+H109),"Igual ao Orçado",IF(D109>(G109+H109),"Próximo ao Orçado","Passou do Orçado")))))
...

Sheet Mai
B2: Controle - Maio 2026 Receitas x Despesas | D2: Orçamento | G2: Realizado | K2: Diferença | M2: Observações
B4: Discriminação dos itens | D4: Casal | E4: Total | G4: ='Página Inicial'!C6 -> Nome Esposa | H4: ='Página Inicial'!F6 -> Nome Esposo | I4: Total | K4: Casal | M4: Obs. Individual
B5: Receitas 1 | K5: =IF(D5=0,"",(D5-G5-H5)) | M5: =IF((G5+H5)=0,"",IF(D5=0,"",IF((G5+H5)<(D5*80%),"Abaixo do Orçado",IF(D5=(G5+H5),"Igual ao Orçado",IF(D5>(G5+H5),"Próximo ao Orçado","Passou do Orçado")))))
B6: Receitas 2 | K6: =IF(D6=0,"",(D6-G6-H6)) | M6: =IF((G6+H6)=0,"",IF(D6=0,"",IF((G6+H6)<(D6*80%),"Abaixo do Orçado",IF(D6=(G6+H6),"Igual ao Orçado",IF(D6>(G6+H6),"Próximo ao Orçado","Passou do Orçado")))))
B7: Receitas 3 | K7: =IF(D7=0,"",(D7-G7-H7)) | M7: =IF((G7+H7)=0,"",IF(D7=0,"",IF((G7+H7)<(D7*80%),"Abaixo do Orçado",IF(D7=(G7+H7),"Igual ao Orçado",IF(D7>(G7+H7),"Próximo ao Orçado","Passou do Orçado")))))
K8: =IF(D8=0,"",(D8-G8-H8)) | M8: =IF((G8+H8)=0,"",IF(D8=0,"",IF((G8+H8)<(D8*80%),"Abaixo do Orçado",IF(D8=(G8+H8),"Igual ao Orçado",IF(D8>(G8+H8),"Próximo ao Orçado","Passou do Orçado")))))
K9: =IF(D9=0,"",(D9-G9-H9)) | M9: =IF((G9+H9)=0,"",IF(D9=0,"",IF((G9+H9)<(D9*80%),"Abaixo do Orçado",IF(D9=(G9+H9),"Igual ao Orçado",IF(D9>(G9+H9),"Próximo ao Orçado","Passou do Orçado")))))
B10: ( - ) Impostos retidos / pagos | K10: =IF(D10=0,"",(D10-G10-H10)) | M10: =IF((G10+H10)=0,"",IF(D10=0,"",IF((G10+H10)<(D10*80%),"Abaixo do Orçado",IF(D10=(G10+H10),"Igual ao Orçado",IF(D10>(G10+H10),"Próximo ao Orçado","Passou do Orçado")))))
B11: Total Salários: | D11: =D5+D6+D7+D8+D9-D10 -> 0 | G11: =G5+G6+G7+G8+G9-G10 -> 0 | H11: =H5+H6+H7+H8+H9-H10 -> 0 | I11: =G11+H11 -> 0 | K11: =IF(D11=0,"",D11-I11)
B12: Despesas por Grupo
B13: 1) Habitação | D13: R$ | E13: Percentual despesa total | G13: =IF(I28=0,"",IF(D28=0,"Preencher coluna Orçamento para melhor funcionamento da Planilha.",IF(I28<(D28*80%),"Sinal Verde - Abaixo do Orçado",IF(D28=I28,"Sinal Amarelo - Igual ao Orçado",IF(D28>I28,"Sinal Amarelo - Próximo ao Orçado","Sinal Vermelho - Passou do Orçado"))))) | I13: Percentual despesa total | K13: R$ | M13: Obs. Individual
B14: Água e Esgoto | E14: =IF(D28=0,"",D28/D130) | I14: =IF(I28=0,"",I28/I130) | K14: =IF(D14=0,"",(D14-G14-H14)) | M14: =IF((G14+H14)=0,"",IF(D14=0,"",IF((G14+H14)<(D14*80%),"Abaixo do Orçado",IF(D14=(G14+H14),"Igual ao Orçado",IF(D14>(G14+H14),"Próximo ao Orçado","Passou do Orçado")))))
B15: Condomínio | K15: =IF(D15=0,"",(D15-G15-H15)) | M15: =IF((G15+H15)=0,"",IF(D15=0,"",IF((G15+H15)<(D15*80%),"Abaixo do Orçado",IF(D15=(G15+H15),"Igual ao Orçado",IF(D15>(G15+H15),"Próximo ao Orçado","Passou do Orçado")))))
B16: Diarista / Empregada | K16: =IF(D16=0,"",(D16-G16-H16)) | M16: =IF((G16+H16)=0,"",IF(D16=0,"",IF((G16+H16)<(D16*80%),"Abaixo do Orçado",IF(D16=(G16+H16),"Igual ao Orçado",IF(D16>(G16+H16),"Próximo ao Orçado","Passou do Orçado")))))
B17: Energia Elétrica | K17: =IF(D17=0,"",(D17-G17-H17)) | M17: =IF((G17+H17)=0,"",IF(D17=0,"",IF((G17+H17)<(D17*80%),"Abaixo do Orçado",IF(D17=(G17+H17),"Igual ao Orçado",IF(D17>(G17+H17),"Próximo ao Orçado","Passou do Orçado")))))
B18: IPTU / Outras taxas | K18: =IF(D18=0,"",(D18-G18-H18)) | M18: =IF((G18+H18)=0,"",IF(D18=0,"",IF((G18+H18)<(D18*80%),"Abaixo do Orçado",IF(D18=(G18+H18),"Igual ao Orçado",IF(D18>(G18+H18),"Próximo ao Orçado","Passou do Orçado")))))
B19: Lavagem de Roupas | K19: =IF(D19=0,"",(D19-G19-H19)) | M19: =IF((G19+H19)=0,"",IF(D19=0,"",IF((G19+H19)<(D19*80%),"Abaixo do Orçado",IF(D19=(G19+H19),"Igual ao Orçado",IF(D19>(G19+H19),"Próximo ao Orçado","Passou do Orçado")))))
B20: Manutenção Geral | K20: =IF(D20=0,"",(D20-G20-H20)) | M20: =IF((G20+H20)=0,"",IF(D20=0,"",IF((G20+H20)<(D20*80%),"Abaixo do Orçado",IF(D20=(G20+H20),"Igual ao Orçado",IF(D20>(G20+H20),"Próximo ao Orçado","Passou do Orçado")))))
B21: Prestação Apartamento / Aluguel | K21: =IF(D21=0,"",(D21-G21-H21)) | M21: =IF((G21+H21)=0,"",IF(D21=0,"",IF((G21+H21)<(D21*80%),"Abaixo do Orçado",IF(D21=(G21+H21),"Igual ao Orçado",IF(D21>(G21+H21),"Próximo ao Orçado","Passou do Orçado")))))
B22: Telefone Fixo / Internet | K22: =IF(D22=0,"",(D22-G22-H22)) | M22: =IF((G22+H22)=0,"",IF(D22=0,"",IF((G22+H22)<(D22*80%),"Abaixo do Orçado",IF(D22=(G22+H22),"Igual ao Orçado",IF(D22>(G22+H22),"Próximo ao Orçado","Passou do Orçado")))))
B23: Outros 1 - | K23: =IF(D23=0,"",(D23-G23-H23)) | M23: =IF((G23+H23)=0,"",IF(D23=0,"",IF((G23+H23)<(D23*80%),"Abaixo do Orçado",IF(D23=(G23+H23),"Igual ao Orçado",IF(D23>(G23+H23),"Próximo ao Orçado","Passou do Orçado")))))
B24: Outros 2 - | K24: =IF(D24=0,"",(D24-G24-H24)) | M24: =IF((G24+H24)=0,"",IF(D24=0,"",IF((G24+H24)<(D24*80%),"Abaixo do Orçado",IF(D24=(G24+H24),"Igual ao Orçado",IF(D24>(G24+H24),"Próximo ao Orçado","Passou do Orçado")))))
K25: =IF(D25=0,"",(D25-G25-H25)) | M25: =IF((G25+H25)=0,"",IF(D25=0,"",IF((G25+H25)<(D25*80%),"Abaixo do Orçado",IF(D25=(G25+H25),"Igual ao Orçado",IF(D25>(G25+H25),"Próximo ao Orçado","Passou do Orçado")))))
K26: =IF(D26=0,"",(D26-G26-H26)) | M26: =IF((G26+H26)=0,"",IF(D26=0,"",IF((G26+H26)<(D26*80%),"Abaixo do Orçado",IF(D26=(G26+H26),"Igual ao Orçado",IF(D26>(G26+H26),"Próximo ao Orçado","Passou do Orçado")))))
K27: =IF(D27=0,"",(D27-G27-H27)) | M27: =IF((G27+H27)=0,"",IF(D27=0,"",IF((G27+H27)<(D27*80%),"Abaixo do Orçado",IF(D27=(G27+H27),"Igual ao Orçado",IF(D27>(G27+H27),"Próximo ao Orçado","Passou do Orçado")))))
B28: Total Grupo 1: | D28: =SUM(D14:D27) -> 0 | G28: =SUM(G14:G27) -> 0 | H28: =SUM(H14:H27) -> 0 | I28: =G28+H28 -> 0 | K28: =IF(D28=0,"",D28-I28)
B30: 2) Alimentação | D30: R$ | E30: Percentual despesa total | G30: =IF(I39=0,"",IF(D39=0,"Preencher coluna Orçamento para melhor funcionamento da Planilha.",IF(I39<(D39*80%),"Sinal Verde - Abaixo do Orçado",IF(D39=I39,"Sinal Amarelo - Igual ao Orçado",IF(D39>I39,"Sinal Amarelo - Próximo ao Orçado","Sinal Vermelho - Passou do Orçado"))))) | I30: Percentual despesa total | K30: R$ | M30: Obs. Individual
B31: Refeições diárias (Almoço / Jantar, Etc) | E31: =IF(D39=0,"",D39/D130) | I31: =IF(I39=0,"",I39/I130) | K31: =IF(D31=0,"",(D31-G31-H31)) | M31: =IF((G31+H31)=0,"",IF(D31=0,"",IF((G31+H31)<(D31*80%),"Abaixo do Orçado",IF(D31=(G31+H31),"Igual ao Orçado",IF(D31>(G31+H31),"Próximo ao Orçado","Passou do Orçado")))))
B32: Supermercado - Mensal | K32: =IF(D32=0,"",(D32-G32-H32)) | M32: =IF((G32+H32)=0,"",IF(D32=0,"",IF((G32+H32)<(D32*80%),"Abaixo do Orçado",IF(D32=(G32+H32),"Igual ao Orçado",IF(D32>(G32+H32),"Próximo ao Orçado","Passou do Orçado")))))
B33: Supermercado / Padaria - Dia a dia | K33: =IF(D33=0,"",(D33-G33-H33)) | M33: =IF((G33+H33)=0,"",IF(D33=0,"",IF((G33+H33)<(D33*80%),"Abaixo do Orçado",IF(D33=(G33+H33),"Igual ao Orçado",IF(D33>(G33+H33),"Próximo ao Orçado","Passou do Orçado")))))
B34: Outros 1 - | K34: =IF(D34=0,"",(D34-G34-H34)) | M34: =IF((G34+H34)=0,"",IF(D34=0,"",IF((G34+H34)<(D34*80%),"Abaixo do Orçado",IF(D34=(G34+H34),"Igual ao Orçado",IF(D34>(G34+H34),"Próximo ao Orçado","Passou do Orçado")))))
B35: Outros 2 - | K35: =IF(D35=0,"",(D35-G35-H35)) | M35: =IF((G35+H35)=0,"",IF(D35=0,"",IF((G35+H35)<(D35*80%),"Abaixo do Orçado",IF(D35=(G35+H35),"Igual ao Orçado",IF(D35>(G35+H35),"Próximo ao Orçado","Passou do Orçado")))))
K36: =IF(D36=0,"",(D36-G36-H36)) | M36: =IF((G36+H36)=0,"",IF(D36=0,"",IF((G36+H36)<(D36*80%),"Abaixo do Orçado",IF(D36=(G36+H36),"Igual ao Orçado",IF(D36>(G36+H36),"Próximo ao Orçado","Passou do Orçado")))))
K37: =IF(D37=0,"",(D37-G37-H37)) | M37: =IF((G37+H37)=0,"",IF(D37=0,"",IF((G37+H37)<(D37*80%),"Abaixo do Orçado",IF(D37=(G37+H37),"Igual ao Orçado",IF(D37>(G37+H37),"Próximo ao Orçado","Passou do Orçado")))))
K38: =IF(D38=0,"",(D38-G38-H38)) | M38: =IF((G38+H38)=0,"",IF(D38=0,"",IF((G38+H38)<(D38*80%),"Abaixo do Orçado",IF(D38=(G38+H38),"Igual ao Orçado",IF(D38>(G38+H38),"Próximo ao Orçado","Passou do Orçado")))))
B39: Total Grupo 2: | D39: =SUM(D31:D38) -> 0 | G39: =SUM(G31:G38) -> 0 | H39: =SUM(H31:H38) -> 0 | I39: =G39+H39 -> 0 | K39: =IF(D39=0,"",D39-I39)
B41: 3) Saúde | D41: R$ | E41: Percentual despesa total | G41: =IF(I50=0,"",IF(D50=0,"Preencher coluna Orçamento para melhor funcionamento da Planilha.",IF(I50<(D50*80%),"Sinal Verde - Abaixo do Orçado",IF(D50=I50,"Sinal Amarelo - Igual ao Orçado",IF(D50>I50,"Sinal Amarelo - Próximo ao Orçado","Sinal Vermelho - Passou do Orçado"))))) | I41: Percentual despesa total | K41: R$ | M41: Obs. Individual
B42: Dentista | E42: =IF(D50=0,"",D50/D130) | I42: =IF(I50=0,"",I50/I130) | K42: =IF(D42=0,"",(D42-G42-H42)) | M42: =IF((G42+H42)=0,"",IF(D42=0,"",IF((G42+H42)<(D42*80%),"Abaixo do Orçado",IF(D42=(G42+H42),"Igual ao Orçado",IF(D42>(G42+H42),"Próximo ao Orçado","Passou do Orçado")))))
B43: Farmácia - Medicamentos | K43: =IF(D43=0,"",(D43-G43-H43)) | M43: =IF((G43+H43)=0,"",IF(D43=0,"",IF((G43+H43)<(D43*80%),"Abaixo do Orçado",IF(D43=(G43+H43),"Igual ao Orçado",IF(D43>(G43+H43),"Próximo ao Orçado","Passou do Orçado")))))
B44: Plano de Saúde | K44: =IF(D44=0,"",(D44-G44-H44)) | M44: =IF((G44+H44)=0,"",IF(D44=0,"",IF((G44+H44)<(D44*80%),"Abaixo do Orçado",IF(D44=(G44+H44),"Igual ao Orçado",IF(D44>(G44+H44),"Próximo ao Orçado","Passou do Orçado")))))
B45: Outros 1 - | K45: =IF(D45=0,"",(D45-G45-H45)) | M45: =IF((G45+H45)=0,"",IF(D45=0,"",IF((G45+H45)<(D45*80%),"Abaixo do Orçado",IF(D45=(G45+H45),"Igual ao Orçado",IF(D45>(G45+H45),"Próximo ao Orçado","Passou do Orçado")))))
B46: Outros 2 - | K46: =IF(D46=0,"",(D46-G46-H46)) | M46: =IF((G46+H46)=0,"",IF(D46=0,"",IF((G46+H46)<(D46*80%),"Abaixo do Orçado",IF(D46=(G46+H46),"Igual ao Orçado",IF(D46>(G46+H46),"Próximo ao Orçado","Passou do Orçado")))))
K47: =IF(D47=0,"",(D47-G47-H47)) | M47: =IF((G47+H47)=0,"",IF(D47=0,"",IF((G47+H47)<(D47*80%),"Abaixo do Orçado",IF(D47=(G47+H47),"Igual ao Orçado",IF(D47>(G47+H47),"Próximo ao Orçado","Passou do Orçado")))))
K48: =IF(D48=0,"",(D48-G48-H48)) | M48: =IF((G48+H48)=0,"",IF(D48=0,"",IF((G48+H48)<(D48*80%),"Abaixo do Orçado",IF(D48=(G48+H48),"Igual ao Orçado",IF(D48>(G48+H48),"Próximo ao Orçado","Passou do Orçado")))))
K49: =IF(D49=0,"",(D49-G49-H49)) | M49: =IF((G49+H49)=0,"",IF(D49=0,"",IF((G49+H49)<(D49*80%),"Abaixo do Orçado",IF(D49=(G49+H49),"Igual ao Orçado",IF(D49>(G49+H49),"Próximo ao Orçado","Passou do Orçado")))))
B50: Total Grupo 3: | D50: =SUM(D42:D49) -> 0 | G50: =SUM(G42:G49) -> 0 | H50: =SUM(H42:H49) -> 0 | I50: =G50+H50 -> 0 | K50: =IF(D50=0,"",D50-I50)
B52: 4) Educação | D52: R$ | E52: Percentual despesa total | G52: =IF(I62=0,"",IF(D62=0,"Preencher coluna Orçamento para melhor funcionamento da Planilha.",IF(I62<(D62*80%),"Sinal Verde - Abaixo do Orçado",IF(D62=I62,"Sinal Amarelo - Igual ao Orçado",IF(D62>I62,"Sinal Amarelo - Próximo ao Orçado","Sinal Vermelho - Passou do Orçado"))))) | I52: Percentual despesa total | K52: R$ | M52: Obs. Individual
B53: Colégio / Creche | E53: =IF(D62=0,"",D62/D130) | I53: =IF(I62=0,"",I62/I130) | K53: =IF(D53=0,"",(D53-G53-H53)) | M53: =IF((G53+H53)=0,"",IF(D53=0,"",IF((G53+H53)<(D53*80%),"Abaixo do Orçado",IF(D53=(G53+H53),"Igual ao Orçado",IF(D53>(G53+H53),"Próximo ao Orçado","Passou do Orçado")))))
B54: Cursos / Treinamentos | K54: =IF(D54=0,"",(D54-G54-H54)) | M54: =IF((G54+H54)=0,"",IF(D54=0,"",IF((G54+H54)<(D54*80%),"Abaixo do Orçado",IF(D54=(G54+H54),"Igual ao Orçado",IF(D54>(G54+H54),"Próximo ao Orçado","Passou do Orçado")))))
B55: Faculdade | K55: =IF(D55=0,"",(D55-G55-H55)) | M55: =IF((G55+H55)=0,"",IF(D55=0,"",IF((G55+H55)<(D55*80%),"Abaixo do Orçado",IF(D55=(G55+H55),"Igual ao Orçado",IF(D55>(G55+H55),"Próximo ao Orçado","Passou do Orçado")))))
B56: Pós-graduação | K56: =IF(D56=0,"",(D56-G56-H56)) | M56: =IF((G56+H56)=0,"",IF(D56=0,"",IF((G56+H56)<(D56*80%),"Abaixo do Orçado",IF(D56=(G56+H56),"Igual ao Orçado",IF(D56>(G56+H56),"Próximo ao Orçado","Passou do Orçado")))))
B57: Outros 1 - | K57: =IF(D57=0,"",(D57-G57-H57)) | M57: =IF((G57+H57)=0,"",IF(D57=0,"",IF((G57+H57)<(D57*80%),"Abaixo do Orçado",IF(D57=(G57+H57),"Igual ao Orçado",IF(D57>(G57+H57),"Próximo ao Orçado","Passou do Orçado")))))
B58: Outros 2 - | K58: =IF(D58=0,"",(D58-G58-H58)) | M58: =IF((G58+H58)=0,"",IF(D58=0,"",IF((G58+H58)<(D58*80%),"Abaixo do Orçado",IF(D58=(G58+H58),"Igual ao Orçado",IF(D58>(G58+H58),"Próximo ao Orçado","Passou do Orçado")))))
K59: =IF(D59=0,"",(D59-G59-H59)) | M59: =IF((G59+H59)=0,"",IF(D59=0,"",IF((G59+H59)<(D59*80%),"Abaixo do Orçado",IF(D59=(G59+H59),"Igual ao Orçado",IF(D59>(G59+H59),"Próximo ao Orçado","Passou do Orçado")))))
K60: =IF(D60=0,"",(D60-G60-H60)) | M60: =IF((G60+H60)=0,"",IF(D60=0,"",IF((G60+H60)<(D60*80%),"Abaixo do Orçado",IF(D60=(G60+H60),"Igual ao Orçado",IF(D60>(G60+H60),"Próximo ao Orçado","Passou do Orçado")))))
K61: =IF(D61=0,"",(D61-G61-H61)) | M61: =IF((G61+H61)=0,"",IF(D61=0,"",IF((G61+H61)<(D61*80%),"Abaixo do Orçado",IF(D61=(G61+H61),"Igual ao Orçado",IF(D61>(G61+H61),"Próximo ao Orçado","Passou do Orçado")))))
B62: Total Grupo 4: | D62: =SUM(D53:D61) -> 0 | G62: =SUM(G53:G61) -> 0 | H62: =SUM(H53:H61) -> 0 | I62: =G62+H62 -> 0 | K62: =IF(D62=0,"",D62-I62)
B64: 5) Despesas Pessoais | D64: R$ | E64: Percentual despesa total | G64: =IF(I74=0,"",IF(D74=0,"Preencher coluna Orçamento para melhor funcionamento da Planilha.",IF(I74<(D74*80%),"Sinal Verde - Abaixo do Orçado",IF(D74=I74,"Sinal Amarelo - Igual ao Orçado",IF(D74>I74,"Sinal Amarelo - Próximo ao Orçado","Sinal Vermelho - Passou do Orçado"))))) | I64: Percentual despesa total | K64: R$ | M64: Obs. Individual
B65: Academia / Esporte | E65: =IF(D74=0,"",D74/D130) | I65: =IF(I74=0,"",I74/I130) | K65: =IF(D65=0,"",(D65-G65-H65)) | M65: =IF((G65+H65)=0,"",IF(D65=0,"",IF((G65+H65)<(D65*80%),"Abaixo do Orçado",IF(D65=(G65+H65),"Igual ao Orçado",IF(D65>(G65+H65),"Próximo ao Orçado","Passou do Orçado")))))
B66: Salão de Beleza + Produtos | K66: =IF(D66=0,"",(D66-G66-H66)) | M66: =IF((G66+H66)=0,"",IF(D66=0,"",IF((G66+H66)<(D66*80%),"Abaixo do Orçado",IF(D66=(G66+H66),"Igual ao Orçado",IF(D66>(G66+H66),"Próximo ao Orçado","Passou do Orçado")))))
B67: Telefone Celular | K67: =IF(D67=0,"",(D67-G67-H67)) | M67: =IF((G67+H67)=0,"",IF(D67=0,"",IF((G67+H67)<(D67*80%),"Abaixo do Orçado",IF(D67=(G67+H67),"Igual ao Orçado",IF(D67>(G67+H67),"Próximo ao Orçado","Passou do Orçado")))))
B68: Vestuário | K68: =IF(D68=0,"",(D68-G68-H68)) | M68: =IF((G68+H68)=0,"",IF(D68=0,"",IF((G68+H68)<(D68*80%),"Abaixo do Orçado",IF(D68=(G68+H68),"Igual ao Orçado",IF(D68>(G68+H68),"Próximo ao Orçado","Passou do Orçado")))))
B69: Outros 1 - | K69: =IF(D69=0,"",(D69-G69-H69)) | M69: =IF((G69+H69)=0,"",IF(D69=0,"",IF((G69+H69)<(D69*80%),"Abaixo do Orçado",IF(D69=(G69+H69),"Igual ao Orçado",IF(D69>(G69+H69),"Próximo ao Orçado","Passou do Orçado")))))
B70: Outros 2 - | K70: =IF(D70=0,"",(D70-G70-H70)) | M70: =IF((G70+H70)=0,"",IF(D70=0,"",IF((G70+H70)<(D70*80%),"Abaixo do Orçado",IF(D70=(G70+H70),"Igual ao Orçado",IF(D70>(G70+H70),"Próximo ao Orçado","Passou do Orçado")))))
K71: =IF(D71=0,"",(D71-G71-H71)) | M71: =IF((G71+H71)=0,"",IF(D71=0,"",IF((G71+H71)<(D71*80%),"Abaixo do Orçado",IF(D71=(G71+H71),"Igual ao Orçado",IF(D71>(G71+H71),"Próximo ao Orçado","Passou do Orçado")))))
K72: =IF(D72=0,"",(D72-G72-H72)) | M72: =IF((G72+H72)=0,"",IF(D72=0,"",IF((G72+H72)<(D72*80%),"Abaixo do Orçado",IF(D72=(G72+H72),"Igual ao Orçado",IF(D72>(G72+H72),"Próximo ao Orçado","Passou do Orçado")))))
K73: =IF(D73=0,"",(D73-G73-H73)) | M73: =IF((G73+H73)=0,"",IF(D73=0,"",IF((G73+H73)<(D73*80%),"Abaixo do Orçado",IF(D73=(G73+H73),"Igual ao Orçado",IF(D73>(G73+H73),"Próximo ao Orçado","Passou do Orçado")))))
B74: Total Grupo 5: | D74: =SUM(D65:D73) -> 0 | G74: =SUM(G65:G73) -> 0 | H74: =SUM(H65:H73) -> 0 | I74: =G74+H74 -> 0 | K74: =IF(D74=0,"",D74-I74)
B76: 6) Transporte | D76: R$ | E76: Percentual despesa total | G76: =IF(I89=0,"",IF(D89=0,"Preencher coluna Orçamento para melhor funcionamento da Planilha.",IF(I89<(D89*80%),"Sinal Verde - Abaixo do Orçado",IF(D89=I89,"Sinal Amarelo - Igual ao Orçado",IF(D89>I89,"Sinal Amarelo - Próximo ao Orçado","Sinal Vermelho - Passou do Orçado"))))) | I76: Percentual despesa total | K76: R$ | M76: Obs. Individual
B77: Combustível | E77: =IF(D89=0,"",D89/D130) | I77: =IF(I89=0,"",I89/I130) | K77: =IF(D77=0,"",(D77-G77-H77)) | M77: =IF((G77+H77)=0,"",IF(D77=0,"",IF((G77+H77)<(D77*80%),"Abaixo do Orçado",IF(D77=(G77+H77),"Igual ao Orçado",IF(D77>(G77+H77),"Próximo ao Orçado","Passou do Orçado")))))
B78: Estacionamentos | K78: =IF(D78=0,"",(D78-G78-H78)) | M78: =IF((G78+H78)=0,"",IF(D78=0,"",IF((G78+H78)<(D78*80%),"Abaixo do Orçado",IF(D78=(G78+H78),"Igual ao Orçado",IF(D78>(G78+H78),"Próximo ao Orçado","Passou do Orçado")))))
B79: IPVA + Seguro Obrigatório | K79: =IF(D79=0,"",(D79-G79-H79)) | M79: =IF((G79+H79)=0,"",IF(D79=0,"",IF((G79+H79)<(D79*80%),"Abaixo do Orçado",IF(D79=(G79+H79),"Igual ao Orçado",IF(D79>(G79+H79),"Próximo ao Orçado","Passou do Orçado")))))
B80: Lavagens | K80: =IF(D80=0,"",(D80-G80-H80)) | M80: =IF((G80+H80)=0,"",IF(D80=0,"",IF((G80+H80)<(D80*80%),"Abaixo do Orçado",IF(D80=(G80+H80),"Igual ao Orçado",IF(D80>(G80+H80),"Próximo ao Orçado","Passou do Orçado")))))
B81: Mecânico (outros consertos) | K81: =IF(D81=0,"",(D81-G81-H81)) | M81: =IF((G81+H81)=0,"",IF(D81=0,"",IF((G81+H81)<(D81*80%),"Abaixo do Orçado",IF(D81=(G81+H81),"Igual ao Orçado",IF(D81>(G81+H81),"Próximo ao Orçado","Passou do Orçado")))))
B82: Seguro Carro | K82: =IF(D82=0,"",(D82-G82-H82)) | M82: =IF((G82+H82)=0,"",IF(D82=0,"",IF((G82+H82)<(D82*80%),"Abaixo do Orçado",IF(D82=(G82+H82),"Igual ao Orçado",IF(D82>(G82+H82),"Próximo ao Orçado","Passou do Orçado")))))
B83: Taxi / Ônibus | K83: =IF(D83=0,"",(D83-G83-H83)) | M83: =IF((G83+H83)=0,"",IF(D83=0,"",IF((G83+H83)<(D83*80%),"Abaixo do Orçado",IF(D83=(G83+H83),"Igual ao Orçado",IF(D83>(G83+H83),"Próximo ao Orçado","Passou do Orçado")))))
B84: Outros 1 - | K84: =IF(D84=0,"",(D84-G84-H84)) | M84: =IF((G84+H84)=0,"",IF(D84=0,"",IF((G84+H84)<(D84*80%),"Abaixo do Orçado",IF(D84=(G84+H84),"Igual ao Orçado",IF(D84>(G84+H84),"Próximo ao Orçado","Passou do Orçado")))))
B85: Outros 2 - | K85: =IF(D85=0,"",(D85-G85-H85)) | M85: =IF((G85+H85)=0,"",IF(D85=0,"",IF((G85+H85)<(D85*80%),"Abaixo do Orçado",IF(D85=(G85+H85),"Igual ao Orçado",IF(D85>(G85+H85),"Próximo ao Orçado","Passou do Orçado")))))
K86: =IF(D86=0,"",(D86-G86-H86)) | M86: =IF((G86+H86)=0,"",IF(D86=0,"",IF((G86+H86)<(D86*80%),"Abaixo do Orçado",IF(D86=(G86+H86),"Igual ao Orçado",IF(D86>(G86+H86),"Próximo ao Orçado","Passou do Orçado")))))
K87: =IF(D87=0,"",(D87-G87-H87)) | M87: =IF((G87+H87)=0,"",IF(D87=0,"",IF((G87+H87)<(D87*80%),"Abaixo do Orçado",IF(D87=(G87+H87),"Igual ao Orçado",IF(D87>(G87+H87),"Próximo ao Orçado","Passou do Orçado")))))
K88: =IF(D88=0,"",(D88-G88-H88)) | M88: =IF((G88+H88)=0,"",IF(D88=0,"",IF((G88+H88)<(D88*80%),"Abaixo do Orçado",IF(D88=(G88+H88),"Igual ao Orçado",IF(D88>(G88+H88),"Próximo ao Orçado","Passou do Orçado")))))
B89: Total Grupo 6: | D89: =SUM(D77:D88) -> 0 | G89: =SUM(G77:G88) -> 0 | H89: =SUM(H77:H88) -> 0 | I89: =G89+H89 -> 0 | K89: =IF(D89=0,"",D89-I89)
B91: 7) Lazer | D91: R$ | E91: Percentual despesa total | G91: =IF(I100=0,"",IF(D100=0,"Preencher coluna Orçamento para melhor funcionamento da Planilha.",IF(I100<(D100*80%),"Sinal Verde - Abaixo do Orçado",IF(D100=I100,"Sinal Amarelo - Igual ao Orçado",IF(D100>I100,"Sinal Amarelo - Próximo ao Orçado","Sinal Vermelho - Passou do Orçado"))))) | I91: Percentual despesa total | K91: R$ | M91: Obs. Individual
B92: Festas | E92: =IF(D100=0,"",D100/D130) | I92: =IF(I100=0,"",I100/I130) | K92: =IF(D92=0,"",(D92-G92-H92)) | M92: =IF((G92+H92)=0,"",IF(D92=0,"",IF((G92+H92)<(D92*80%),"Abaixo do Orçado",IF(D92=(G92+H92),"Igual ao Orçado",IF(D92>(G92+H92),"Próximo ao Orçado","Passou do Orçado")))))
B93: Restaurantes / Bares | K93: =IF(D93=0,"",(D93-G93-H93)) | M93: =IF((G93+H93)=0,"",IF(D93=0,"",IF((G93+H93)<(D93*80%),"Abaixo do Orçado",IF(D93=(G93+H93),"Igual ao Orçado",IF(D93>(G93+H93),"Próximo ao Orçado","Passou do Orçado")))))
B94: Viagens (Hospedagem, passagem, etc) | K94: =IF(D94=0,"",(D94-G94-H94)) | M94: =IF((G94+H94)=0,"",IF(D94=0,"",IF((G94+H94)<(D94*80%),"Abaixo do Orçado",IF(D94=(G94+H94),"Igual ao Orçado",IF(D94>(G94+H94),"Próximo ao Orçado","Passou do Orçado")))))
B95: Outros 1 - | K95: =IF(D95=0,"",(D95-G95-H95)) | M95: =IF((G95+H95)=0,"",IF(D95=0,"",IF((G95+H95)<(D95*80%),"Abaixo do Orçado",IF(D95=(G95+H95),"Igual ao Orçado",IF(D95>(G95+H95),"Próximo ao Orçado","Passou do Orçado")))))
B96: Outros 2 - | K96: =IF(D96=0,"",(D96-G96-H96)) | M96: =IF((G96+H96)=0,"",IF(D96=0,"",IF((G96+H96)<(D96*80%),"Abaixo do Orçado",IF(D96=(G96+H96),"Igual ao Orçado",IF(D96>(G96+H96),"Próximo ao Orçado","Passou do Orçado")))))
K97: =IF(D97=0,"",(D97-G97-H97)) | M97: =IF((G97+H97)=0,"",IF(D97=0,"",IF((G97+H97)<(D97*80%),"Abaixo do Orçado",IF(D97=(G97+H97),"Igual ao Orçado",IF(D97>(G97+H97),"Próximo ao Orçado","Passou do Orçado")))))
K98: =IF(D98=0,"",(D98-G98-H98)) | M98: =IF((G98+H98)=0,"",IF(D98=0,"",IF((G98+H98)<(D98*80%),"Abaixo do Orçado",IF(D98=(G98+H98),"Igual ao Orçado",IF(D98>(G98+H98),"Próximo ao Orçado","Passou do Orçado")))))
K99: =IF(D99=0,"",(D99-G99-H99)) | M99: =IF((G99+H99)=0,"",IF(D99=0,"",IF((G99+H99)<(D99*80%),"Abaixo do Orçado",IF(D99=(G99+H99),"Igual ao Orçado",IF(D99>(G99+H99),"Próximo ao Orçado","Passou do Orçado")))))
B100: Total Grupo 7: | D100: =SUM(D92:D99) -> 0 | G100: =SUM(G92:G99) -> 0 | H100: =SUM(H92:H99) -> 0 | I100: =G100+H100 -> 0 | K100: =IF(D100=0,"",D100-I100)
B102: 8) Outras Despesas / Variáveis | D102: R$ | E102: Percentual despesa total | G102: =IF(I114=0,"",IF(D114=0,"Preencher coluna Orçamento para melhor funcionamento da Planilha.",IF(I114<(D114*80%),"Sinal Verde - Abaixo do Orçado",IF(D114=I114,"Sinal Amarelo - Igual ao Orçado",IF(D114>I114,"Sinal Amarelo - Próximo ao Orçado","Sinal Vermelho - Passou do Orçado"))))) | I102: Percentual despesa total | K102: R$ | M102: Obs. Individual
B103: Presentes | E103: =IF(D114=0,"",D114/D130) | I103: =IF(I114=0,"",I114/I130) | K103: =IF(D103=0,"",(D103-G103-H103)) | M103: =IF((G103+H103)=0,"",IF(D103=0,"",IF((G103+H103)<(D103*80%),"Abaixo do Orçado",IF(D103=(G103+H103),"Igual ao Orçado",IF(D103>(G103+H103),"Próximo ao Orçado","Passou do Orçado")))))
K104: =IF(D104=0,"",(D104-G104-H104)) | M104: =IF((G104+H104)=0,"",IF(D104=0,"",IF((G104+H104)<(D104*80%),"Abaixo do Orçado",IF(D104=(G104+H104),"Igual ao Orçado",IF(D104>(G104+H104),"Próximo ao Orçado","Passou do Orçado")))))
K105: =IF(D105=0,"",(D105-G105-H105)) | M105: =IF((G105+H105)=0,"",IF(D105=0,"",IF((G105+H105)<(D105*80%),"Abaixo do Orçado",IF(D105=(G105+H105),"Igual ao Orçado",IF(D105>(G105+H105),"Próximo ao Orçado","Passou do Orçado")))))
K106: =IF(D106=0,"",(D106-G106-H106)) | M106: =IF((G106+H106)=0,"",IF(D106=0,"",IF((G106+H106)<(D106*80%),"Abaixo do Orçado",IF(D106=(G106+H106),"Igual ao Orçado",IF(D106>(G106+H106),"Próximo ao Orçado","Passou do Orçado")))))
K107: =IF(D107=0,"",(D107-G107-H107)) | M107: =IF((G107+H107)=0,"",IF(D107=0,"",IF((G107+H107)<(D107*80%),"Abaixo do Orçado",IF(D107=(G107+H107),"Igual ao Orçado",IF(D107>(G107+H107),"Próximo ao Orçado","Passou do Orçado")))))
K108: =IF(D108=0,"",(D108-G108-H108)) | M108: =IF((G108+H108)=0,"",IF(D108=0,"",IF((G108+H108)<(D108*80%),"Abaixo do Orçado",IF(D108=(G108+H108),"Igual ao Orçado",IF(D108>(G108+H108),"Próximo ao Orçado","Passou do Orçado")))))
K109: =IF(D109=0,"",(D109-G109-H109)) | M109: =IF((G109+H109)=0,"",IF(D109=0,"",IF((G109+H109)<(D109*80%),"Abaixo do Orçado",IF(D109=(G109+H109),"Igual ao Orçado",IF(D109>(G109+H109),"Próximo ao Orçado","Passou do Orçado")))))
...

Sheet Jun
B2: Controle - Junho 2026 Receitas x Despesas | D2: Orçamento | G2: Realizado | K2: Diferença | M2: Observações
B4: Discriminação dos itens | D4: Casal | E4: Total | G4: ='Página Inicial'!C6 -> Nome Esposa | H4: ='Página Inicial'!F6 -> Nome Esposo | I4: Total | K4: Casal | M4: Obs. Individual
B5: Receitas 1 | K5: =IF(D5=0,"",(D5-G5-H5)) | M5: =IF((G5+H5)=0,"",IF(D5=0,"",IF((G5+H5)<(D5*80%),"Abaixo do Orçado",IF(D5=(G5+H5),"Igual ao Orçado",IF(D5>(G5+H5),"Próximo ao Orçado","Passou do Orçado")))))
B6: Receitas 2 | K6: =IF(D6=0,"",(D6-G6-H6)) | M6: =IF((G6+H6)=0,"",IF(D6=0,"",IF((G6+H6)<(D6*80%),"Abaixo do Orçado",IF(D6=(G6+H6),"Igual ao Orçado",IF(D6>(G6+H6),"Próximo ao Orçado","Passou do Orçado")))))
B7: Receitas 3 | K7: =IF(D7=0,"",(D7-G7-H7)) | M7: =IF((G7+H7)=0,"",IF(D7=0,"",IF((G7+H7)<(D7*80%),"Abaixo do Orçado",IF(D7=(G7+H7),"Igual ao Orçado",IF(D7>(G7+H7),"Próximo ao Orçado","Passou do Orçado")))))
K8: =IF(D8=0,"",(D8-G8-H8)) | M8: =IF((G8+H8)=0,"",IF(D8=0,"",IF((G8+H8)<(D8*80%),"Abaixo do Orçado",IF(D8=(G8+H8),"Igual ao Orçado",IF(D8>(G8+H8),"Próximo ao Orçado","Passou do Orçado")))))
K9: =IF(D9=0,"",(D9-G9-H9)) | M9: =IF((G9+H9)=0,"",IF(D9=0,"",IF((G9+H9)<(D9*80%),"Abaixo do Orçado",IF(D9=(G9+H9),"Igual ao Orçado",IF(D9>(G9+H9),"Próximo ao Orçado","Passou do Orçado")))))
B10: ( - ) Impostos retidos / pagos | K10: =IF(D10=0,"",(D10-G10-H10)) | M10: =IF((G10+H10)=0,"",IF(D10=0,"",IF((G10+H10)<(D10*80%),"Abaixo do Orçado",IF(D10=(G10+H10),"Igual ao Orçado",IF(D10>(G10+H10),"Próximo ao Orçado","Passou do Orçado")))))
B11: Total Salários: | D11: =D5+D6+D7+D8+D9-D10 -> 0 | G11: =G5+G6+G7+G8+G9-G10 -> 0 | H11: =H5+H6+H7+H8+H9-H10 -> 0 | I11: =G11+H11 -> 0 | K11: =IF(D11=0,"",D11-I11)
B12: Despesas por Grupo
B13: 1) Habitação | D13: R$ | E13: Percentual despesa total | G13: =IF(I28=0,"",IF(D28=0,"Preencher coluna Orçamento para melhor funcionamento da Planilha.",IF(I28<(D28*80%),"Sinal Verde - Abaixo do Orçado",IF(D28=I28,"Sinal Amarelo - Igual ao Orçado",IF(D28>I28,"Sinal Amarelo - Próximo ao Orçado","Sinal Vermelho - Passou do Orçado"))))) | I13: Percentual despesa total | K13: R$ | M13: Obs. Individual
B14: Água e Esgoto | E14: =IF(D28=0,"",D28/D130) | I14: =IF(I28=0,"",I28/I130) | K14: =IF(D14=0,"",(D14-G14-H14)) | M14: =IF((G14+H14)=0,"",IF(D14=0,"",IF((G14+H14)<(D14*80%),"Abaixo do Orçado",IF(D14=(G14+H14),"Igual ao Orçado",IF(D14>(G14+H14),"Próximo ao Orçado","Passou do Orçado")))))
B15: Condomínio | K15: =IF(D15=0,"",(D15-G15-H15)) | M15: =IF((G15+H15)=0,"",IF(D15=0,"",IF((G15+H15)<(D15*80%),"Abaixo do Orçado",IF(D15=(G15+H15),"Igual ao Orçado",IF(D15>(G15+H15),"Próximo ao Orçado","Passou do Orçado")))))
B16: Diarista / Empregada | K16: =IF(D16=0,"",(D16-G16-H16)) | M16: =IF((G16+H16)=0,"",IF(D16=0,"",IF((G16+H16)<(D16*80%),"Abaixo do Orçado",IF(D16=(G16+H16),"Igual ao Orçado",IF(D16>(G16+H16),"Próximo ao Orçado","Passou do Orçado")))))
B17: Energia Elétrica | K17: =IF(D17=0,"",(D17-G17-H17)) | M17: =IF((G17+H17)=0,"",IF(D17=0,"",IF((G17+H17)<(D17*80%),"Abaixo do Orçado",IF(D17=(G17+H17),"Igual ao Orçado",IF(D17>(G17+H17),"Próximo ao Orçado","Passou do Orçado")))))
B18: IPTU / Outras taxas | K18: =IF(D18=0,"",(D18-G18-H18)) | M18: =IF((G18+H18)=0,"",IF(D18=0,"",IF((G18+H18)<(D18*80%),"Abaixo do Orçado",IF(D18=(G18+H18),"Igual ao Orçado",IF(D18>(G18+H18),"Próximo ao Orçado","Passou do Orçado")))))
B19: Lavagem de Roupas | K19: =IF(D19=0,"",(D19-G19-H19)) | M19: =IF((G19+H19)=0,"",IF(D19=0,"",IF((G19+H19)<(D19*80%),"Abaixo do Orçado",IF(D19=(G19+H19),"Igual ao Orçado",IF(D19>(G19+H19),"Próximo ao Orçado","Passou do Orçado")))))
B20: Manutenção Geral | K20: =IF(D20=0,"",(D20-G20-H20)) | M20: =IF((G20+H20)=0,"",IF(D20=0,"",IF((G20+H20)<(D20*80%),"Abaixo do Orçado",IF(D20=(G20+H20),"Igual ao Orçado",IF(D20>(G20+H20),"Próximo ao Orçado","Passou do Orçado")))))
B21: Prestação Apartamento / Aluguel | K21: =IF(D21=0,"",(D21-G21-H21)) | M21: =IF((G21+H21)=0,"",IF(D21=0,"",IF((G21+H21)<(D21*80%),"Abaixo do Orçado",IF(D21=(G21+H21),"Igual ao Orçado",IF(D21>(G21+H21),"Próximo ao Orçado","Passou do Orçado")))))
B22: Telefone Fixo / Internet | K22: =IF(D22=0,"",(D22-G22-H22)) | M22: =IF((G22+H22)=0,"",IF(D22=0,"",IF((G22+H22)<(D22*80%),"Abaixo do Orçado",IF(D22=(G22+H22),"Igual ao Orçado",IF(D22>(G22+H22),"Próximo ao Orçado","Passou do Orçado")))))
B23: Outros 1 - | K23: =IF(D23=0,"",(D23-G23-H23)) | M23: =IF((G23+H23)=0,"",IF(D23=0,"",IF((G23+H23)<(D23*80%),"Abaixo do Orçado",IF(D23=(G23+H23),"Igual ao Orçado",IF(D23>(G23+H23),"Próximo ao Orçado","Passou do Orçado")))))
B24: Outros 2 - | K24: =IF(D24=0,"",(D24-G24-H24)) | M24: =IF((G24+H24)=0,"",IF(D24=0,"",IF((G24+H24)<(D24*80%),"Abaixo do Orçado",IF(D24=(G24+H24),"Igual ao Orçado",IF(D24>(G24+H24),"Próximo ao Orçado","Passou do Orçado")))))
K25: =IF(D25=0,"",(D25-G25-H25)) | M25: =IF((G25+H25)=0,"",IF(D25=0,"",IF((G25+H25)<(D25*80%),"Abaixo do Orçado",IF(D25=(G25+H25),"Igual ao Orçado",IF(D25>(G25+H25),"Próximo ao Orçado","Passou do Orçado")))))
K26: =IF(D26=0,"",(D26-G26-H26)) | M26: =IF((G26+H26)=0,"",IF(D26=0,"",IF((G26+H26)<(D26*80%),"Abaixo do Orçado",IF(D26=(G26+H26),"Igual ao Orçado",IF(D26>(G26+H26),"Próximo ao Orçado","Passou do Orçado")))))
K27: =IF(D27=0,"",(D27-G27-H27)) | M27: =IF((G27+H27)=0,"",IF(D27=0,"",IF((G27+H27)<(D27*80%),"Abaixo do Orçado",IF(D27=(G27+H27),"Igual ao Orçado",IF(D27>(G27+H27),"Próximo ao Orçado","Passou do Orçado")))))
B28: Total Grupo 1: | D28: =SUM(D14:D27) -> 0 | G28: =SUM(G14:G27) -> 0 | H28: =SUM(H14:H27) -> 0 | I28: =G28+H28 -> 0 | K28: =IF(D28=0,"",D28-I28)
B30: 2) Alimentação | D30: R$ | E30: Percentual despesa total | G30: =IF(I39=0,"",IF(D39=0,"Preencher coluna Orçamento para melhor funcionamento da Planilha.",IF(I39<(D39*80%),"Sinal Verde - Abaixo do Orçado",IF(D39=I39,"Sinal Amarelo - Igual ao Orçado",IF(D39>I39,"Sinal Amarelo - Próximo ao Orçado","Sinal Vermelho - Passou do Orçado"))))) | I30: Percentual despesa total | K30: R$ | M30: Obs. Individual
B31: Refeições diárias (Almoço / Jantar, Etc) | E31: =IF(D39=0,"",D39/D130) | I31: =IF(I39=0,"",I39/I130) | K31: =IF(D31=0,"",(D31-G31-H31)) | M31: =IF((G31+H31)=0,"",IF(D31=0,"",IF((G31+H31)<(D31*80%),"Abaixo do Orçado",IF(D31=(G31+H31),"Igual ao Orçado",IF(D31>(G31+H31),"Próximo ao Orçado","Passou do Orçado")))))
B32: Supermercado - Mensal | K32: =IF(D32=0,"",(D32-G32-H32)) | M32: =IF((G32+H32)=0,"",IF(D32=0,"",IF((G32+H32)<(D32*80%),"Abaixo do Orçado",IF(D32=(G32+H32),"Igual ao Orçado",IF(D32>(G32+H32),"Próximo ao Orçado","Passou do Orçado")))))
B33: Supermercado / Padaria - Dia a dia | K33: =IF(D33=0,"",(D33-G33-H33)) | M33: =IF((G33+H33)=0,"",IF(D33=0,"",IF((G33+H33)<(D33*80%),"Abaixo do Orçado",IF(D33=(G33+H33),"Igual ao Orçado",IF(D33>(G33+H33),"Próximo ao Orçado","Passou do Orçado")))))
B34: Outros 1 - | K34: =IF(D34=0,"",(D34-G34-H34)) | M34: =IF((G34+H34)=0,"",IF(D34=0,"",IF((G34+H34)<(D34*80%),"Abaixo do Orçado",IF(D34=(G34+H34),"Igual ao Orçado",IF(D34>(G34+H34),"Próximo ao Orçado","Passou do Orçado")))))
B35: Outros 2 - | K35: =IF(D35=0,"",(D35-G35-H35)) | M35: =IF((G35+H35)=0,"",IF(D35=0,"",IF((G35+H35)<(D35*80%),"Abaixo do Orçado",IF(D35=(G35+H35),"Igual ao Orçado",IF(D35>(G35+H35),"Próximo ao Orçado","Passou do Orçado")))))
K36: =IF(D36=0,"",(D36-G36-H36)) | M36: =IF((G36+H36)=0,"",IF(D36=0,"",IF((G36+H36)<(D36*80%),"Abaixo do Orçado",IF(D36=(G36+H36),"Igual ao Orçado",IF(D36>(G36+H36),"Próximo ao Orçado","Passou do Orçado")))))
K37: =IF(D37=0,"",(D37-G37-H37)) | M37: =IF((G37+H37)=0,"",IF(D37=0,"",IF((G37+H37)<(D37*80%),"Abaixo do Orçado",IF(D37=(G37+H37),"Igual ao Orçado",IF(D37>(G37+H37),"Próximo ao Orçado","Passou do Orçado")))))
K38: =IF(D38=0,"",(D38-G38-H38)) | M38: =IF((G38+H38)=0,"",IF(D38=0,"",IF((G38+H38)<(D38*80%),"Abaixo do Orçado",IF(D38=(G38+H38),"Igual ao Orçado",IF(D38>(G38+H38),"Próximo ao Orçado","Passou do Orçado")))))
B39: Total Grupo 2: | D39: =SUM(D31:D38) -> 0 | G39: =SUM(G31:G38) -> 0 | H39: =SUM(H31:H38) -> 0 | I39: =G39+H39 -> 0 | K39: =IF(D39=0,"",D39-I39)
B41: 3) Saúde | D41: R$ | E41: Percentual despesa total | G41: =IF(I50=0,"",IF(D50=0,"Preencher coluna Orçamento para melhor funcionamento da Planilha.",IF(I50<(D50*80%),"Sinal Verde - Abaixo do Orçado",IF(D50=I50,"Sinal Amarelo - Igual ao Orçado",IF(D50>I50,"Sinal Amarelo - Próximo ao Orçado","Sinal Vermelho - Passou do Orçado"))))) | I41: Percentual despesa total | K41: R$ | M41: Obs. Individual
B42: Dentista | E42: =IF(D50=0,"",D50/D130) | I42: =IF(I50=0,"",I50/I130) | K42: =IF(D42=0,"",(D42-G42-H42)) | M42: =IF((G42+H42)=0,"",IF(D42=0,"",IF((G42+H42)<(D42*80%),"Abaixo do Orçado",IF(D42=(G42+H42),"Igual ao Orçado",IF(D42>(G42+H42),"Próximo ao Orçado","Passou do Orçado")))))
B43: Farmácia - Medicamentos | K43: =IF(D43=0,"",(D43-G43-H43)) | M43: =IF((G43+H43)=0,"",IF(D43=0,"",IF((G43+H43)<(D43*80%),"Abaixo do Orçado",IF(D43=(G43+H43),"Igual ao Orçado",IF(D43>(G43+H43),"Próximo ao Orçado","Passou do Orçado")))))
B44: Plano de Saúde | K44: =IF(D44=0,"",(D44-G44-H44)) | M44: =IF((G44+H44)=0,"",IF(D44=0,"",IF((G44+H44)<(D44*80%),"Abaixo do Orçado",IF(D44=(G44+H44),"Igual ao Orçado",IF(D44>(G44+H44),"Próximo ao Orçado","Passou do Orçado")))))
B45: Outros 1 - | K45: =IF(D45=0,"",(D45-G45-H45)) | M45: =IF((G45+H45)=0,"",IF(D45=0,"",IF((G45+H45)<(D45*80%),"Abaixo do Orçado",IF(D45=(G45+H45),"Igual ao Orçado",IF(D45>(G45+H45),"Próximo ao Orçado","Passou do Orçado")))))
B46: Outros 2 - | K46: =IF(D46=0,"",(D46-G46-H46)) | M46: =IF((G46+H46)=0,"",IF(D46=0,"",IF((G46+H46)<(D46*80%),"Abaixo do Orçado",IF(D46=(G46+H46),"Igual ao Orçado",IF(D46>(G46+H46),"Próximo ao Orçado","Passou do Orçado")))))
K47: =IF(D47=0,"",(D47-G47-H47)) | M47: =IF((G47+H47)=0,"",IF(D47=0,"",IF((G47+H47)<(D47*80%),"Abaixo do Orçado",IF(D47=(G47+H47),"Igual ao Orçado",IF(D47>(G47+H47),"Próximo ao Orçado","Passou do Orçado")))))
K48: =IF(D48=0,"",(D48-G48-H48)) | M48: =IF((G48+H48)=0,"",IF(D48=0,"",IF((G48+H48)<(D48*80%),"Abaixo do Orçado",IF(D48=(G48+H48),"Igual ao Orçado",IF(D48>(G48+H48),"Próximo ao Orçado","Passou do Orçado")))))
K49: =IF(D49=0,"",(D49-G49-H49)) | M49: =IF((G49+H49)=0,"",IF(D49=0,"",IF((G49+H49)<(D49*80%),"Abaixo do Orçado",IF(D49=(G49+H49),"Igual ao Orçado",IF(D49>(G49+H49),"Próximo ao Orçado","Passou do Orçado")))))
B50: Total Grupo 3: | D50: =SUM(D42:D49) -> 0 | G50: =SUM(G42:G49) -> 0 | H50: =SUM(H42:H49) -> 0 | I50: =G50+H50 -> 0 | K50: =IF(D50=0,"",D50-I50)
B52: 4) Educação | D52: R$ | E52: Percentual despesa total | G52: =IF(I62=0,"",IF(D62=0,"Preencher coluna Orçamento para melhor funcionamento da Planilha.",IF(I62<(D62*80%),"Sinal Verde - Abaixo do Orçado",IF(D62=I62,"Sinal Amarelo - Igual ao Orçado",IF(D62>I62,"Sinal Amarelo - Próximo ao Orçado","Sinal Vermelho - Passou do Orçado"))))) | I52: Percentual despesa total | K52: R$ | M52: Obs. Individual
B53: Colégio / Creche | E53: =IF(D62=0,"",D62/D130) | I53: =IF(I62=0,"",I62/I130) | K53: =IF(D53=0,"",(D53-G53-H53)) | M53: =IF((G53+H53)=0,"",IF(D53=0,"",IF((G53+H53)<(D53*80%),"Abaixo do Orçado",IF(D53=(G53+H53),"Igual ao Orçado",IF(D53>(G53+H53),"Próximo ao Orçado","Passou do Orçado")))))
B54: Cursos / Treinamentos | K54: =IF(D54=0,"",(D54-G54-H54)) | M54: =IF((G54+H54)=0,"",IF(D54=0,"",IF((G54+H54)<(D54*80%),"Abaixo do Orçado",IF(D54=(G54+H54),"Igual ao Orçado",IF(D54>(G54+H54),"Próximo ao Orçado","Passou do Orçado")))))
B55: Faculdade | K55: =IF(D55=0,"",(D55-G55-H55)) | M55: =IF((G55+H55)=0,"",IF(D55=0,"",IF((G55+H55)<(D55*80%),"Abaixo do Orçado",IF(D55=(G55+H55),"Igual ao Orçado",IF(D55>(G55+H55),"Próximo ao Orçado","Passou do Orçado")))))
B56: Pós-graduação | K56: =IF(D56=0,"",(D56-G56-H56)) | M56: =IF((G56+H56)=0,"",IF(D56=0,"",IF((G56+H56)<(D56*80%),"Abaixo do Orçado",IF(D56=(G56+H56),"Igual ao Orçado",IF(D56>(G56+H56),"Próximo ao Orçado","Passou do Orçado")))))
B57: Outros 1 - | K57: =IF(D57=0,"",(D57-G57-H57)) | M57: =IF((G57+H57)=0,"",IF(D57=0,"",IF((G57+H57)<(D57*80%),"Abaixo do Orçado",IF(D57=(G57+H57),"Igual ao Orçado",IF(D57>(G57+H57),"Próximo ao Orçado","Passou do Orçado")))))
B58: Outros 2 - | K58: =IF(D58=0,"",(D58-G58-H58)) | M58: =IF((G58+H58)=0,"",IF(D58=0,"",IF((G58+H58)<(D58*80%),"Abaixo do Orçado",IF(D58=(G58+H58),"Igual ao Orçado",IF(D58>(G58+H58),"Próximo ao Orçado","Passou do Orçado")))))
K59: =IF(D59=0,"",(D59-G59-H59)) | M59: =IF((G59+H59)=0,"",IF(D59=0,"",IF((G59+H59)<(D59*80%),"Abaixo do Orçado",IF(D59=(G59+H59),"Igual ao Orçado",IF(D59>(G59+H59),"Próximo ao Orçado","Passou do Orçado")))))
K60: =IF(D60=0,"",(D60-G60-H60)) | M60: =IF((G60+H60)=0,"",IF(D60=0,"",IF((G60+H60)<(D60*80%),"Abaixo do Orçado",IF(D60=(G60+H60),"Igual ao Orçado",IF(D60>(G60+H60),"Próximo ao Orçado","Passou do Orçado")))))
K61: =IF(D61=0,"",(D61-G61-H61)) | M61: =IF((G61+H61)=0,"",IF(D61=0,"",IF((G61+H61)<(D61*80%),"Abaixo do Orçado",IF(D61=(G61+H61),"Igual ao Orçado",IF(D61>(G61+H61),"Próximo ao Orçado","Passou do Orçado")))))
B62: Total Grupo 4: | D62: =SUM(D53:D61) -> 0 | G62: =SUM(G53:G61) -> 0 | H62: =SUM(H53:H61) -> 0 | I62: =G62+H62 -> 0 | K62: =IF(D62=0,"",D62-I62)
B64: 5) Despesas Pessoais | D64: R$ | E64: Percentual despesa total | G64: =IF(I74=0,"",IF(D74=0,"Preencher coluna Orçamento para melhor funcionamento da Planilha.",IF(I74<(D74*80%),"Sinal Verde - Abaixo do Orçado",IF(D74=I74,"Sinal Amarelo - Igual ao Orçado",IF(D74>I74,"Sinal Amarelo - Próximo ao Orçado","Sinal Vermelho - Passou do Orçado"))))) | I64: Percentual despesa total | K64: R$ | M64: Obs. Individual
B65: Academia / Esporte | E65: =IF(D74=0,"",D74/D130) | I65: =IF(I74=0,"",I74/I130) | K65: =IF(D65=0,"",(D65-G65-H65)) | M65: =IF((G65+H65)=0,"",IF(D65=0,"",IF((G65+H65)<(D65*80%),"Abaixo do Orçado",IF(D65=(G65+H65),"Igual ao Orçado",IF(D65>(G65+H65),"Próximo ao Orçado","Passou do Orçado")))))
B66: Salão de Beleza + Produtos | K66: =IF(D66=0,"",(D66-G66-H66)) | M66: =IF((G66+H66)=0,"",IF(D66=0,"",IF((G66+H66)<(D66*80%),"Abaixo do Orçado",IF(D66=(G66+H66),"Igual ao Orçado",IF(D66>(G66+H66),"Próximo ao Orçado","Passou do Orçado")))))
B67: Telefone Celular | K67: =IF(D67=0,"",(D67-G67-H67)) | M67: =IF((G67+H67)=0,"",IF(D67=0,"",IF((G67+H67)<(D67*80%),"Abaixo do Orçado",IF(D67=(G67+H67),"Igual ao Orçado",IF(D67>(G67+H67),"Próximo ao Orçado","Passou do Orçado")))))
B68: Vestuário | K68: =IF(D68=0,"",(D68-G68-H68)) | M68: =IF((G68+H68)=0,"",IF(D68=0,"",IF((G68+H68)<(D68*80%),"Abaixo do Orçado",IF(D68=(G68+H68),"Igual ao Orçado",IF(D68>(G68+H68),"Próximo ao Orçado","Passou do Orçado")))))
B69: Outros 1 - | K69: =IF(D69=0,"",(D69-G69-H69)) | M69: =IF((G69+H69)=0,"",IF(D69=0,"",IF((G69+H69)<(D69*80%),"Abaixo do Orçado",IF(D69=(G69+H69),"Igual ao Orçado",IF(D69>(G69+H69),"Próximo ao Orçado","Passou do Orçado")))))
B70: Outros 2 - | K70: =IF(D70=0,"",(D70-G70-H70)) | M70: =IF((G70+H70)=0,"",IF(D70=0,"",IF((G70+H70)<(D70*80%),"Abaixo do Orçado",IF(D70=(G70+H70),"Igual ao Orçado",IF(D70>(G70+H70),"Próximo ao Orçado","Passou do Orçado")))))
K71: =IF(D71=0,"",(D71-G71-H71)) | M71: =IF((G71+H71)=0,"",IF(D71=0,"",IF((G71+H71)<(D71*80%),"Abaixo do Orçado",IF(D71=(G71+H71),"Igual ao Orçado",IF(D71>(G71+H71),"Próximo ao Orçado","Passou do Orçado")))))
K72: =IF(D72=0,"",(D72-G72-H72)) | M72: =IF((G72+H72)=0,"",IF(D72=0,"",IF((G72+H72)<(D72*80%),"Abaixo do Orçado",IF(D72=(G72+H72),"Igual ao Orçado",IF(D72>(G72+H72),"Próximo ao Orçado","Passou do Orçado")))))
K73: =IF(D73=0,"",(D73-G73-H73)) | M73: =IF((G73+H73)=0,"",IF(D73=0,"",IF((G73+H73)<(D73*80%),"Abaixo do Orçado",IF(D73=(G73+H73),"Igual ao Orçado",IF(D73>(G73+H73),"Próximo ao Orçado","Passou do Orçado")))))
B74: Total Grupo 5: | D74: =SUM(D65:D73) -> 0 | G74: =SUM(G65:G73) -> 0 | H74: =SUM(H65:H73) -> 0 | I74: =G74+H74 -> 0 | K74: =IF(D74=0,"",D74-I74)
B76: 6) Transporte | D76: R$ | E76: Percentual despesa total | G76: =IF(I89=0,"",IF(D89=0,"Preencher coluna Orçamento para melhor funcionamento da Planilha.",IF(I89<(D89*80%),"Sinal Verde - Abaixo do Orçado",IF(D89=I89,"Sinal Amarelo - Igual ao Orçado",IF(D89>I89,"Sinal Amarelo - Próximo ao Orçado","Sinal Vermelho - Passou do Orçado"))))) | I76: Percentual despesa total | K76: R$ | M76: Obs. Individual
B77: Combustível | E77: =IF(D89=0,"",D89/D130) | I77: =IF(I89=0,"",I89/I130) | K77: =IF(D77=0,"",(D77-G77-H77)) | M77: =IF((G77+H77)=0,"",IF(D77=0,"",IF((G77+H77)<(D77*80%),"Abaixo do Orçado",IF(D77=(G77+H77),"Igual ao Orçado",IF(D77>(G77+H77),"Próximo ao Orçado","Passou do Orçado")))))
B78: Estacionamentos | K78: =IF(D78=0,"",(D78-G78-H78)) | M78: =IF((G78+H78)=0,"",IF(D78=0,"",IF((G78+H78)<(D78*80%),"Abaixo do Orçado",IF(D78=(G78+H78),"Igual ao Orçado",IF(D78>(G78+H78),"Próximo ao Orçado","Passou do Orçado")))))
B79: IPVA + Seguro Obrigatório | K79: =IF(D79=0,"",(D79-G79-H79)) | M79: =IF((G79+H79)=0,"",IF(D79=0,"",IF((G79+H79)<(D79*80%),"Abaixo do Orçado",IF(D79=(G79+H79),"Igual ao Orçado",IF(D79>(G79+H79),"Próximo ao Orçado","Passou do Orçado")))))
B80: Lavagens | K80: =IF(D80=0,"",(D80-G80-H80)) | M80: =IF((G80+H80)=0,"",IF(D80=0,"",IF((G80+H80)<(D80*80%),"Abaixo do Orçado",IF(D80=(G80+H80),"Igual ao Orçado",IF(D80>(G80+H80),"Próximo ao Orçado","Passou do Orçado")))))
B81: Mecânico (outros consertos) | K81: =IF(D81=0,"",(D81-G81-H81)) | M81: =IF((G81+H81)=0,"",IF(D81=0,"",IF((G81+H81)<(D81*80%),"Abaixo do Orçado",IF(D81=(G81+H81),"Igual ao Orçado",IF(D81>(G81+H81),"Próximo ao Orçado","Passou do Orçado")))))
B82: Seguro Carro | K82: =IF(D82=0,"",(D82-G82-H82)) | M82: =IF((G82+H82)=0,"",IF(D82=0,"",IF((G82+H82)<(D82*80%),"Abaixo do Orçado",IF(D82=(G82+H82),"Igual ao Orçado",IF(D82>(G82+H82),"Próximo ao Orçado","Passou do Orçado")))))
B83: Taxi / Ônibus | K83: =IF(D83=0,"",(D83-G83-H83)) | M83: =IF((G83+H83)=0,"",IF(D83=0,"",IF((G83+H83)<(D83*80%),"Abaixo do Orçado",IF(D83=(G83+H83),"Igual ao Orçado",IF(D83>(G83+H83),"Próximo ao Orçado","Passou do Orçado")))))
B84: Outros 1 - | K84: =IF(D84=0,"",(D84-G84-H84)) | M84: =IF((G84+H84)=0,"",IF(D84=0,"",IF((G84+H84)<(D84*80%),"Abaixo do Orçado",IF(D84=(G84+H84),"Igual ao Orçado",IF(D84>(G84+H84),"Próximo ao Orçado","Passou do Orçado")))))
B85: Outros 2 - | K85: =IF(D85=0,"",(D85-G85-H85)) | M85: =IF((G85+H85)=0,"",IF(D85=0,"",IF((G85+H85)<(D85*80%),"Abaixo do Orçado",IF(D85=(G85+H85),"Igual ao Orçado",IF(D85>(G85+H85),"Próximo ao Orçado","Passou do Orçado")))))
K86: =IF(D86=0,"",(D86-G86-H86)) | M86: =IF((G86+H86)=0,"",IF(D86=0,"",IF((G86+H86)<(D86*80%),"Abaixo do Orçado",IF(D86=(G86+H86),"Igual ao Orçado",IF(D86>(G86+H86),"Próximo ao Orçado","Passou do Orçado")))))
K87: =IF(D87=0,"",(D87-G87-H87)) | M87: =IF((G87+H87)=0,"",IF(D87=0,"",IF((G87+H87)<(D87*80%),"Abaixo do Orçado",IF(D87=(G87+H87),"Igual ao Orçado",IF(D87>(G87+H87),"Próximo ao Orçado","Passou do Orçado")))))
K88: =IF(D88=0,"",(D88-G88-H88)) | M88: =IF((G88+H88)=0,"",IF(D88=0,"",IF((G88+H88)<(D88*80%),"Abaixo do Orçado",IF(D88=(G88+H88),"Igual ao Orçado",IF(D88>(G88+H88),"Próximo ao Orçado","Passou do Orçado")))))
B89: Total Grupo 6: | D89: =SUM(D77:D88) -> 0 | G89: =SUM(G77:G88) -> 0 | H89: =SUM(H77:H88) -> 0 | I89: =G89+H89 -> 0 | K89: =IF(D89=0,"",D89-I89)
B91: 7) Lazer | D91: R$ | E91: Percentual despesa total | G91: =IF(I100=0,"",IF(D100=0,"Preencher coluna Orçamento para melhor funcionamento da Planilha.",IF(I100<(D100*80%),"Sinal Verde - Abaixo do Orçado",IF(D100=I100,"Sinal Amarelo - Igual ao Orçado",IF(D100>I100,"Sinal Amarelo - Próximo ao Orçado","Sinal Vermelho - Passou do Orçado"))))) | I91: Percentual despesa total | K91: R$ | M91: Obs. Individual
B92: Festas | E92: =IF(D100=0,"",D100/D130) | I92: =IF(I100=0,"",I100/I130) | K92: =IF(D92=0,"",(D92-G92-H92)) | M92: =IF((G92+H92)=0,"",IF(D92=0,"",IF((G92+H92)<(D92*80%),"Abaixo do Orçado",IF(D92=(G92+H92),"Igual ao Orçado",IF(D92>(G92+H92),"Próximo ao Orçado","Passou do Orçado")))))
B93: Restaurantes / Bares | K93: =IF(D93=0,"",(D93-G93-H93)) | M93: =IF((G93+H93)=0,"",IF(D93=0,"",IF((G93+H93)<(D93*80%),"Abaixo do Orçado",IF(D93=(G93+H93),"Igual ao Orçado",IF(D93>(G93+H93),"Próximo ao Orçado","Passou do Orçado")))))
B94: Viagens (Hospedagem, passagem, etc) | K94: =IF(D94=0,"",(D94-G94-H94)) | M94: =IF((G94+H94)=0,"",IF(D94=0,"",IF((G94+H94)<(D94*80%),"Abaixo do Orçado",IF(D94=(G94+H94),"Igual ao Orçado",IF(D94>(G94+H94),"Próximo ao Orçado","Passou do Orçado")))))
B95: Outros 1 - | K95: =IF(D95=0,"",(D95-G95-H95)) | M95: =IF((G95+H95)=0,"",IF(D95=0,"",IF((G95+H95)<(D95*80%),"Abaixo do Orçado",IF(D95=(G95+H95),"Igual ao Orçado",IF(D95>(G95+H95),"Próximo ao Orçado","Passou do Orçado")))))
B96: Outros 2 - | K96: =IF(D96=0,"",(D96-G96-H96)) | M96: =IF((G96+H96)=0,"",IF(D96=0,"",IF((G96+H96)<(D96*80%),"Abaixo do Orçado",IF(D96=(G96+H96),"Igual ao Orçado",IF(D96>(G96+H96),"Próximo ao Orçado","Passou do Orçado")))))
K97: =IF(D97=0,"",(D97-G97-H97)) | M97: =IF((G97+H97)=0,"",IF(D97=0,"",IF((G97+H97)<(D97*80%),"Abaixo do Orçado",IF(D97=(G97+H97),"Igual ao Orçado",IF(D97>(G97+H97),"Próximo ao Orçado","Passou do Orçado")))))
K98: =IF(D98=0,"",(D98-G98-H98)) | M98: =IF((G98+H98)=0,"",IF(D98=0,"",IF((G98+H98)<(D98*80%),"Abaixo do Orçado",IF(D98=(G98+H98),"Igual ao Orçado",IF(D98>(G98+H98),"Próximo ao Orçado","Passou do Orçado")))))
K99: =IF(D99=0,"",(D99-G99-H99)) | M99: =IF((G99+H99)=0,"",IF(D99=0,"",IF((G99+H99)<(D99*80%),"Abaixo do Orçado",IF(D99=(G99+H99),"Igual ao Orçado",IF(D99>(G99+H99),"Próximo ao Orçado","Passou do Orçado")))))
B100: Total Grupo 7: | D100: =SUM(D92:D99) -> 0 | G100: =SUM(G92:G99) -> 0 | H100: =SUM(H92:H99) -> 0 | I100: =G100+H100 -> 0 | K100: =IF(D100=0,"",D100-I100)
B102: 8) Outras Despesas / Variáveis | D102: R$ | E102: Percentual despesa total | G102: =IF(I114=0,"",IF(D114=0,"Preencher coluna Orçamento para melhor funcionamento da Planilha.",IF(I114<(D114*80%),"Sinal Verde - Abaixo do Orçado",IF(D114=I114,"Sinal Amarelo - Igual ao Orçado",IF(D114>I114,"Sinal Amarelo - Próximo ao Orçado","Sinal Vermelho - Passou do Orçado"))))) | I102: Percentual despesa total | K102: R$ | M102: Obs. Individual
B103: Presentes | E103: =IF(D114=0,"",D114/D130) | I103: =IF(I114=0,"",I114/I130) | K103: =IF(D103=0,"",(D103-G103-H103)) | M103: =IF((G103+H103)=0,"",IF(D103=0,"",IF((G103+H103)<(D103*80%),"Abaixo do Orçado",IF(D103=(G103+H103),"Igual ao Orçado",IF(D103>(G103+H103),"Próximo ao Orçado","Passou do Orçado")))))
K104: =IF(D104=0,"",(D104-G104-H104)) | M104: =IF((G104+H104)=0,"",IF(D104=0,"",IF((G104+H104)<(D104*80%),"Abaixo do Orçado",IF(D104=(G104+H104),"Igual ao Orçado",IF(D104>(G104+H104),"Próximo ao Orçado","Passou do Orçado")))))
K105: =IF(D105=0,"",(D105-G105-H105)) | M105: =IF((G105+H105)=0,"",IF(D105=0,"",IF((G105+H105)<(D105*80%),"Abaixo do Orçado",IF(D105=(G105+H105),"Igual ao Orçado",IF(D105>(G105+H105),"Próximo ao Orçado","Passou do Orçado")))))
K106: =IF(D106=0,"",(D106-G106-H106)) | M106: =IF((G106+H106)=0,"",IF(D106=0,"",IF((G106+H106)<(D106*80%),"Abaixo do Orçado",IF(D106=(G106+H106),"Igual ao Orçado",IF(D106>(G106+H106),"Próximo ao Orçado","Passou do Orçado")))))
K107: =IF(D107=0,"",(D107-G107-H107)) | M107: =IF((G107+H107)=0,"",IF(D107=0,"",IF((G107+H107)<(D107*80%),"Abaixo do Orçado",IF(D107=(G107+H107),"Igual ao Orçado",IF(D107>(G107+H107),"Próximo ao Orçado","Passou do Orçado")))))
K108: =IF(D108=0,"",(D108-G108-H108)) | M108: =IF((G108+H108)=0,"",IF(D108=0,"",IF((G108+H108)<(D108*80%),"Abaixo do Orçado",IF(D108=(G108+H108),"Igual ao Orçado",IF(D108>(G108+H108),"Próximo ao Orçado","Passou do Orçado")))))
K109: =IF(D109=0,"",(D109-G109-H109)) | M109: =IF((G109+H109)=0,"",IF(D109=0,"",IF((G109+H109)<(D109*80%),"Abaixo do Orçado",IF(D109=(G109+H109),"Igual ao Orçado",IF(D109>(G109+H109),"Próximo ao Orçado","Passou do Orçado")))))
...

Sheet Jul
B2: Controle - Junho 2026 Receitas x Despesas | D2: Orçamento | G2: Realizado | K2: Diferença | M2: Observações
B4: Discriminação dos itens | D4: Casal | E4: Total | G4: ='Página Inicial'!C6 -> Nome Esposa | H4: ='Página Inicial'!F6 -> Nome Esposo | I4: Total | K4: Casal | M4: Obs. Individual
B5: Receitas 1 | K5: =IF(D5=0,"",(D5-G5-H5)) | M5: =IF((G5+H5)=0,"",IF(D5=0,"",IF((G5+H5)<(D5*80%),"Abaixo do Orçado",IF(D5=(G5+H5),"Igual ao Orçado",IF(D5>(G5+H5),"Próximo ao Orçado","Passou do Orçado")))))
B6: Receitas 2 | K6: =IF(D6=0,"",(D6-G6-H6)) | M6: =IF((G6+H6)=0,"",IF(D6=0,"",IF((G6+H6)<(D6*80%),"Abaixo do Orçado",IF(D6=(G6+H6),"Igual ao Orçado",IF(D6>(G6+H6),"Próximo ao Orçado","Passou do Orçado")))))
B7: Receitas 3 | K7: =IF(D7=0,"",(D7-G7-H7)) | M7: =IF((G7+H7)=0,"",IF(D7=0,"",IF((G7+H7)<(D7*80%),"Abaixo do Orçado",IF(D7=(G7+H7),"Igual ao Orçado",IF(D7>(G7+H7),"Próximo ao Orçado","Passou do Orçado")))))
K8: =IF(D8=0,"",(D8-G8-H8)) | M8: =IF((G8+H8)=0,"",IF(D8=0,"",IF((G8+H8)<(D8*80%),"Abaixo do Orçado",IF(D8=(G8+H8),"Igual ao Orçado",IF(D8>(G8+H8),"Próximo ao Orçado","Passou do Orçado")))))
K9: =IF(D9=0,"",(D9-G9-H9)) | M9: =IF((G9+H9)=0,"",IF(D9=0,"",IF((G9+H9)<(D9*80%),"Abaixo do Orçado",IF(D9=(G9+H9),"Igual ao Orçado",IF(D9>(G9+H9),"Próximo ao Orçado","Passou do Orçado")))))
B10: ( - ) Impostos retidos / pagos | K10: =IF(D10=0,"",(D10-G10-H10)) | M10: =IF((G10+H10)=0,"",IF(D10=0,"",IF((G10+H10)<(D10*80%),"Abaixo do Orçado",IF(D10=(G10+H10),"Igual ao Orçado",IF(D10>(G10+H10),"Próximo ao Orçado","Passou do Orçado")))))
B11: Total Salários: | D11: =D5+D6+D7+D8+D9-D10 -> 0 | G11: =G5+G6+G7+G8+G9-G10 -> 0 | H11: =H5+H6+H7+H8+H9-H10 -> 0 | I11: =G11+H11 -> 0 | K11: =IF(D11=0,"",D11-I11)
B12: Despesas por Grupo
B13: 1) Habitação | D13: R$ | E13: Percentual despesa total | G13: =IF(I28=0,"",IF(D28=0,"Preencher coluna Orçamento para melhor funcionamento da Planilha.",IF(I28<(D28*80%),"Sinal Verde - Abaixo do Orçado",IF(D28=I28,"Sinal Amarelo - Igual ao Orçado",IF(D28>I28,"Sinal Amarelo - Próximo ao Orçado","Sinal Vermelho - Passou do Orçado"))))) | I13: Percentual despesa total | K13: R$ | M13: Obs. Individual
B14: Água e Esgoto | E14: =IF(D28=0,"",D28/D130) | I14: =IF(I28=0,"",I28/I130) | K14: =IF(D14=0,"",(D14-G14-H14)) | M14: =IF((G14+H14)=0,"",IF(D14=0,"",IF((G14+H14)<(D14*80%),"Abaixo do Orçado",IF(D14=(G14+H14),"Igual ao Orçado",IF(D14>(G14+H14),"Próximo ao Orçado","Passou do Orçado")))))
B15: Condomínio | K15: =IF(D15=0,"",(D15-G15-H15)) | M15: =IF((G15+H15)=0,"",IF(D15=0,"",IF((G15+H15)<(D15*80%),"Abaixo do Orçado",IF(D15=(G15+H15),"Igual ao Orçado",IF(D15>(G15+H15),"Próximo ao Orçado","Passou do Orçado")))))
B16: Diarista / Empregada | K16: =IF(D16=0,"",(D16-G16-H16)) | M16: =IF((G16+H16)=0,"",IF(D16=0,"",IF((G16+H16)<(D16*80%),"Abaixo do Orçado",IF(D16=(G16+H16),"Igual ao Orçado",IF(D16>(G16+H16),"Próximo ao Orçado","Passou do Orçado")))))
B17: Energia Elétrica | K17: =IF(D17=0,"",(D17-G17-H17)) | M17: =IF((G17+H17)=0,"",IF(D17=0,"",IF((G17+H17)<(D17*80%),"Abaixo do Orçado",IF(D17=(G17+H17),"Igual ao Orçado",IF(D17>(G17+H17),"Próximo ao Orçado","Passou do Orçado")))))
B18: IPTU / Outras taxas | K18: =IF(D18=0,"",(D18-G18-H18)) | M18: =IF((G18+H18)=0,"",IF(D18=0,"",IF((G18+H18)<(D18*80%),"Abaixo do Orçado",IF(D18=(G18+H18),"Igual ao Orçado",IF(D18>(G18+H18),"Próximo ao Orçado","Passou do Orçado")))))
B19: Lavagem de Roupas | K19: =IF(D19=0,"",(D19-G19-H19)) | M19: =IF((G19+H19)=0,"",IF(D19=0,"",IF((G19+H19)<(D19*80%),"Abaixo do Orçado",IF(D19=(G19+H19),"Igual ao Orçado",IF(D19>(G19+H19),"Próximo ao Orçado","Passou do Orçado")))))
B20: Manutenção Geral | K20: =IF(D20=0,"",(D20-G20-H20)) | M20: =IF((G20+H20)=0,"",IF(D20=0,"",IF((G20+H20)<(D20*80%),"Abaixo do Orçado",IF(D20=(G20+H20),"Igual ao Orçado",IF(D20>(G20+H20),"Próximo ao Orçado","Passou do Orçado")))))
B21: Prestação Apartamento / Aluguel | K21: =IF(D21=0,"",(D21-G21-H21)) | M21: =IF((G21+H21)=0,"",IF(D21=0,"",IF((G21+H21)<(D21*80%),"Abaixo do Orçado",IF(D21=(G21+H21),"Igual ao Orçado",IF(D21>(G21+H21),"Próximo ao Orçado","Passou do Orçado")))))
B22: Telefone Fixo / Internet | K22: =IF(D22=0,"",(D22-G22-H22)) | M22: =IF((G22+H22)=0,"",IF(D22=0,"",IF((G22+H22)<(D22*80%),"Abaixo do Orçado",IF(D22=(G22+H22),"Igual ao Orçado",IF(D22>(G22+H22),"Próximo ao Orçado","Passou do Orçado")))))
B23: Outros 1 - | K23: =IF(D23=0,"",(D23-G23-H23)) | M23: =IF((G23+H23)=0,"",IF(D23=0,"",IF((G23+H23)<(D23*80%),"Abaixo do Orçado",IF(D23=(G23+H23),"Igual ao Orçado",IF(D23>(G23+H23),"Próximo ao Orçado","Passou do Orçado")))))
B24: Outros 2 - | K24: =IF(D24=0,"",(D24-G24-H24)) | M24: =IF((G24+H24)=0,"",IF(D24=0,"",IF((G24+H24)<(D24*80%),"Abaixo do Orçado",IF(D24=(G24+H24),"Igual ao Orçado",IF(D24>(G24+H24),"Próximo ao Orçado","Passou do Orçado")))))
K25: =IF(D25=0,"",(D25-G25-H25)) | M25: =IF((G25+H25)=0,"",IF(D25=0,"",IF((G25+H25)<(D25*80%),"Abaixo do Orçado",IF(D25=(G25+H25),"Igual ao Orçado",IF(D25>(G25+H25),"Próximo ao Orçado","Passou do Orçado")))))
K26: =IF(D26=0,"",(D26-G26-H26)) | M26: =IF((G26+H26)=0,"",IF(D26=0,"",IF((G26+H26)<(D26*80%),"Abaixo do Orçado",IF(D26=(G26+H26),"Igual ao Orçado",IF(D26>(G26+H26),"Próximo ao Orçado","Passou do Orçado")))))
K27: =IF(D27=0,"",(D27-G27-H27)) | M27: =IF((G27+H27)=0,"",IF(D27=0,"",IF((G27+H27)<(D27*80%),"Abaixo do Orçado",IF(D27=(G27+H27),"Igual ao Orçado",IF(D27>(G27+H27),"Próximo ao Orçado","Passou do Orçado")))))
B28: Total Grupo 1: | D28: =SUM(D14:D27) -> 0 | G28: =SUM(G14:G27) -> 0 | H28: =SUM(H14:H27) -> 0 | I28: =G28+H28 -> 0 | K28: =IF(D28=0,"",D28-I28)
B30: 2) Alimentação | D30: R$ | E30: Percentual despesa total | G30: =IF(I39=0,"",IF(D39=0,"Preencher coluna Orçamento para melhor funcionamento da Planilha.",IF(I39<(D39*80%),"Sinal Verde - Abaixo do Orçado",IF(D39=I39,"Sinal Amarelo - Igual ao Orçado",IF(D39>I39,"Sinal Amarelo - Próximo ao Orçado","Sinal Vermelho - Passou do Orçado"))))) | I30: Percentual despesa total | K30: R$ | M30: Obs. Individual
B31: Refeições diárias (Almoço / Jantar, Etc) | E31: =IF(D39=0,"",D39/D130) | I31: =IF(I39=0,"",I39/I130) | K31: =IF(D31=0,"",(D31-G31-H31)) | M31: =IF((G31+H31)=0,"",IF(D31=0,"",IF((G31+H31)<(D31*80%),"Abaixo do Orçado",IF(D31=(G31+H31),"Igual ao Orçado",IF(D31>(G31+H31),"Próximo ao Orçado","Passou do Orçado")))))
B32: Supermercado - Mensal | K32: =IF(D32=0,"",(D32-G32-H32)) | M32: =IF((G32+H32)=0,"",IF(D32=0,"",IF((G32+H32)<(D32*80%),"Abaixo do Orçado",IF(D32=(G32+H32),"Igual ao Orçado",IF(D32>(G32+H32),"Próximo ao Orçado","Passou do Orçado")))))
B33: Supermercado / Padaria - Dia a dia | K33: =IF(D33=0,"",(D33-G33-H33)) | M33: =IF((G33+H33)=0,"",IF(D33=0,"",IF((G33+H33)<(D33*80%),"Abaixo do Orçado",IF(D33=(G33+H33),"Igual ao Orçado",IF(D33>(G33+H33),"Próximo ao Orçado","Passou do Orçado")))))
B34: Outros 1 - | K34: =IF(D34=0,"",(D34-G34-H34)) | M34: =IF((G34+H34)=0,"",IF(D34=0,"",IF((G34+H34)<(D34*80%),"Abaixo do Orçado",IF(D34=(G34+H34),"Igual ao Orçado",IF(D34>(G34+H34),"Próximo ao Orçado","Passou do Orçado")))))
B35: Outros 2 - | K35: =IF(D35=0,"",(D35-G35-H35)) | M35: =IF((G35+H35)=0,"",IF(D35=0,"",IF((G35+H35)<(D35*80%),"Abaixo do Orçado",IF(D35=(G35+H35),"Igual ao Orçado",IF(D35>(G35+H35),"Próximo ao Orçado","Passou do Orçado")))))
K36: =IF(D36=0,"",(D36-G36-H36)) | M36: =IF((G36+H36)=0,"",IF(D36=0,"",IF((G36+H36)<(D36*80%),"Abaixo do Orçado",IF(D36=(G36+H36),"Igual ao Orçado",IF(D36>(G36+H36),"Próximo ao Orçado","Passou do Orçado")))))
K37: =IF(D37=0,"",(D37-G37-H37)) | M37: =IF((G37+H37)=0,"",IF(D37=0,"",IF((G37+H37)<(D37*80%),"Abaixo do Orçado",IF(D37=(G37+H37),"Igual ao Orçado",IF(D37>(G37+H37),"Próximo ao Orçado","Passou do Orçado")))))
K38: =IF(D38=0,"",(D38-G38-H38)) | M38: =IF((G38+H38)=0,"",IF(D38=0,"",IF((G38+H38)<(D38*80%),"Abaixo do Orçado",IF(D38=(G38+H38),"Igual ao Orçado",IF(D38>(G38+H38),"Próximo ao Orçado","Passou do Orçado")))))
B39: Total Grupo 2: | D39: =SUM(D31:D38) -> 0 | G39: =SUM(G31:G38) -> 0 | H39: =SUM(H31:H38) -> 0 | I39: =G39+H39 -> 0 | K39: =IF(D39=0,"",D39-I39)
B41: 3) Saúde | D41: R$ | E41: Percentual despesa total | G41: =IF(I50=0,"",IF(D50=0,"Preencher coluna Orçamento para melhor funcionamento da Planilha.",IF(I50<(D50*80%),"Sinal Verde - Abaixo do Orçado",IF(D50=I50,"Sinal Amarelo - Igual ao Orçado",IF(D50>I50,"Sinal Amarelo - Próximo ao Orçado","Sinal Vermelho - Passou do Orçado"))))) | I41: Percentual despesa total | K41: R$ | M41: Obs. Individual
B42: Dentista | E42: =IF(D50=0,"",D50/D130) | I42: =IF(I50=0,"",I50/I130) | K42: =IF(D42=0,"",(D42-G42-H42)) | M42: =IF((G42+H42)=0,"",IF(D42=0,"",IF((G42+H42)<(D42*80%),"Abaixo do Orçado",IF(D42=(G42+H42),"Igual ao Orçado",IF(D42>(G42+H42),"Próximo ao Orçado","Passou do Orçado")))))
B43: Farmácia - Medicamentos | K43: =IF(D43=0,"",(D43-G43-H43)) | M43: =IF((G43+H43)=0,"",IF(D43=0,"",IF((G43+H43)<(D43*80%),"Abaixo do Orçado",IF(D43=(G43+H43),"Igual ao Orçado",IF(D43>(G43+H43),"Próximo ao Orçado","Passou do Orçado")))))
B44: Plano de Saúde | K44: =IF(D44=0,"",(D44-G44-H44)) | M44: =IF((G44+H44)=0,"",IF(D44=0,"",IF((G44+H44)<(D44*80%),"Abaixo do Orçado",IF(D44=(G44+H44),"Igual ao Orçado",IF(D44>(G44+H44),"Próximo ao Orçado","Passou do Orçado")))))
B45: Outros 1 - | K45: =IF(D45=0,"",(D45-G45-H45)) | M45: =IF((G45+H45)=0,"",IF(D45=0,"",IF((G45+H45)<(D45*80%),"Abaixo do Orçado",IF(D45=(G45+H45),"Igual ao Orçado",IF(D45>(G45+H45),"Próximo ao Orçado","Passou do Orçado")))))
B46: Outros 2 - | K46: =IF(D46=0,"",(D46-G46-H46)) | M46: =IF((G46+H46)=0,"",IF(D46=0,"",IF((G46+H46)<(D46*80%),"Abaixo do Orçado",IF(D46=(G46+H46),"Igual ao Orçado",IF(D46>(G46+H46),"Próximo ao Orçado","Passou do Orçado")))))
K47: =IF(D47=0,"",(D47-G47-H47)) | M47: =IF((G47+H47)=0,"",IF(D47=0,"",IF((G47+H47)<(D47*80%),"Abaixo do Orçado",IF(D47=(G47+H47),"Igual ao Orçado",IF(D47>(G47+H47),"Próximo ao Orçado","Passou do Orçado")))))
K48: =IF(D48=0,"",(D48-G48-H48)) | M48: =IF((G48+H48)=0,"",IF(D48=0,"",IF((G48+H48)<(D48*80%),"Abaixo do Orçado",IF(D48=(G48+H48),"Igual ao Orçado",IF(D48>(G48+H48),"Próximo ao Orçado","Passou do Orçado")))))
K49: =IF(D49=0,"",(D49-G49-H49)) | M49: =IF((G49+H49)=0,"",IF(D49=0,"",IF((G49+H49)<(D49*80%),"Abaixo do Orçado",IF(D49=(G49+H49),"Igual ao Orçado",IF(D49>(G49+H49),"Próximo ao Orçado","Passou do Orçado")))))
B50: Total Grupo 3: | D50: =SUM(D42:D49) -> 0 | G50: =SUM(G42:G49) -> 0 | H50: =SUM(H42:H49) -> 0 | I50: =G50+H50 -> 0 | K50: =IF(D50=0,"",D50-I50)
B52: 4) Educação | D52: R$ | E52: Percentual despesa total | G52: =IF(I62=0,"",IF(D62=0,"Preencher coluna Orçamento para melhor funcionamento da Planilha.",IF(I62<(D62*80%),"Sinal Verde - Abaixo do Orçado",IF(D62=I62,"Sinal Amarelo - Igual ao Orçado",IF(D62>I62,"Sinal Amarelo - Próximo ao Orçado","Sinal Vermelho - Passou do Orçado"))))) | I52: Percentual despesa total | K52: R$ | M52: Obs. Individual
B53: Colégio / Creche | E53: =IF(D62=0,"",D62/D130) | I53: =IF(I62=0,"",I62/I130) | K53: =IF(D53=0,"",(D53-G53-H53)) | M53: =IF((G53+H53)=0,"",IF(D53=0,"",IF((G53+H53)<(D53*80%),"Abaixo do Orçado",IF(D53=(G53+H53),"Igual ao Orçado",IF(D53>(G53+H53),"Próximo ao Orçado","Passou do Orçado")))))
B54: Cursos / Treinamentos | K54: =IF(D54=0,"",(D54-G54-H54)) | M54: =IF((G54+H54)=0,"",IF(D54=0,"",IF((G54+H54)<(D54*80%),"Abaixo do Orçado",IF(D54=(G54+H54),"Igual ao Orçado",IF(D54>(G54+H54),"Próximo ao Orçado","Passou do Orçado")))))
B55: Faculdade | K55: =IF(D55=0,"",(D55-G55-H55)) | M55: =IF((G55+H55)=0,"",IF(D55=0,"",IF((G55+H55)<(D55*80%),"Abaixo do Orçado",IF(D55=(G55+H55),"Igual ao Orçado",IF(D55>(G55+H55),"Próximo ao Orçado","Passou do Orçado")))))
B56: Pós-graduação | K56: =IF(D56=0,"",(D56-G56-H56)) | M56: =IF((G56+H56)=0,"",IF(D56=0,"",IF((G56+H56)<(D56*80%),"Abaixo do Orçado",IF(D56=(G56+H56),"Igual ao Orçado",IF(D56>(G56+H56),"Próximo ao Orçado","Passou do Orçado")))))
B57: Outros 1 - | K57: =IF(D57=0,"",(D57-G57-H57)) | M57: =IF((G57+H57)=0,"",IF(D57=0,"",IF((G57+H57)<(D57*80%),"Abaixo do Orçado",IF(D57=(G57+H57),"Igual ao Orçado",IF(D57>(G57+H57),"Próximo ao Orçado","Passou do Orçado")))))
B58: Outros 2 - | K58: =IF(D58=0,"",(D58-G58-H58)) | M58: =IF((G58+H58)=0,"",IF(D58=0,"",IF((G58+H58)<(D58*80%),"Abaixo do Orçado",IF(D58=(G58+H58),"Igual ao Orçado",IF(D58>(G58+H58),"Próximo ao Orçado","Passou do Orçado")))))
K59: =IF(D59=0,"",(D59-G59-H59)) | M59: =IF((G59+H59)=0,"",IF(D59=0,"",IF((G59+H59)<(D59*80%),"Abaixo do Orçado",IF(D59=(G59+H59),"Igual ao Orçado",IF(D59>(G59+H59),"Próximo ao Orçado","Passou do Orçado")))))
K60: =IF(D60=0,"",(D60-G60-H60)) | M60: =IF((G60+H60)=0,"",IF(D60=0,"",IF((G60+H60)<(D60*80%),"Abaixo do Orçado",IF(D60=(G60+H60),"Igual ao Orçado",IF(D60>(G60+H60),"Próximo ao Orçado","Passou do Orçado")))))
K61: =IF(D61=0,"",(D61-G61-H61)) | M61: =IF((G61+H61)=0,"",IF(D61=0,"",IF((G61+H61)<(D61*80%),"Abaixo do Orçado",IF(D61=(G61+H61),"Igual ao Orçado",IF(D61>(G61+H61),"Próximo ao Orçado","Passou do Orçado")))))
B62: Total Grupo 4: | D62: =SUM(D53:D61) -> 0 | G62: =SUM(G53:G61) -> 0 | H62: =SUM(H53:H61) -> 0 | I62: =G62+H62 -> 0 | K62: =IF(D62=0,"",D62-I62)
B64: 5) Despesas Pessoais | D64: R$ | E64: Percentual despesa total | G64: =IF(I74=0,"",IF(D74=0,"Preencher coluna Orçamento para melhor funcionamento da Planilha.",IF(I74<(D74*80%),"Sinal Verde - Abaixo do Orçado",IF(D74=I74,"Sinal Amarelo - Igual ao Orçado",IF(D74>I74,"Sinal Amarelo - Próximo ao Orçado","Sinal Vermelho - Passou do Orçado"))))) | I64: Percentual despesa total | K64: R$ | M64: Obs. Individual
B65: Academia / Esporte | E65: =IF(D74=0,"",D74/D130) | I65: =IF(I74=0,"",I74/I130) | K65: =IF(D65=0,"",(D65-G65-H65)) | M65: =IF((G65+H65)=0,"",IF(D65=0,"",IF((G65+H65)<(D65*80%),"Abaixo do Orçado",IF(D65=(G65+H65),"Igual ao Orçado",IF(D65>(G65+H65),"Próximo ao Orçado","Passou do Orçado")))))
B66: Salão de Beleza + Produtos | K66: =IF(D66=0,"",(D66-G66-H66)) | M66: =IF((G66+H66)=0,"",IF(D66=0,"",IF((G66+H66)<(D66*80%),"Abaixo do Orçado",IF(D66=(G66+H66),"Igual ao Orçado",IF(D66>(G66+H66),"Próximo ao Orçado","Passou do Orçado")))))
B67: Telefone Celular | K67: =IF(D67=0,"",(D67-G67-H67)) | M67: =IF((G67+H67)=0,"",IF(D67=0,"",IF((G67+H67)<(D67*80%),"Abaixo do Orçado",IF(D67=(G67+H67),"Igual ao Orçado",IF(D67>(G67+H67),"Próximo ao Orçado","Passou do Orçado")))))
B68: Vestuário | K68: =IF(D68=0,"",(D68-G68-H68)) | M68: =IF((G68+H68)=0,"",IF(D68=0,"",IF((G68+H68)<(D68*80%),"Abaixo do Orçado",IF(D68=(G68+H68),"Igual ao Orçado",IF(D68>(G68+H68),"Próximo ao Orçado","Passou do Orçado")))))
B69: Outros 1 - | K69: =IF(D69=0,"",(D69-G69-H69)) | M69: =IF((G69+H69)=0,"",IF(D69=0,"",IF((G69+H69)<(D69*80%),"Abaixo do Orçado",IF(D69=(G69+H69),"Igual ao Orçado",IF(D69>(G69+H69),"Próximo ao Orçado","Passou do Orçado")))))
B70: Outros 2 - | K70: =IF(D70=0,"",(D70-G70-H70)) | M70: =IF((G70+H70)=0,"",IF(D70=0,"",IF((G70+H70)<(D70*80%),"Abaixo do Orçado",IF(D70=(G70+H70),"Igual ao Orçado",IF(D70>(G70+H70),"Próximo ao Orçado","Passou do Orçado")))))
K71: =IF(D71=0,"",(D71-G71-H71)) | M71: =IF((G71+H71)=0,"",IF(D71=0,"",IF((G71+H71)<(D71*80%),"Abaixo do Orçado",IF(D71=(G71+H71),"Igual ao Orçado",IF(D71>(G71+H71),"Próximo ao Orçado","Passou do Orçado")))))
K72: =IF(D72=0,"",(D72-G72-H72)) | M72: =IF((G72+H72)=0,"",IF(D72=0,"",IF((G72+H72)<(D72*80%),"Abaixo do Orçado",IF(D72=(G72+H72),"Igual ao Orçado",IF(D72>(G72+H72),"Próximo ao Orçado","Passou do Orçado")))))
K73: =IF(D73=0,"",(D73-G73-H73)) | M73: =IF((G73+H73)=0,"",IF(D73=0,"",IF((G73+H73)<(D73*80%),"Abaixo do Orçado",IF(D73=(G73+H73),"Igual ao Orçado",IF(D73>(G73+H73),"Próximo ao Orçado","Passou do Orçado")))))
B74: Total Grupo 5: | D74: =SUM(D65:D73) -> 0 | G74: =SUM(G65:G73) -> 0 | H74: =SUM(H65:H73) -> 0 | I74: =G74+H74 -> 0 | K74: =IF(D74=0,"",D74-I74)
B76: 6) Transporte | D76: R$ | E76: Percentual despesa total | G76: =IF(I89=0,"",IF(D89=0,"Preencher coluna Orçamento para melhor funcionamento da Planilha.",IF(I89<(D89*80%),"Sinal Verde - Abaixo do Orçado",IF(D89=I89,"Sinal Amarelo - Igual ao Orçado",IF(D89>I89,"Sinal Amarelo - Próximo ao Orçado","Sinal Vermelho - Passou do Orçado"))))) | I76: Percentual despesa total | K76: R$ | M76: Obs. Individual
B77: Combustível | E77: =IF(D89=0,"",D89/D130) | I77: =IF(I89=0,"",I89/I130) | K77: =IF(D77=0,"",(D77-G77-H77)) | M77: =IF((G77+H77)=0,"",IF(D77=0,"",IF((G77+H77)<(D77*80%),"Abaixo do Orçado",IF(D77=(G77+H77),"Igual ao Orçado",IF(D77>(G77+H77),"Próximo ao Orçado","Passou do Orçado")))))
B78: Estacionamentos | K78: =IF(D78=0,"",(D78-G78-H78)) | M78: =IF((G78+H78)=0,"",IF(D78=0,"",IF((G78+H78)<(D78*80%),"Abaixo do Orçado",IF(D78=(G78+H78),"Igual ao Orçado",IF(D78>(G78+H78),"Próximo ao Orçado","Passou do Orçado")))))
B79: IPVA + Seguro Obrigatório | K79: =IF(D79=0,"",(D79-G79-H79)) | M79: =IF((G79+H79)=0,"",IF(D79=0,"",IF((G79+H79)<(D79*80%),"Abaixo do Orçado",IF(D79=(G79+H79),"Igual ao Orçado",IF(D79>(G79+H79),"Próximo ao Orçado","Passou do Orçado")))))
B80: Lavagens | K80: =IF(D80=0,"",(D80-G80-H80)) | M80: =IF((G80+H80)=0,"",IF(D80=0,"",IF((G80+H80)<(D80*80%),"Abaixo do Orçado",IF(D80=(G80+H80),"Igual ao Orçado",IF(D80>(G80+H80),"Próximo ao Orçado","Passou do Orçado")))))
B81: Mecânico (outros consertos) | K81: =IF(D81=0,"",(D81-G81-H81)) | M81: =IF((G81+H81)=0,"",IF(D81=0,"",IF((G81+H81)<(D81*80%),"Abaixo do Orçado",IF(D81=(G81+H81),"Igual ao Orçado",IF(D81>(G81+H81),"Próximo ao Orçado","Passou do Orçado")))))
B82: Seguro Carro | K82: =IF(D82=0,"",(D82-G82-H82)) | M82: =IF((G82+H82)=0,"",IF(D82=0,"",IF((G82+H82)<(D82*80%),"Abaixo do Orçado",IF(D82=(G82+H82),"Igual ao Orçado",IF(D82>(G82+H82),"Próximo ao Orçado","Passou do Orçado")))))
B83: Taxi / Ônibus | K83: =IF(D83=0,"",(D83-G83-H83)) | M83: =IF((G83+H83)=0,"",IF(D83=0,"",IF((G83+H83)<(D83*80%),"Abaixo do Orçado",IF(D83=(G83+H83),"Igual ao Orçado",IF(D83>(G83+H83),"Próximo ao Orçado","Passou do Orçado")))))
B84: Outros 1 - | K84: =IF(D84=0,"",(D84-G84-H84)) | M84: =IF((G84+H84)=0,"",IF(D84=0,"",IF((G84+H84)<(D84*80%),"Abaixo do Orçado",IF(D84=(G84+H84),"Igual ao Orçado",IF(D84>(G84+H84),"Próximo ao Orçado","Passou do Orçado")))))
B85: Outros 2 - | K85: =IF(D85=0,"",(D85-G85-H85)) | M85: =IF((G85+H85)=0,"",IF(D85=0,"",IF((G85+H85)<(D85*80%),"Abaixo do Orçado",IF(D85=(G85+H85),"Igual ao Orçado",IF(D85>(G85+H85),"Próximo ao Orçado","Passou do Orçado")))))
K86: =IF(D86=0,"",(D86-G86-H86)) | M86: =IF((G86+H86)=0,"",IF(D86=0,"",IF((G86+H86)<(D86*80%),"Abaixo do Orçado",IF(D86=(G86+H86),"Igual ao Orçado",IF(D86>(G86+H86),"Próximo ao Orçado","Passou do Orçado")))))
K87: =IF(D87=0,"",(D87-G87-H87)) | M87: =IF((G87+H87)=0,"",IF(D87=0,"",IF((G87+H87)<(D87*80%),"Abaixo do Orçado",IF(D87=(G87+H87),"Igual ao Orçado",IF(D87>(G87+H87),"Próximo ao Orçado","Passou do Orçado")))))
K88: =IF(D88=0,"",(D88-G88-H88)) | M88: =IF((G88+H88)=0,"",IF(D88=0,"",IF((G88+H88)<(D88*80%),"Abaixo do Orçado",IF(D88=(G88+H88),"Igual ao Orçado",IF(D88>(G88+H88),"Próximo ao Orçado","Passou do Orçado")))))
B89: Total Grupo 6: | D89: =SUM(D77:D88) -> 0 | G89: =SUM(G77:G88) -> 0 | H89: =SUM(H77:H88) -> 0 | I89: =G89+H89 -> 0 | K89: =IF(D89=0,"",D89-I89)
B91: 7) Lazer | D91: R$ | E91: Percentual despesa total | G91: =IF(I100=0,"",IF(D100=0,"Preencher coluna Orçamento para melhor funcionamento da Planilha.",IF(I100<(D100*80%),"Sinal Verde - Abaixo do Orçado",IF(D100=I100,"Sinal Amarelo - Igual ao Orçado",IF(D100>I100,"Sinal Amarelo - Próximo ao Orçado","Sinal Vermelho - Passou do Orçado"))))) | I91: Percentual despesa total | K91: R$ | M91: Obs. Individual
B92: Festas | E92: =IF(D100=0,"",D100/D130) | I92: =IF(I100=0,"",I100/I130) | K92: =IF(D92=0,"",(D92-G92-H92)) | M92: =IF((G92+H92)=0,"",IF(D92=0,"",IF((G92+H92)<(D92*80%),"Abaixo do Orçado",IF(D92=(G92+H92),"Igual ao Orçado",IF(D92>(G92+H92),"Próximo ao Orçado","Passou do Orçado")))))
B93: Restaurantes / Bares | K93: =IF(D93=0,"",(D93-G93-H93)) | M93: =IF((G93+H93)=0,"",IF(D93=0,"",IF((G93+H93)<(D93*80%),"Abaixo do Orçado",IF(D93=(G93+H93),"Igual ao Orçado",IF(D93>(G93+H93),"Próximo ao Orçado","Passou do Orçado")))))
B94: Viagens (Hospedagem, passagem, etc) | K94: =IF(D94=0,"",(D94-G94-H94)) | M94: =IF((G94+H94)=0,"",IF(D94=0,"",IF((G94+H94)<(D94*80%),"Abaixo do Orçado",IF(D94=(G94+H94),"Igual ao Orçado",IF(D94>(G94+H94),"Próximo ao Orçado","Passou do Orçado")))))
B95: Outros 1 - | K95: =IF(D95=0,"",(D95-G95-H95)) | M95: =IF((G95+H95)=0,"",IF(D95=0,"",IF((G95+H95)<(D95*80%),"Abaixo do Orçado",IF(D95=(G95+H95),"Igual ao Orçado",IF(D95>(G95+H95),"Próximo ao Orçado","Passou do Orçado")))))
B96: Outros 2 - | K96: =IF(D96=0,"",(D96-G96-H96)) | M96: =IF((G96+H96)=0,"",IF(D96=0,"",IF((G96+H96)<(D96*80%),"Abaixo do Orçado",IF(D96=(G96+H96),"Igual ao Orçado",IF(D96>(G96+H96),"Próximo ao Orçado","Passou do Orçado")))))
K97: =IF(D97=0,"",(D97-G97-H97)) | M97: =IF((G97+H97)=0,"",IF(D97=0,"",IF((G97+H97)<(D97*80%),"Abaixo do Orçado",IF(D97=(G97+H97),"Igual ao Orçado",IF(D97>(G97+H97),"Próximo ao Orçado","Passou do Orçado")))))
K98: =IF(D98=0,"",(D98-G98-H98)) | M98: =IF((G98+H98)=0,"",IF(D98=0,"",IF((G98+H98)<(D98*80%),"Abaixo do Orçado",IF(D98=(G98+H98),"Igual ao Orçado",IF(D98>(G98+H98),"Próximo ao Orçado","Passou do Orçado")))))
K99: =IF(D99=0,"",(D99-G99-H99)) | M99: =IF((G99+H99)=0,"",IF(D99=0,"",IF((G99+H99)<(D99*80%),"Abaixo do Orçado",IF(D99=(G99+H99),"Igual ao Orçado",IF(D99>(G99+H99),"Próximo ao Orçado","Passou do Orçado")))))
B100: Total Grupo 7: | D100: =SUM(D92:D99) -> 0 | G100: =SUM(G92:G99) -> 0 | H100: =SUM(H92:H99) -> 0 | I100: =G100+H100 -> 0 | K100: =IF(D100=0,"",D100-I100)
B102: 8) Outras Despesas / Variáveis | D102: R$ | E102: Percentual despesa total | G102: =IF(I114=0,"",IF(D114=0,"Preencher coluna Orçamento para melhor funcionamento da Planilha.",IF(I114<(D114*80%),"Sinal Verde - Abaixo do Orçado",IF(D114=I114,"Sinal Amarelo - Igual ao Orçado",IF(D114>I114,"Sinal Amarelo - Próximo ao Orçado","Sinal Vermelho - Passou do Orçado"))))) | I102: Percentual despesa total | K102: R$ | M102: Obs. Individual
B103: Presentes | E103: =IF(D114=0,"",D114/D130) | I103: =IF(I114=0,"",I114/I130) | K103: =IF(D103=0,"",(D103-G103-H103)) | M103: =IF((G103+H103)=0,"",IF(D103=0,"",IF((G103+H103)<(D103*80%),"Abaixo do Orçado",IF(D103=(G103+H103),"Igual ao Orçado",IF(D103>(G103+H103),"Próximo ao Orçado","Passou do Orçado")))))
K104: =IF(D104=0,"",(D104-G104-H104)) | M104: =IF((G104+H104)=0,"",IF(D104=0,"",IF((G104+H104)<(D104*80%),"Abaixo do Orçado",IF(D104=(G104+H104),"Igual ao Orçado",IF(D104>(G104+H104),"Próximo ao Orçado","Passou do Orçado")))))
K105: =IF(D105=0,"",(D105-G105-H105)) | M105: =IF((G105+H105)=0,"",IF(D105=0,"",IF((G105+H105)<(D105*80%),"Abaixo do Orçado",IF(D105=(G105+H105),"Igual ao Orçado",IF(D105>(G105+H105),"Próximo ao Orçado","Passou do Orçado")))))
K106: =IF(D106=0,"",(D106-G106-H106)) | M106: =IF((G106+H106)=0,"",IF(D106=0,"",IF((G106+H106)<(D106*80%),"Abaixo do Orçado",IF(D106=(G106+H106),"Igual ao Orçado",IF(D106>(G106+H106),"Próximo ao Orçado","Passou do Orçado")))))
K107: =IF(D107=0,"",(D107-G107-H107)) | M107: =IF((G107+H107)=0,"",IF(D107=0,"",IF((G107+H107)<(D107*80%),"Abaixo do Orçado",IF(D107=(G107+H107),"Igual ao Orçado",IF(D107>(G107+H107),"Próximo ao Orçado","Passou do Orçado")))))
K108: =IF(D108=0,"",(D108-G108-H108)) | M108: =IF((G108+H108)=0,"",IF(D108=0,"",IF((G108+H108)<(D108*80%),"Abaixo do Orçado",IF(D108=(G108+H108),"Igual ao Orçado",IF(D108>(G108+H108),"Próximo ao Orçado","Passou do Orçado")))))
K109: =IF(D109=0,"",(D109-G109-H109)) | M109: =IF((G109+H109)=0,"",IF(D109=0,"",IF((G109+H109)<(D109*80%),"Abaixo do Orçado",IF(D109=(G109+H109),"Igual ao Orçado",IF(D109>(G109+H109),"Próximo ao Orçado","Passou do Orçado")))))
...

Sheet Ago
B2: Controle - Agosto 2026 Receitas x Despesas | D2: Orçamento | G2: Realizado | K2: Diferença | M2: Observações
B4: Discriminação dos itens | D4: Casal | E4: Total | G4: ='Página Inicial'!C6 -> Nome Esposa | H4: ='Página Inicial'!F6 -> Nome Esposo | I4: Total | K4: Casal | M4: Obs. Individual
B5: Receitas 1 | K5: =IF(D5=0,"",(D5-G5-H5)) | M5: =IF((G5+H5)=0,"",IF(D5=0,"",IF((G5+H5)<(D5*80%),"Abaixo do Orçado",IF(D5=(G5+H5),"Igual ao Orçado",IF(D5>(G5+H5),"Próximo ao Orçado","Passou do Orçado")))))
B6: Receitas 2 | K6: =IF(D6=0,"",(D6-G6-H6)) | M6: =IF((G6+H6)=0,"",IF(D6=0,"",IF((G6+H6)<(D6*80%),"Abaixo do Orçado",IF(D6=(G6+H6),"Igual ao Orçado",IF(D6>(G6+H6),"Próximo ao Orçado","Passou do Orçado")))))
B7: Receitas 3 | K7: =IF(D7=0,"",(D7-G7-H7)) | M7: =IF((G7+H7)=0,"",IF(D7=0,"",IF((G7+H7)<(D7*80%),"Abaixo do Orçado",IF(D7=(G7+H7),"Igual ao Orçado",IF(D7>(G7+H7),"Próximo ao Orçado","Passou do Orçado")))))
K8: =IF(D8=0,"",(D8-G8-H8)) | M8: =IF((G8+H8)=0,"",IF(D8=0,"",IF((G8+H8)<(D8*80%),"Abaixo do Orçado",IF(D8=(G8+H8),"Igual ao Orçado",IF(D8>(G8+H8),"Próximo ao Orçado","Passou do Orçado")))))
K9: =IF(D9=0,"",(D9-G9-H9)) | M9: =IF((G9+H9)=0,"",IF(D9=0,"",IF((G9+H9)<(D9*80%),"Abaixo do Orçado",IF(D9=(G9+H9),"Igual ao Orçado",IF(D9>(G9+H9),"Próximo ao Orçado","Passou do Orçado")))))
B10: ( - ) Impostos retidos / pagos | K10: =IF(D10=0,"",(D10-G10-H10)) | M10: =IF((G10+H10)=0,"",IF(D10=0,"",IF((G10+H10)<(D10*80%),"Abaixo do Orçado",IF(D10=(G10+H10),"Igual ao Orçado",IF(D10>(G10+H10),"Próximo ao Orçado","Passou do Orçado")))))
B11: Total Salários: | D11: =D5+D6+D7+D8+D9-D10 -> 0 | G11: =G5+G6+G7+G8+G9-G10 -> 0 | H11: =H5+H6+H7+H8+H9-H10 -> 0 | I11: =G11+H11 -> 0 | K11: =IF(D11=0,"",D11-I11)
B12: Despesas por Grupo
B13: 1) Habitação | D13: R$ | E13: Percentual despesa total | G13: =IF(I28=0,"",IF(D28=0,"Preencher coluna Orçamento para melhor funcionamento da Planilha.",IF(I28<(D28*80%),"Sinal Verde - Abaixo do Orçado",IF(D28=I28,"Sinal Amarelo - Igual ao Orçado",IF(D28>I28,"Sinal Amarelo - Próximo ao Orçado","Sinal Vermelho - Passou do Orçado"))))) | I13: Percentual despesa total | K13: R$ | M13: Obs. Individual
B14: Água e Esgoto | E14: =IF(D28=0,"",D28/D130) | I14: =IF(I28=0,"",I28/I130) | K14: =IF(D14=0,"",(D14-G14-H14)) | M14: =IF((G14+H14)=0,"",IF(D14=0,"",IF((G14+H14)<(D14*80%),"Abaixo do Orçado",IF(D14=(G14+H14),"Igual ao Orçado",IF(D14>(G14+H14),"Próximo ao Orçado","Passou do Orçado")))))
B15: Condomínio | K15: =IF(D15=0,"",(D15-G15-H15)) | M15: =IF((G15+H15)=0,"",IF(D15=0,"",IF((G15+H15)<(D15*80%),"Abaixo do Orçado",IF(D15=(G15+H15),"Igual ao Orçado",IF(D15>(G15+H15),"Próximo ao Orçado","Passou do Orçado")))))
B16: Diarista / Empregada | K16: =IF(D16=0,"",(D16-G16-H16)) | M16: =IF((G16+H16)=0,"",IF(D16=0,"",IF((G16+H16)<(D16*80%),"Abaixo do Orçado",IF(D16=(G16+H16),"Igual ao Orçado",IF(D16>(G16+H16),"Próximo ao Orçado","Passou do Orçado")))))
B17: Energia Elétrica | K17: =IF(D17=0,"",(D17-G17-H17)) | M17: =IF((G17+H17)=0,"",IF(D17=0,"",IF((G17+H17)<(D17*80%),"Abaixo do Orçado",IF(D17=(G17+H17),"Igual ao Orçado",IF(D17>(G17+H17),"Próximo ao Orçado","Passou do Orçado")))))
B18: IPTU / Outras taxas | K18: =IF(D18=0,"",(D18-G18-H18)) | M18: =IF((G18+H18)=0,"",IF(D18=0,"",IF((G18+H18)<(D18*80%),"Abaixo do Orçado",IF(D18=(G18+H18),"Igual ao Orçado",IF(D18>(G18+H18),"Próximo ao Orçado","Passou do Orçado")))))
B19: Lavagem de Roupas | K19: =IF(D19=0,"",(D19-G19-H19)) | M19: =IF((G19+H19)=0,"",IF(D19=0,"",IF((G19+H19)<(D19*80%),"Abaixo do Orçado",IF(D19=(G19+H19),"Igual ao Orçado",IF(D19>(G19+H19),"Próximo ao Orçado","Passou do Orçado")))))
B20: Manutenção Geral | K20: =IF(D20=0,"",(D20-G20-H20)) | M20: =IF((G20+H20)=0,"",IF(D20=0,"",IF((G20+H20)<(D20*80%),"Abaixo do Orçado",IF(D20=(G20+H20),"Igual ao Orçado",IF(D20>(G20+H20),"Próximo ao Orçado","Passou do Orçado")))))
B21: Prestação Apartamento / Aluguel | K21: =IF(D21=0,"",(D21-G21-H21)) | M21: =IF((G21+H21)=0,"",IF(D21=0,"",IF((G21+H21)<(D21*80%),"Abaixo do Orçado",IF(D21=(G21+H21),"Igual ao Orçado",IF(D21>(G21+H21),"Próximo ao Orçado","Passou do Orçado")))))
B22: Telefone Fixo / Internet | K22: =IF(D22=0,"",(D22-G22-H22)) | M22: =IF((G22+H22)=0,"",IF(D22=0,"",IF((G22+H22)<(D22*80%),"Abaixo do Orçado",IF(D22=(G22+H22),"Igual ao Orçado",IF(D22>(G22+H22),"Próximo ao Orçado","Passou do Orçado")))))
B23: Outros 1 - | K23: =IF(D23=0,"",(D23-G23-H23)) | M23: =IF((G23+H23)=0,"",IF(D23=0,"",IF((G23+H23)<(D23*80%),"Abaixo do Orçado",IF(D23=(G23+H23),"Igual ao Orçado",IF(D23>(G23+H23),"Próximo ao Orçado","Passou do Orçado")))))
B24: Outros 2 - | K24: =IF(D24=0,"",(D24-G24-H24)) | M24: =IF((G24+H24)=0,"",IF(D24=0,"",IF((G24+H24)<(D24*80%),"Abaixo do Orçado",IF(D24=(G24+H24),"Igual ao Orçado",IF(D24>(G24+H24),"Próximo ao Orçado","Passou do Orçado")))))
K25: =IF(D25=0,"",(D25-G25-H25)) | M25: =IF((G25+H25)=0,"",IF(D25=0,"",IF((G25+H25)<(D25*80%),"Abaixo do Orçado",IF(D25=(G25+H25),"Igual ao Orçado",IF(D25>(G25+H25),"Próximo ao Orçado","Passou do Orçado")))))
K26: =IF(D26=0,"",(D26-G26-H26)) | M26: =IF((G26+H26)=0,"",IF(D26=0,"",IF((G26+H26)<(D26*80%),"Abaixo do Orçado",IF(D26=(G26+H26),"Igual ao Orçado",IF(D26>(G26+H26),"Próximo ao Orçado","Passou do Orçado")))))
K27: =IF(D27=0,"",(D27-G27-H27)) | M27: =IF((G27+H27)=0,"",IF(D27=0,"",IF((G27+H27)<(D27*80%),"Abaixo do Orçado",IF(D27=(G27+H27),"Igual ao Orçado",IF(D27>(G27+H27),"Próximo ao Orçado","Passou do Orçado")))))
B28: Total Grupo 1: | D28: =SUM(D14:D27) -> 0 | G28: =SUM(G14:G27) -> 0 | H28: =SUM(H14:H27) -> 0 | I28: =G28+H28 -> 0 | K28: =IF(D28=0,"",D28-I28)
B30: 2) Alimentação | D30: R$ | E30: Percentual despesa total | G30: =IF(I39=0,"",IF(D39=0,"Preencher coluna Orçamento para melhor funcionamento da Planilha.",IF(I39<(D39*80%),"Sinal Verde - Abaixo do Orçado",IF(D39=I39,"Sinal Amarelo - Igual ao Orçado",IF(D39>I39,"Sinal Amarelo - Próximo ao Orçado","Sinal Vermelho - Passou do Orçado"))))) | I30: Percentual despesa total | K30: R$ | M30: Obs. Individual
B31: Refeições diárias (Almoço / Jantar, Etc) | E31: =IF(D39=0,"",D39/D130) | I31: =IF(I39=0,"",I39/I130) | K31: =IF(D31=0,"",(D31-G31-H31)) | M31: =IF((G31+H31)=0,"",IF(D31=0,"",IF((G31+H31)<(D31*80%),"Abaixo do Orçado",IF(D31=(G31+H31),"Igual ao Orçado",IF(D31>(G31+H31),"Próximo ao Orçado","Passou do Orçado")))))
B32: Supermercado - Mensal | K32: =IF(D32=0,"",(D32-G32-H32)) | M32: =IF((G32+H32)=0,"",IF(D32=0,"",IF((G32+H32)<(D32*80%),"Abaixo do Orçado",IF(D32=(G32+H32),"Igual ao Orçado",IF(D32>(G32+H32),"Próximo ao Orçado","Passou do Orçado")))))
B33: Supermercado / Padaria - Dia a dia | K33: =IF(D33=0,"",(D33-G33-H33)) | M33: =IF((G33+H33)=0,"",IF(D33=0,"",IF((G33+H33)<(D33*80%),"Abaixo do Orçado",IF(D33=(G33+H33),"Igual ao Orçado",IF(D33>(G33+H33),"Próximo ao Orçado","Passou do Orçado")))))
B34: Outros 1 - | K34: =IF(D34=0,"",(D34-G34-H34)) | M34: =IF((G34+H34)=0,"",IF(D34=0,"",IF((G34+H34)<(D34*80%),"Abaixo do Orçado",IF(D34=(G34+H34),"Igual ao Orçado",IF(D34>(G34+H34),"Próximo ao Orçado","Passou do Orçado")))))
B35: Outros 2 - | K35: =IF(D35=0,"",(D35-G35-H35)) | M35: =IF((G35+H35)=0,"",IF(D35=0,"",IF((G35+H35)<(D35*80%),"Abaixo do Orçado",IF(D35=(G35+H35),"Igual ao Orçado",IF(D35>(G35+H35),"Próximo ao Orçado","Passou do Orçado")))))
K36: =IF(D36=0,"",(D36-G36-H36)) | M36: =IF((G36+H36)=0,"",IF(D36=0,"",IF((G36+H36)<(D36*80%),"Abaixo do Orçado",IF(D36=(G36+H36),"Igual ao Orçado",IF(D36>(G36+H36),"Próximo ao Orçado","Passou do Orçado")))))
K37: =IF(D37=0,"",(D37-G37-H37)) | M37: =IF((G37+H37)=0,"",IF(D37=0,"",IF((G37+H37)<(D37*80%),"Abaixo do Orçado",IF(D37=(G37+H37),"Igual ao Orçado",IF(D37>(G37+H37),"Próximo ao Orçado","Passou do Orçado")))))
K38: =IF(D38=0,"",(D38-G38-H38)) | M38: =IF((G38+H38)=0,"",IF(D38=0,"",IF((G38+H38)<(D38*80%),"Abaixo do Orçado",IF(D38=(G38+H38),"Igual ao Orçado",IF(D38>(G38+H38),"Próximo ao Orçado","Passou do Orçado")))))
B39: Total Grupo 2: | D39: =SUM(D31:D38) -> 0 | G39: =SUM(G31:G38) -> 0 | H39: =SUM(H31:H38) -> 0 | I39: =G39+H39 -> 0 | K39: =IF(D39=0,"",D39-I39)
B41: 3) Saúde | D41: R$ | E41: Percentual despesa total | G41: =IF(I50=0,"",IF(D50=0,"Preencher coluna Orçamento para melhor funcionamento da Planilha.",IF(I50<(D50*80%),"Sinal Verde - Abaixo do Orçado",IF(D50=I50,"Sinal Amarelo - Igual ao Orçado",IF(D50>I50,"Sinal Amarelo - Próximo ao Orçado","Sinal Vermelho - Passou do Orçado"))))) | I41: Percentual despesa total | K41: R$ | M41: Obs. Individual
B42: Dentista | E42: =IF(D50=0,"",D50/D130) | I42: =IF(I50=0,"",I50/I130) | K42: =IF(D42=0,"",(D42-G42-H42)) | M42: =IF((G42+H42)=0,"",IF(D42=0,"",IF((G42+H42)<(D42*80%),"Abaixo do Orçado",IF(D42=(G42+H42),"Igual ao Orçado",IF(D42>(G42+H42),"Próximo ao Orçado","Passou do Orçado")))))
B43: Farmácia - Medicamentos | K43: =IF(D43=0,"",(D43-G43-H43)) | M43: =IF((G43+H43)=0,"",IF(D43=0,"",IF((G43+H43)<(D43*80%),"Abaixo do Orçado",IF(D43=(G43+H43),"Igual ao Orçado",IF(D43>(G43+H43),"Próximo ao Orçado","Passou do Orçado")))))
B44: Plano de Saúde | K44: =IF(D44=0,"",(D44-G44-H44)) | M44: =IF((G44+H44)=0,"",IF(D44=0,"",IF((G44+H44)<(D44*80%),"Abaixo do Orçado",IF(D44=(G44+H44),"Igual ao Orçado",IF(D44>(G44+H44),"Próximo ao Orçado","Passou do Orçado")))))
B45: Outros 1 - | K45: =IF(D45=0,"",(D45-G45-H45)) | M45: =IF((G45+H45)=0,"",IF(D45=0,"",IF((G45+H45)<(D45*80%),"Abaixo do Orçado",IF(D45=(G45+H45),"Igual ao Orçado",IF(D45>(G45+H45),"Próximo ao Orçado","Passou do Orçado")))))
B46: Outros 2 - | K46: =IF(D46=0,"",(D46-G46-H46)) | M46: =IF((G46+H46)=0,"",IF(D46=0,"",IF((G46+H46)<(D46*80%),"Abaixo do Orçado",IF(D46=(G46+H46),"Igual ao Orçado",IF(D46>(G46+H46),"Próximo ao Orçado","Passou do Orçado")))))
K47: =IF(D47=0,"",(D47-G47-H47)) | M47: =IF((G47+H47)=0,"",IF(D47=0,"",IF((G47+H47)<(D47*80%),"Abaixo do Orçado",IF(D47=(G47+H47),"Igual ao Orçado",IF(D47>(G47+H47),"Próximo ao Orçado","Passou do Orçado")))))
K48: =IF(D48=0,"",(D48-G48-H48)) | M48: =IF((G48+H48)=0,"",IF(D48=0,"",IF((G48+H48)<(D48*80%),"Abaixo do Orçado",IF(D48=(G48+H48),"Igual ao Orçado",IF(D48>(G48+H48),"Próximo ao Orçado","Passou do Orçado")))))
K49: =IF(D49=0,"",(D49-G49-H49)) | M49: =IF((G49+H49)=0,"",IF(D49=0,"",IF((G49+H49)<(D49*80%),"Abaixo do Orçado",IF(D49=(G49+H49),"Igual ao Orçado",IF(D49>(G49+H49),"Próximo ao Orçado","Passou do Orçado")))))
B50: Total Grupo 3: | D50: =SUM(D42:D49) -> 0 | G50: =SUM(G42:G49) -> 0 | H50: =SUM(H42:H49) -> 0 | I50: =G50+H50 -> 0 | K50: =IF(D50=0,"",D50-I50)
B52: 4) Educação | D52: R$ | E52: Percentual despesa total | G52: =IF(I62=0,"",IF(D62=0,"Preencher coluna Orçamento para melhor funcionamento da Planilha.",IF(I62<(D62*80%),"Sinal Verde - Abaixo do Orçado",IF(D62=I62,"Sinal Amarelo - Igual ao Orçado",IF(D62>I62,"Sinal Amarelo - Próximo ao Orçado","Sinal Vermelho - Passou do Orçado"))))) | I52: Percentual despesa total | K52: R$ | M52: Obs. Individual
B53: Colégio / Creche | E53: =IF(D62=0,"",D62/D130) | I53: =IF(I62=0,"",I62/I130) | K53: =IF(D53=0,"",(D53-G53-H53)) | M53: =IF((G53+H53)=0,"",IF(D53=0,"",IF((G53+H53)<(D53*80%),"Abaixo do Orçado",IF(D53=(G53+H53),"Igual ao Orçado",IF(D53>(G53+H53),"Próximo ao Orçado","Passou do Orçado")))))
B54: Cursos / Treinamentos | K54: =IF(D54=0,"",(D54-G54-H54)) | M54: =IF((G54+H54)=0,"",IF(D54=0,"",IF((G54+H54)<(D54*80%),"Abaixo do Orçado",IF(D54=(G54+H54),"Igual ao Orçado",IF(D54>(G54+H54),"Próximo ao Orçado","Passou do Orçado")))))
B55: Faculdade | K55: =IF(D55=0,"",(D55-G55-H55)) | M55: =IF((G55+H55)=0,"",IF(D55=0,"",IF((G55+H55)<(D55*80%),"Abaixo do Orçado",IF(D55=(G55+H55),"Igual ao Orçado",IF(D55>(G55+H55),"Próximo ao Orçado","Passou do Orçado")))))
B56: Pós-graduação | K56: =IF(D56=0,"",(D56-G56-H56)) | M56: =IF((G56+H56)=0,"",IF(D56=0,"",IF((G56+H56)<(D56*80%),"Abaixo do Orçado",IF(D56=(G56+H56),"Igual ao Orçado",IF(D56>(G56+H56),"Próximo ao Orçado","Passou do Orçado")))))
B57: Outros 1 - | K57: =IF(D57=0,"",(D57-G57-H57)) | M57: =IF((G57+H57)=0,"",IF(D57=0,"",IF((G57+H57)<(D57*80%),"Abaixo do Orçado",IF(D57=(G57+H57),"Igual ao Orçado",IF(D57>(G57+H57),"Próximo ao Orçado","Passou do Orçado")))))
B58: Outros 2 - | K58: =IF(D58=0,"",(D58-G58-H58)) | M58: =IF((G58+H58)=0,"",IF(D58=0,"",IF((G58+H58)<(D58*80%),"Abaixo do Orçado",IF(D58=(G58+H58),"Igual ao Orçado",IF(D58>(G58+H58),"Próximo ao Orçado","Passou do Orçado")))))
K59: =IF(D59=0,"",(D59-G59-H59)) | M59: =IF((G59+H59)=0,"",IF(D59=0,"",IF((G59+H59)<(D59*80%),"Abaixo do Orçado",IF(D59=(G59+H59),"Igual ao Orçado",IF(D59>(G59+H59),"Próximo ao Orçado","Passou do Orçado")))))
K60: =IF(D60=0,"",(D60-G60-H60)) | M60: =IF((G60+H60)=0,"",IF(D60=0,"",IF((G60+H60)<(D60*80%),"Abaixo do Orçado",IF(D60=(G60+H60),"Igual ao Orçado",IF(D60>(G60+H60),"Próximo ao Orçado","Passou do Orçado")))))
K61: =IF(D61=0,"",(D61-G61-H61)) | M61: =IF((G61+H61)=0,"",IF(D61=0,"",IF((G61+H61)<(D61*80%),"Abaixo do Orçado",IF(D61=(G61+H61),"Igual ao Orçado",IF(D61>(G61+H61),"Próximo ao Orçado","Passou do Orçado")))))
B62: Total Grupo 4: | D62: =SUM(D53:D61) -> 0 | G62: =SUM(G53:G61) -> 0 | H62: =SUM(H53:H61) -> 0 | I62: =G62+H62 -> 0 | K62: =IF(D62=0,"",D62-I62)
B64: 5) Despesas Pessoais | D64: R$ | E64: Percentual despesa total | G64: =IF(I74=0,"",IF(D74=0,"Preencher coluna Orçamento para melhor funcionamento da Planilha.",IF(I74<(D74*80%),"Sinal Verde - Abaixo do Orçado",IF(D74=I74,"Sinal Amarelo - Igual ao Orçado",IF(D74>I74,"Sinal Amarelo - Próximo ao Orçado","Sinal Vermelho - Passou do Orçado"))))) | I64: Percentual despesa total | K64: R$ | M64: Obs. Individual
B65: Academia / Esporte | E65: =IF(D74=0,"",D74/D130) | I65: =IF(I74=0,"",I74/I130) | K65: =IF(D65=0,"",(D65-G65-H65)) | M65: =IF((G65+H65)=0,"",IF(D65=0,"",IF((G65+H65)<(D65*80%),"Abaixo do Orçado",IF(D65=(G65+H65),"Igual ao Orçado",IF(D65>(G65+H65),"Próximo ao Orçado","Passou do Orçado")))))
B66: Salão de Beleza + Produtos | K66: =IF(D66=0,"",(D66-G66-H66)) | M66: =IF((G66+H66)=0,"",IF(D66=0,"",IF((G66+H66)<(D66*80%),"Abaixo do Orçado",IF(D66=(G66+H66),"Igual ao Orçado",IF(D66>(G66+H66),"Próximo ao Orçado","Passou do Orçado")))))
B67: Telefone Celular | K67: =IF(D67=0,"",(D67-G67-H67)) | M67: =IF((G67+H67)=0,"",IF(D67=0,"",IF((G67+H67)<(D67*80%),"Abaixo do Orçado",IF(D67=(G67+H67),"Igual ao Orçado",IF(D67>(G67+H67),"Próximo ao Orçado","Passou do Orçado")))))
B68: Vestuário | K68: =IF(D68=0,"",(D68-G68-H68)) | M68: =IF((G68+H68)=0,"",IF(D68=0,"",IF((G68+H68)<(D68*80%),"Abaixo do Orçado",IF(D68=(G68+H68),"Igual ao Orçado",IF(D68>(G68+H68),"Próximo ao Orçado","Passou do Orçado")))))
B69: Outros 1 - | K69: =IF(D69=0,"",(D69-G69-H69)) | M69: =IF((G69+H69)=0,"",IF(D69=0,"",IF((G69+H69)<(D69*80%),"Abaixo do Orçado",IF(D69=(G69+H69),"Igual ao Orçado",IF(D69>(G69+H69),"Próximo ao Orçado","Passou do Orçado")))))
B70: Outros 2 - | K70: =IF(D70=0,"",(D70-G70-H70)) | M70: =IF((G70+H70)=0,"",IF(D70=0,"",IF((G70+H70)<(D70*80%),"Abaixo do Orçado",IF(D70=(G70+H70),"Igual ao Orçado",IF(D70>(G70+H70),"Próximo ao Orçado","Passou do Orçado")))))
K71: =IF(D71=0,"",(D71-G71-H71)) | M71: =IF((G71+H71)=0,"",IF(D71=0,"",IF((G71+H71)<(D71*80%),"Abaixo do Orçado",IF(D71=(G71+H71),"Igual ao Orçado",IF(D71>(G71+H71),"Próximo ao Orçado","Passou do Orçado")))))
K72: =IF(D72=0,"",(D72-G72-H72)) | M72: =IF((G72+H72)=0,"",IF(D72=0,"",IF((G72+H72)<(D72*80%),"Abaixo do Orçado",IF(D72=(G72+H72),"Igual ao Orçado",IF(D72>(G72+H72),"Próximo ao Orçado","Passou do Orçado")))))
K73: =IF(D73=0,"",(D73-G73-H73)) | M73: =IF((G73+H73)=0,"",IF(D73=0,"",IF((G73+H73)<(D73*80%),"Abaixo do Orçado",IF(D73=(G73+H73),"Igual ao Orçado",IF(D73>(G73+H73),"Próximo ao Orçado","Passou do Orçado")))))
B74: Total Grupo 5: | D74: =SUM(D65:D73) -> 0 | G74: =SUM(G65:G73) -> 0 | H74: =SUM(H65:H73) -> 0 | I74: =G74+H74 -> 0 | K74: =IF(D74=0,"",D74-I74)
B76: 6) Transporte | D76: R$ | E76: Percentual despesa total | G76: =IF(I89=0,"",IF(D89=0,"Preencher coluna Orçamento para melhor funcionamento da Planilha.",IF(I89<(D89*80%),"Sinal Verde - Abaixo do Orçado",IF(D89=I89,"Sinal Amarelo - Igual ao Orçado",IF(D89>I89,"Sinal Amarelo - Próximo ao Orçado","Sinal Vermelho - Passou do Orçado"))))) | I76: Percentual despesa total | K76: R$ | M76: Obs. Individual
B77: Combustível | E77: =IF(D89=0,"",D89/D130) | I77: =IF(I89=0,"",I89/I130) | K77: =IF(D77=0,"",(D77-G77-H77)) | M77: =IF((G77+H77)=0,"",IF(D77=0,"",IF((G77+H77)<(D77*80%),"Abaixo do Orçado",IF(D77=(G77+H77),"Igual ao Orçado",IF(D77>(G77+H77),"Próximo ao Orçado","Passou do Orçado")))))
B78: Estacionamentos | K78: =IF(D78=0,"",(D78-G78-H78)) | M78: =IF((G78+H78)=0,"",IF(D78=0,"",IF((G78+H78)<(D78*80%),"Abaixo do Orçado",IF(D78=(G78+H78),"Igual ao Orçado",IF(D78>(G78+H78),"Próximo ao Orçado","Passou do Orçado")))))
B79: IPVA + Seguro Obrigatório | K79: =IF(D79=0,"",(D79-G79-H79)) | M79: =IF((G79+H79)=0,"",IF(D79=0,"",IF((G79+H79)<(D79*80%),"Abaixo do Orçado",IF(D79=(G79+H79),"Igual ao Orçado",IF(D79>(G79+H79),"Próximo ao Orçado","Passou do Orçado")))))
B80: Lavagens | K80: =IF(D80=0,"",(D80-G80-H80)) | M80: =IF((G80+H80)=0,"",IF(D80=0,"",IF((G80+H80)<(D80*80%),"Abaixo do Orçado",IF(D80=(G80+H80),"Igual ao Orçado",IF(D80>(G80+H80),"Próximo ao Orçado","Passou do Orçado")))))
B81: Mecânico (outros consertos) | K81: =IF(D81=0,"",(D81-G81-H81)) | M81: =IF((G81+H81)=0,"",IF(D81=0,"",IF((G81+H81)<(D81*80%),"Abaixo do Orçado",IF(D81=(G81+H81),"Igual ao Orçado",IF(D81>(G81+H81),"Próximo ao Orçado","Passou do Orçado")))))
B82: Seguro Carro | K82: =IF(D82=0,"",(D82-G82-H82)) | M82: =IF((G82+H82)=0,"",IF(D82=0,"",IF((G82+H82)<(D82*80%),"Abaixo do Orçado",IF(D82=(G82+H82),"Igual ao Orçado",IF(D82>(G82+H82),"Próximo ao Orçado","Passou do Orçado")))))
B83: Taxi / Ônibus | K83: =IF(D83=0,"",(D83-G83-H83)) | M83: =IF((G83+H83)=0,"",IF(D83=0,"",IF((G83+H83)<(D83*80%),"Abaixo do Orçado",IF(D83=(G83+H83),"Igual ao Orçado",IF(D83>(G83+H83),"Próximo ao Orçado","Passou do Orçado")))))
B84: Outros 1 - | K84: =IF(D84=0,"",(D84-G84-H84)) | M84: =IF((G84+H84)=0,"",IF(D84=0,"",IF((G84+H84)<(D84*80%),"Abaixo do Orçado",IF(D84=(G84+H84),"Igual ao Orçado",IF(D84>(G84+H84),"Próximo ao Orçado","Passou do Orçado")))))
B85: Outros 2 - | K85: =IF(D85=0,"",(D85-G85-H85)) | M85: =IF((G85+H85)=0,"",IF(D85=0,"",IF((G85+H85)<(D85*80%),"Abaixo do Orçado",IF(D85=(G85+H85),"Igual ao Orçado",IF(D85>(G85+H85),"Próximo ao Orçado","Passou do Orçado")))))
K86: =IF(D86=0,"",(D86-G86-H86)) | M86: =IF((G86+H86)=0,"",IF(D86=0,"",IF((G86+H86)<(D86*80%),"Abaixo do Orçado",IF(D86=(G86+H86),"Igual ao Orçado",IF(D86>(G86+H86),"Próximo ao Orçado","Passou do Orçado")))))
K87: =IF(D87=0,"",(D87-G87-H87)) | M87: =IF((G87+H87)=0,"",IF(D87=0,"",IF((G87+H87)<(D87*80%),"Abaixo do Orçado",IF(D87=(G87+H87),"Igual ao Orçado",IF(D87>(G87+H87),"Próximo ao Orçado","Passou do Orçado")))))
K88: =IF(D88=0,"",(D88-G88-H88)) | M88: =IF((G88+H88)=0,"",IF(D88=0,"",IF((G88+H88)<(D88*80%),"Abaixo do Orçado",IF(D88=(G88+H88),"Igual ao Orçado",IF(D88>(G88+H88),"Próximo ao Orçado","Passou do Orçado")))))
B89: Total Grupo 6: | D89: =SUM(D77:D88) -> 0 | G89: =SUM(G77:G88) -> 0 | H89: =SUM(H77:H88) -> 0 | I89: =G89+H89 -> 0 | K89: =IF(D89=0,"",D89-I89)
B91: 7) Lazer | D91: R$ | E91: Percentual despesa total | G91: =IF(I100=0,"",IF(D100=0,"Preencher coluna Orçamento para melhor funcionamento da Planilha.",IF(I100<(D100*80%),"Sinal Verde - Abaixo do Orçado",IF(D100=I100,"Sinal Amarelo - Igual ao Orçado",IF(D100>I100,"Sinal Amarelo - Próximo ao Orçado","Sinal Vermelho - Passou do Orçado"))))) | I91: Percentual despesa total | K91: R$ | M91: Obs. Individual
B92: Festas | E92: =IF(D100=0,"",D100/D130) | I92: =IF(I100=0,"",I100/I130) | K92: =IF(D92=0,"",(D92-G92-H92)) | M92: =IF((G92+H92)=0,"",IF(D92=0,"",IF((G92+H92)<(D92*80%),"Abaixo do Orçado",IF(D92=(G92+H92),"Igual ao Orçado",IF(D92>(G92+H92),"Próximo ao Orçado","Passou do Orçado")))))
B93: Restaurantes / Bares | K93: =IF(D93=0,"",(D93-G93-H93)) | M93: =IF((G93+H93)=0,"",IF(D93=0,"",IF((G93+H93)<(D93*80%),"Abaixo do Orçado",IF(D93=(G93+H93),"Igual ao Orçado",IF(D93>(G93+H93),"Próximo ao Orçado","Passou do Orçado")))))
B94: Viagens (Hospedagem, passagem, etc) | K94: =IF(D94=0,"",(D94-G94-H94)) | M94: =IF((G94+H94)=0,"",IF(D94=0,"",IF((G94+H94)<(D94*80%),"Abaixo do Orçado",IF(D94=(G94+H94),"Igual ao Orçado",IF(D94>(G94+H94),"Próximo ao Orçado","Passou do Orçado")))))
B95: Outros 1 - | K95: =IF(D95=0,"",(D95-G95-H95)) | M95: =IF((G95+H95)=0,"",IF(D95=0,"",IF((G95+H95)<(D95*80%),"Abaixo do Orçado",IF(D95=(G95+H95),"Igual ao Orçado",IF(D95>(G95+H95),"Próximo ao Orçado","Passou do Orçado")))))
B96: Outros 2 - | K96: =IF(D96=0,"",(D96-G96-H96)) | M96: =IF((G96+H96)=0,"",IF(D96=0,"",IF((G96+H96)<(D96*80%),"Abaixo do Orçado",IF(D96=(G96+H96),"Igual ao Orçado",IF(D96>(G96+H96),"Próximo ao Orçado","Passou do Orçado")))))
K97: =IF(D97=0,"",(D97-G97-H97)) | M97: =IF((G97+H97)=0,"",IF(D97=0,"",IF((G97+H97)<(D97*80%),"Abaixo do Orçado",IF(D97=(G97+H97),"Igual ao Orçado",IF(D97>(G97+H97),"Próximo ao Orçado","Passou do Orçado")))))
K98: =IF(D98=0,"",(D98-G98-H98)) | M98: =IF((G98+H98)=0,"",IF(D98=0,"",IF((G98+H98)<(D98*80%),"Abaixo do Orçado",IF(D98=(G98+H98),"Igual ao Orçado",IF(D98>(G98+H98),"Próximo ao Orçado","Passou do Orçado")))))
K99: =IF(D99=0,"",(D99-G99-H99)) | M99: =IF((G99+H99)=0,"",IF(D99=0,"",IF((G99+H99)<(D99*80%),"Abaixo do Orçado",IF(D99=(G99+H99),"Igual ao Orçado",IF(D99>(G99+H99),"Próximo ao Orçado","Passou do Orçado")))))
B100: Total Grupo 7: | D100: =SUM(D92:D99) -> 0 | G100: =SUM(G92:G99) -> 0 | H100: =SUM(H92:H99) -> 0 | I100: =G100+H100 -> 0 | K100: =IF(D100=0,"",D100-I100)
B102: 8) Outras Despesas / Variáveis | D102: R$ | E102: Percentual despesa total | G102: =IF(I114=0,"",IF(D114=0,"Preencher coluna Orçamento para melhor funcionamento da Planilha.",IF(I114<(D114*80%),"Sinal Verde - Abaixo do Orçado",IF(D114=I114,"Sinal Amarelo - Igual ao Orçado",IF(D114>I114,"Sinal Amarelo - Próximo ao Orçado","Sinal Vermelho - Passou do Orçado"))))) | I102: Percentual despesa total | K102: R$ | M102: Obs. Individual
B103: Presentes | E103: =IF(D114=0,"",D114/D130) | I103: =IF(I114=0,"",I114/I130) | K103: =IF(D103=0,"",(D103-G103-H103)) | M103: =IF((G103+H103)=0,"",IF(D103=0,"",IF((G103+H103)<(D103*80%),"Abaixo do Orçado",IF(D103=(G103+H103),"Igual ao Orçado",IF(D103>(G103+H103),"Próximo ao Orçado","Passou do Orçado")))))
K104: =IF(D104=0,"",(D104-G104-H104)) | M104: =IF((G104+H104)=0,"",IF(D104=0,"",IF((G104+H104)<(D104*80%),"Abaixo do Orçado",IF(D104=(G104+H104),"Igual ao Orçado",IF(D104>(G104+H104),"Próximo ao Orçado","Passou do Orçado")))))
K105: =IF(D105=0,"",(D105-G105-H105)) | M105: =IF((G105+H105)=0,"",IF(D105=0,"",IF((G105+H105)<(D105*80%),"Abaixo do Orçado",IF(D105=(G105+H105),"Igual ao Orçado",IF(D105>(G105+H105),"Próximo ao Orçado","Passou do Orçado")))))
K106: =IF(D106=0,"",(D106-G106-H106)) | M106: =IF((G106+H106)=0,"",IF(D106=0,"",IF((G106+H106)<(D106*80%),"Abaixo do Orçado",IF(D106=(G106+H106),"Igual ao Orçado",IF(D106>(G106+H106),"Próximo ao Orçado","Passou do Orçado")))))
K107: =IF(D107=0,"",(D107-G107-H107)) | M107: =IF((G107+H107)=0,"",IF(D107=0,"",IF((G107+H107)<(D107*80%),"Abaixo do Orçado",IF(D107=(G107+H107),"Igual ao Orçado",IF(D107>(G107+H107),"Próximo ao Orçado","Passou do Orçado")))))
K108: =IF(D108=0,"",(D108-G108-H108)) | M108: =IF((G108+H108)=0,"",IF(D108=0,"",IF((G108+H108)<(D108*80%),"Abaixo do Orçado",IF(D108=(G108+H108),"Igual ao Orçado",IF(D108>(G108+H108),"Próximo ao Orçado","Passou do Orçado")))))
K109: =IF(D109=0,"",(D109-G109-H109)) | M109: =IF((G109+H109)=0,"",IF(D109=0,"",IF((G109+H109)<(D109*80%),"Abaixo do Orçado",IF(D109=(G109+H109),"Igual ao Orçado",IF(D109>(G109+H109),"Próximo ao Orçado","Passou do Orçado")))))
...

Sheet Set
B2: Controle - Setembro 2026 Receitas x Despesas | D2: Orçamento | G2: Realizado | K2: Diferença | M2: Observações
B4: Discriminação dos itens | D4: Casal | E4: Total | G4: ='Página Inicial'!C6 -> Nome Esposa | H4: ='Página Inicial'!F6 -> Nome Esposo | I4: Total | K4: Casal | M4: Obs. Individual
B5: Receitas 1 | K5: =IF(D5=0,"",(D5-G5-H5)) | M5: =IF((G5+H5)=0,"",IF(D5=0,"",IF((G5+H5)<(D5*80%),"Abaixo do Orçado",IF(D5=(G5+H5),"Igual ao Orçado",IF(D5>(G5+H5),"Próximo ao Orçado","Passou do Orçado")))))
B6: Receitas 2 | K6: =IF(D6=0,"",(D6-G6-H6)) | M6: =IF((G6+H6)=0,"",IF(D6=0,"",IF((G6+H6)<(D6*80%),"Abaixo do Orçado",IF(D6=(G6+H6),"Igual ao Orçado",IF(D6>(G6+H6),"Próximo ao Orçado","Passou do Orçado")))))
B7: Receitas 3 | K7: =IF(D7=0,"",(D7-G7-H7)) | M7: =IF((G7+H7)=0,"",IF(D7=0,"",IF((G7+H7)<(D7*80%),"Abaixo do Orçado",IF(D7=(G7+H7),"Igual ao Orçado",IF(D7>(G7+H7),"Próximo ao Orçado","Passou do Orçado")))))
K8: =IF(D8=0,"",(D8-G8-H8)) | M8: =IF((G8+H8)=0,"",IF(D8=0,"",IF((G8+H8)<(D8*80%),"Abaixo do Orçado",IF(D8=(G8+H8),"Igual ao Orçado",IF(D8>(G8+H8),"Próximo ao Orçado","Passou do Orçado")))))
K9: =IF(D9=0,"",(D9-G9-H9)) | M9: =IF((G9+H9)=0,"",IF(D9=0,"",IF((G9+H9)<(D9*80%),"Abaixo do Orçado",IF(D9=(G9+H9),"Igual ao Orçado",IF(D9>(G9+H9),"Próximo ao Orçado","Passou do Orçado")))))
B10: ( - ) Impostos retidos / pagos | K10: =IF(D10=0,"",(D10-G10-H10)) | M10: =IF((G10+H10)=0,"",IF(D10=0,"",IF((G10+H10)<(D10*80%),"Abaixo do Orçado",IF(D10=(G10+H10),"Igual ao Orçado",IF(D10>(G10+H10),"Próximo ao Orçado","Passou do Orçado")))))
B11: Total Salários: | D11: =D5+D6+D7+D8+D9-D10 -> 0 | G11: =G5+G6+G7+G8+G9-G10 -> 0 | H11: =H5+H6+H7+H8+H9-H10 -> 0 | I11: =G11+H11 -> 0 | K11: =IF(D11=0,"",D11-I11)
B12: Despesas por Grupo
B13: 1) Habitação | D13: R$ | E13: Percentual despesa total | G13: =IF(I28=0,"",IF(D28=0,"Preencher coluna Orçamento para melhor funcionamento da Planilha.",IF(I28<(D28*80%),"Sinal Verde - Abaixo do Orçado",IF(D28=I28,"Sinal Amarelo - Igual ao Orçado",IF(D28>I28,"Sinal Amarelo - Próximo ao Orçado","Sinal Vermelho - Passou do Orçado"))))) | I13: Percentual despesa total | K13: R$ | M13: Obs. Individual
B14: Água e Esgoto | E14: =IF(D28=0,"",D28/D130) | I14: =IF(I28=0,"",I28/I130) | K14: =IF(D14=0,"",(D14-G14-H14)) | M14: =IF((G14+H14)=0,"",IF(D14=0,"",IF((G14+H14)<(D14*80%),"Abaixo do Orçado",IF(D14=(G14+H14),"Igual ao Orçado",IF(D14>(G14+H14),"Próximo ao Orçado","Passou do Orçado")))))
B15: Condomínio | K15: =IF(D15=0,"",(D15-G15-H15)) | M15: =IF((G15+H15)=0,"",IF(D15=0,"",IF((G15+H15)<(D15*80%),"Abaixo do Orçado",IF(D15=(G15+H15),"Igual ao Orçado",IF(D15>(G15+H15),"Próximo ao Orçado","Passou do Orçado")))))
B16: Diarista / Empregada | K16: =IF(D16=0,"",(D16-G16-H16)) | M16: =IF((G16+H16)=0,"",IF(D16=0,"",IF((G16+H16)<(D16*80%),"Abaixo do Orçado",IF(D16=(G16+H16),"Igual ao Orçado",IF(D16>(G16+H16),"Próximo ao Orçado","Passou do Orçado")))))
B17: Energia Elétrica | K17: =IF(D17=0,"",(D17-G17-H17)) | M17: =IF((G17+H17)=0,"",IF(D17=0,"",IF((G17+H17)<(D17*80%),"Abaixo do Orçado",IF(D17=(G17+H17),"Igual ao Orçado",IF(D17>(G17+H17),"Próximo ao Orçado","Passou do Orçado")))))
B18: IPTU / Outras taxas | K18: =IF(D18=0,"",(D18-G18-H18)) | M18: =IF((G18+H18)=0,"",IF(D18=0,"",IF((G18+H18)<(D18*80%),"Abaixo do Orçado",IF(D18=(G18+H18),"Igual ao Orçado",IF(D18>(G18+H18),"Próximo ao Orçado","Passou do Orçado")))))
B19: Lavagem de Roupas | K19: =IF(D19=0,"",(D19-G19-H19)) | M19: =IF((G19+H19)=0,"",IF(D19=0,"",IF((G19+H19)<(D19*80%),"Abaixo do Orçado",IF(D19=(G19+H19),"Igual ao Orçado",IF(D19>(G19+H19),"Próximo ao Orçado","Passou do Orçado")))))
B20: Manutenção Geral | K20: =IF(D20=0,"",(D20-G20-H20)) | M20: =IF((G20+H20)=0,"",IF(D20=0,"",IF((G20+H20)<(D20*80%),"Abaixo do Orçado",IF(D20=(G20+H20),"Igual ao Orçado",IF(D20>(G20+H20),"Próximo ao Orçado","Passou do Orçado")))))
B21: Prestação Apartamento / Aluguel | K21: =IF(D21=0,"",(D21-G21-H21)) | M21: =IF((G21+H21)=0,"",IF(D21=0,"",IF((G21+H21)<(D21*80%),"Abaixo do Orçado",IF(D21=(G21+H21),"Igual ao Orçado",IF(D21>(G21+H21),"Próximo ao Orçado","Passou do Orçado")))))
B22: Telefone Fixo / Internet | K22: =IF(D22=0,"",(D22-G22-H22)) | M22: =IF((G22+H22)=0,"",IF(D22=0,"",IF((G22+H22)<(D22*80%),"Abaixo do Orçado",IF(D22=(G22+H22),"Igual ao Orçado",IF(D22>(G22+H22),"Próximo ao Orçado","Passou do Orçado")))))
B23: Outros 1 - | K23: =IF(D23=0,"",(D23-G23-H23)) | M23: =IF((G23+H23)=0,"",IF(D23=0,"",IF((G23+H23)<(D23*80%),"Abaixo do Orçado",IF(D23=(G23+H23),"Igual ao Orçado",IF(D23>(G23+H23),"Próximo ao Orçado","Passou do Orçado")))))
B24: Outros 2 - | K24: =IF(D24=0,"",(D24-G24-H24)) | M24: =IF((G24+H24)=0,"",IF(D24=0,"",IF((G24+H24)<(D24*80%),"Abaixo do Orçado",IF(D24=(G24+H24),"Igual ao Orçado",IF(D24>(G24+H24),"Próximo ao Orçado","Passou do Orçado")))))
K25: =IF(D25=0,"",(D25-G25-H25)) | M25: =IF((G25+H25)=0,"",IF(D25=0,"",IF((G25+H25)<(D25*80%),"Abaixo do Orçado",IF(D25=(G25+H25),"Igual ao Orçado",IF(D25>(G25+H25),"Próximo ao Orçado","Passou do Orçado")))))
K26: =IF(D26=0,"",(D26-G26-H26)) | M26: =IF((G26+H26)=0,"",IF(D26=0,"",IF((G26+H26)<(D26*80%),"Abaixo do Orçado",IF(D26=(G26+H26),"Igual ao Orçado",IF(D26>(G26+H26),"Próximo ao Orçado","Passou do Orçado")))))
K27: =IF(D27=0,"",(D27-G27-H27)) | M27: =IF((G27+H27)=0,"",IF(D27=0,"",IF((G27+H27)<(D27*80%),"Abaixo do Orçado",IF(D27=(G27+H27),"Igual ao Orçado",IF(D27>(G27+H27),"Próximo ao Orçado","Passou do Orçado")))))
B28: Total Grupo 1: | D28: =SUM(D14:D27) -> 0 | G28: =SUM(G14:G27) -> 0 | H28: =SUM(H14:H27) -> 0 | I28: =G28+H28 -> 0 | K28: =IF(D28=0,"",D28-I28)
B30: 2) Alimentação | D30: R$ | E30: Percentual despesa total | G30: =IF(I39=0,"",IF(D39=0,"Preencher coluna Orçamento para melhor funcionamento da Planilha.",IF(I39<(D39*80%),"Sinal Verde - Abaixo do Orçado",IF(D39=I39,"Sinal Amarelo - Igual ao Orçado",IF(D39>I39,"Sinal Amarelo - Próximo ao Orçado","Sinal Vermelho - Passou do Orçado"))))) | I30: Percentual despesa total | K30: R$ | M30: Obs. Individual
B31: Refeições diárias (Almoço / Jantar, Etc) | E31: =IF(D39=0,"",D39/D130) | I31: =IF(I39=0,"",I39/I130) | K31: =IF(D31=0,"",(D31-G31-H31)) | M31: =IF((G31+H31)=0,"",IF(D31=0,"",IF((G31+H31)<(D31*80%),"Abaixo do Orçado",IF(D31=(G31+H31),"Igual ao Orçado",IF(D31>(G31+H31),"Próximo ao Orçado","Passou do Orçado")))))
B32: Supermercado - Mensal | K32: =IF(D32=0,"",(D32-G32-H32)) | M32: =IF((G32+H32)=0,"",IF(D32=0,"",IF((G32+H32)<(D32*80%),"Abaixo do Orçado",IF(D32=(G32+H32),"Igual ao Orçado",IF(D32>(G32+H32),"Próximo ao Orçado","Passou do Orçado")))))
B33: Supermercado / Padaria - Dia a dia | K33: =IF(D33=0,"",(D33-G33-H33)) | M33: =IF((G33+H33)=0,"",IF(D33=0,"",IF((G33+H33)<(D33*80%),"Abaixo do Orçado",IF(D33=(G33+H33),"Igual ao Orçado",IF(D33>(G33+H33),"Próximo ao Orçado","Passou do Orçado")))))
B34: Outros 1 - | K34: =IF(D34=0,"",(D34-G34-H34)) | M34: =IF((G34+H34)=0,"",IF(D34=0,"",IF((G34+H34)<(D34*80%),"Abaixo do Orçado",IF(D34=(G34+H34),"Igual ao Orçado",IF(D34>(G34+H34),"Próximo ao Orçado","Passou do Orçado")))))
B35: Outros 2 - | K35: =IF(D35=0,"",(D35-G35-H35)) | M35: =IF((G35+H35)=0,"",IF(D35=0,"",IF((G35+H35)<(D35*80%),"Abaixo do Orçado",IF(D35=(G35+H35),"Igual ao Orçado",IF(D35>(G35+H35),"Próximo ao Orçado","Passou do Orçado")))))
K36: =IF(D36=0,"",(D36-G36-H36)) | M36: =IF((G36+H36)=0,"",IF(D36=0,"",IF((G36+H36)<(D36*80%),"Abaixo do Orçado",IF(D36=(G36+H36),"Igual ao Orçado",IF(D36>(G36+H36),"Próximo ao Orçado","Passou do Orçado")))))
K37: =IF(D37=0,"",(D37-G37-H37)) | M37: =IF((G37+H37)=0,"",IF(D37=0,"",IF((G37+H37)<(D37*80%),"Abaixo do Orçado",IF(D37=(G37+H37),"Igual ao Orçado",IF(D37>(G37+H37),"Próximo ao Orçado","Passou do Orçado")))))
K38: =IF(D38=0,"",(D38-G38-H38)) | M38: =IF((G38+H38)=0,"",IF(D38=0,"",IF((G38+H38)<(D38*80%),"Abaixo do Orçado",IF(D38=(G38+H38),"Igual ao Orçado",IF(D38>(G38+H38),"Próximo ao Orçado","Passou do Orçado")))))
B39: Total Grupo 2: | D39: =SUM(D31:D38) -> 0 | G39: =SUM(G31:G38) -> 0 | H39: =SUM(H31:H38) -> 0 | I39: =G39+H39 -> 0 | K39: =IF(D39=0,"",D39-I39)
B41: 3) Saúde | D41: R$ | E41: Percentual despesa total | G41: =IF(I50=0,"",IF(D50=0,"Preencher coluna Orçamento para melhor funcionamento da Planilha.",IF(I50<(D50*80%),"Sinal Verde - Abaixo do Orçado",IF(D50=I50,"Sinal Amarelo - Igual ao Orçado",IF(D50>I50,"Sinal Amarelo - Próximo ao Orçado","Sinal Vermelho - Passou do Orçado"))))) | I41: Percentual despesa total | K41: R$ | M41: Obs. Individual
B42: Dentista | E42: =IF(D50=0,"",D50/D130) | I42: =IF(I50=0,"",I50/I130) | K42: =IF(D42=0,"",(D42-G42-H42)) | M42: =IF((G42+H42)=0,"",IF(D42=0,"",IF((G42+H42)<(D42*80%),"Abaixo do Orçado",IF(D42=(G42+H42),"Igual ao Orçado",IF(D42>(G42+H42),"Próximo ao Orçado","Passou do Orçado")))))
B43: Farmácia - Medicamentos | K43: =IF(D43=0,"",(D43-G43-H43)) | M43: =IF((G43+H43)=0,"",IF(D43=0,"",IF((G43+H43)<(D43*80%),"Abaixo do Orçado",IF(D43=(G43+H43),"Igual ao Orçado",IF(D43>(G43+H43),"Próximo ao Orçado","Passou do Orçado")))))
B44: Plano de Saúde | K44: =IF(D44=0,"",(D44-G44-H44)) | M44: =IF((G44+H44)=0,"",IF(D44=0,"",IF((G44+H44)<(D44*80%),"Abaixo do Orçado",IF(D44=(G44+H44),"Igual ao Orçado",IF(D44>(G44+H44),"Próximo ao Orçado","Passou do Orçado")))))
B45: Outros 1 - | K45: =IF(D45=0,"",(D45-G45-H45)) | M45: =IF((G45+H45)=0,"",IF(D45=0,"",IF((G45+H45)<(D45*80%),"Abaixo do Orçado",IF(D45=(G45+H45),"Igual ao Orçado",IF(D45>(G45+H45),"Próximo ao Orçado","Passou do Orçado")))))
B46: Outros 2 - | K46: =IF(D46=0,"",(D46-G46-H46)) | M46: =IF((G46+H46)=0,"",IF(D46=0,"",IF((G46+H46)<(D46*80%),"Abaixo do Orçado",IF(D46=(G46+H46),"Igual ao Orçado",IF(D46>(G46+H46),"Próximo ao Orçado","Passou do Orçado")))))
K47: =IF(D47=0,"",(D47-G47-H47)) | M47: =IF((G47+H47)=0,"",IF(D47=0,"",IF((G47+H47)<(D47*80%),"Abaixo do Orçado",IF(D47=(G47+H47),"Igual ao Orçado",IF(D47>(G47+H47),"Próximo ao Orçado","Passou do Orçado")))))
K48: =IF(D48=0,"",(D48-G48-H48)) | M48: =IF((G48+H48)=0,"",IF(D48=0,"",IF((G48+H48)<(D48*80%),"Abaixo do Orçado",IF(D48=(G48+H48),"Igual ao Orçado",IF(D48>(G48+H48),"Próximo ao Orçado","Passou do Orçado")))))
K49: =IF(D49=0,"",(D49-G49-H49)) | M49: =IF((G49+H49)=0,"",IF(D49=0,"",IF((G49+H49)<(D49*80%),"Abaixo do Orçado",IF(D49=(G49+H49),"Igual ao Orçado",IF(D49>(G49+H49),"Próximo ao Orçado","Passou do Orçado")))))
B50: Total Grupo 3: | D50: =SUM(D42:D49) -> 0 | G50: =SUM(G42:G49) -> 0 | H50: =SUM(H42:H49) -> 0 | I50: =G50+H50 -> 0 | K50: =IF(D50=0,"",D50-I50)
B52: 4) Educação | D52: R$ | E52: Percentual despesa total | G52: =IF(I62=0,"",IF(D62=0,"Preencher coluna Orçamento para melhor funcionamento da Planilha.",IF(I62<(D62*80%),"Sinal Verde - Abaixo do Orçado",IF(D62=I62,"Sinal Amarelo - Igual ao Orçado",IF(D62>I62,"Sinal Amarelo - Próximo ao Orçado","Sinal Vermelho - Passou do Orçado"))))) | I52: Percentual despesa total | K52: R$ | M52: Obs. Individual
